Workbook

Sheet 平台消耗统计
A1: Week | B1: Date | C1: Adpingid | D1: 包名 | E1: 地区 | F1: 平台 | G1: 平台转化数量 | H1: CPI平台成本 | I1: 花费 | J1: 信用消耗金额
A2: =WEEKNUM(B2,2) -> 39 | B2: 46292 | C2: 10813123 | D2: com.amazon.mShop.android.shopping | E2: BR | F2: Bigo | G2: 15 | H2: 0.4439 | I2: 6.5081
A3: =WEEKNUM(B3,2) -> 39 | B3: 46292 | C3: 1745925 | D3: tech.jm | E3: RU | F3: MTG | G3: 501 | H3: 0.15 | I3: 75.15
A4: =WEEKNUM(B4,2) -> 39 | B4: 46292 | C4: 6951600 | D4: com.king.candycrushsodasaga | E4: TH | F4: MTG | G4: 100 | H4: 0.177 | I4: 17.714
A5: =WEEKNUM(B5,2) -> 39 | B5: 46292 | C5: 6951594 | D5: com.king.candycrushsodasaga | E5: DE | F5: MTG | G5: 236 | H5: 0.704 | I5: 166.25
A6: =WEEKNUM(B6,2) -> 39 | B6: 46292 | C6: 2732727 | D6: com.amazon.mShop.android.shopping | E6: SA | F6: MTG | G6: 573 | H6: 0.25 | I6: 143
A7: =WEEKNUM(B7,2) -> 39 | B7: 46292 | C7: 5619156 | D7: com.amazon.mShop.android.shopping | E7: SA | F7: Bigo | G7: 14 | H7: 0.4446 | I7: 6.2248
A8: =WEEKNUM(B8,2) -> 39 | B8: 46292 | C8: 6425889 | D8: com.amazon.mShop.android.shopping | E8: ZA | F8: MTG | G8: 223 | H8: 0.25 | I8: 55.725
A9: =WEEKNUM(B9,2) -> 39 | B9: 46292 | C9: 6439005 | D9: com.amazon.mShop.android.shopping | E9: ZA | F9: Eagllwin | G9: 78 | H9: 0.2994 | I9: 23.35
A10: =WEEKNUM(B10,2) -> 39 | B10: 46292 | C10: 7203110 | D10: com.fxpro.direct.application | E10: SY | F10: MTG | G10: 5 | H10: 0.2 | I10: 1
A11: =WEEKNUM(B11,2) -> 39 | B11: 46292 | C11: 7202934 | D11: com.fxpro.direct.application | E11: PK | F11: MTG | G11: 72 | H11: 0.35 | I11: 25.2
A12: =WEEKNUM(B12,2) -> 39 | B12: 46292 | C12: 5847496 | D12: com.amazon.mShop.android.shopping | E12: AE | F12: Bigo | G12: 6 | H12: 0.584 | I12: 3.5067
A13: =WEEKNUM(B13,2) -> 39 | B13: 46292 | C13: 7572369 | D13: com.amazon.mShop.android.shopping | E13: AE | F13: MTG | G13: 220 | H13: 0.306 | I13: 67.32
... A21: =WEEKNUM(B21,2) -> 39 | B21: 46292 | C21: 10501490 | D21: tech.jm | E21: RU | F21: MTG | G21: 7 | H21: 0.13 | I21: 0.91
A22: =WEEKNUM(B22,2) -> 39 | B22: 46292 | C22: 10912510 | D22: com.amazon.mShop.android.shopping | E22: BR | F22: Kwai | G22: 46 | H22: 0.55 | I22: 25.1 | J22: 25.101
A23: =WEEKNUM(B23,2) -> 39 | B23: 46292 | C23: 11080098 | D23: com.fxpro.direct.application | E23: PK | F23: MTG | G23: 2 | H23: 0.6 | I23: 1.2
A24: =WEEKNUM(B24,2) -> 39 | B24: 46292 | C24: 11715627 | D24: com.esprit.rpg.cntrctfft | E24: RU | F24: MTG | G24: 0 | H24: 0 | I24: 0
A25: =WEEKNUM(B25,2) -> 39 | B25: 46292 | C25: 11715655 | D25: com.king.candycrushsodasaga | E25: BR | F25: MTG | G25: 0 | H25: 0 | I25: 0
A26: =WEEKNUM(B26,2) -> 39 | B26: 46292 | C26: 11715811 | D26: com.king.candycrushsodasaga | E26: TH | F26: MTG | G26: 0 | H26: 0 | I26: 0
A27: =WEEKNUM(B27,2) -> 39 | B27: 46292 | C27: 11729927 | D27: com.amazon.mShop.android.shopping | E27: ZA | F27: MTG | G27: 0 | H27: 0 | I27: 0
A28: =WEEKNUM(B28,2) -> 39 | B28: 46292 | C28: 11729820 | D28: com.amazon.mShop.android.shopping | E28: AE | F28: MTG | G28: 1 | H28: 0.3 | I28: 0.3
A29: =WEEKNUM(B29,2) -> 39 | B29: 46292 | C29: 11729830 | D29: com.amazon.mShop.android.shopping | E29: BR | F29: Bigo | G29: 0 | H29: 0 | I29: 0.0006
A30: =WEEKNUM(B30,2) -> 39 | B30: 46292 | C30: 11892329 | D30: com.amazon.mShop.android.shopping | E30: BR | F30: MTG | G30: 3270 | H30: 0.23 | I30: 751.99
A31: =WEEKNUM(B31,2) -> 39 | B31: 46292 | C31: 91560708 | D31: com.king.candycrushsaga | E31: FR | F31: MTG | G31: 274 | H31: 0.091 | I31: 24.947
A32: =WEEKNUM(B32,2) -> 39 | B32: 46292 | C32: 91560709 | D32: com.king.candycrushsaga | E32: VN | F32: MTG | G32: 500 | H32: 0.06 | I32: 30
A33: =WEEKNUM(B33,2) -> 39 | B33: 46292 | C33: 12064281 | D33: com.king.candycrushsodasaga | E33: DE | F33: MTG | G33: 0 | H33: 0 | I33: 0
A34: =WEEKNUM(B34,2) -> 39 | B34: 46292 | C34: 11987622 | D34: com.amazon.mShop.android.shopping | E34: BR | F34: Kwai | G34: 1 | H34: 0.67 | I34: 0.67 | J34: 0.675
A35: =WEEKNUM(B35,2) -> 39 | B35: 46292 | C35: 91567811 | D35: ru.banki.banki | E35: RU | F35: MTG | G35: 12 | H35: 1 | I35: 1.2
A36: =WEEKNUM(B36,2) -> 39 | B36: 46292 | C36: 91548044 | D36: ru.banki.banki | E36: RU | F36: Bigo | G36: 2 | H36: 10.026 | I36: 20.0511
A37: =WEEKNUM(B37,2) -> 39 | B37: 46292 | C37: 6061077 | D37: ru.aliexpress.buyer | E37: RU | F37: MTG | G37: 2 | H37: 1.019 | I37: 2.038
A38: =WEEKNUM(B38,2) -> 39 | B38: 46292 | C38: 6607117 | D38: ru.aliexpress.buyer | E38: RU | F38: MTG | G38: 133 | H38: 0.852 | I38: 113.32
A39: =WEEKNUM(B39,2) -> 39 | B39: 46292 | C39: 5497580 | D39: com.king.candycrushsaga | E39: TH | F39: MTG | G39: 1652 | H39: 0.251 | I39: 414.898
A40: =WEEKNUM(B40,2) -> 39 | B40: 46292 | C40: 91407542 | D40: com.king.candycrushsaga | E40: ID | F40: MTG | G40: 22 | H40: 0.02 | I40: 0.44
A41: =WEEKNUM(B41,2) -> 39 | B41: 46292 | C41: 8998645 | D41: com.king.candycrushsaga | E41: TH | F41: MTG | G41: 12 | H41: 0.364 | I41: 4.367
A42: =WEEKNUM(B42,2) -> 39 | B42: 46292 | C42: 4383473 | D42: ru.aliexpress.buyer | E42: RU | F42: MTG | G42: 150 | H42: 0.199 | I42: 29.916
A43: =WEEKNUM(B43,2) -> 39 | B43: 46292 | C43: 8094753 | D43: ru.aliexpress.buyer | E43: RU | F43: Mediago | G43: 303 | H43: 0.24 | I43: 73.92
A44: =WEEKNUM(B44,2) -> 39 | B44: 46292 | C44: 9415350 | D44: com.notissimus.allinstruments.android | E44: RU | F44: Mediago | G44: 38 | H44: 0.25 | I44: 9.43
A45: =WEEKNUM(B45,2) -> 39 | B45: 46292 | C45: 2783561 | D45: com.uma.musicvk | E45: RU | F45: MTG | G45: 435 | H45: 0.102 | I45: 44.315
A46: =WEEKNUM(B46,2) -> 39 | B46: 46292 | C46: 10599157 | D46: com.edadeal.android | E46: RU | F46: MTG | G46: 95 | H46: 0.313 | I46: 29.75
... A64: =WEEKNUM(B64,2) -> 39 | B64: 46292 | C64: 91399821 | D64: ru.kinopoisk | E64: RU | F64: Mediago | G64: 472 | H64: 0.13 | I64: 61.49
A65: =WEEKNUM(B65,2) -> 39 | B65: 46292 | C65: 8670368 | D65: com.king.candycrushsodasaga | E65: BR | F65: Kwai | G65: 23 | H65: 0.24 | I65: 5.51 | J65: 0
A66: =WEEKNUM(B66,2) -> 39 | B66: 46292 | C66: 10514860 | D66: com.esprit.rpg.lttlefirykng | E66: RU | F66: MTG | G66: 86 | H66: 0.699 | I66: 60.1
A67: =WEEKNUM(B67,2) -> 39 | B67: 46292 | C67: 91532857 | D67: com.reefgames.fabletown | E67: RU | F67: Bigo | G67: 63 | H67: 0.158 | I67: 9.9548
A68: =WEEKNUM(B68,2) -> 39 | B68: 46292 | C68: 91534913 | D68: com.qookkagames.xczyw.gp.hk | E68: HK | F68: MTG | G68: 0 | H68: 0 | I68: 0
A69: =WEEKNUM(B69,2) -> 39 | B69: 46292 | C69: 91533906 | D69: com.sialiagames.xczyw.gp.tw | E69: TW | F69: MTG | G69: 0 | H69: 0 | I69: 0
A70: =WEEKNUM(B70,2) -> 39 | B70: 46292 | C70: 91545519 | D70: com.vuclip.viu | E70: MY | F70: MTG | G70: 75 | H70: 0.2 | I70: 14.97
A71: =WEEKNUM(B71,2) -> 39 | B71: 46292 | C71: 91551388 | D71: com.netease.newspike | E71: US | F71: Bigo | G71: 19 | H71: 0.924 | I71: 17.564
A72: =WEEKNUM(B72,2) -> 39 | B72: 46292 | C72: 91565948 | D72: com.reefgames.fabletown | E72: RU | F72: Bigo | G72: 14 | H72: 0.248 | I72: 3.4742
A73: =WEEKNUM(B73,2) -> 39 | B73: 46292 | C73: 91550293 | D73: net.peakgames.Yuzbir | E73: TR | F73: MTG | G73: 31 | H73: 0.35 | I73: 10.85
A74: =WEEKNUM(B74,2) -> 39 | B74: 46292 | C74: 9333145 | D74: com.gloriajeans.mobile | E74: RU | F74: Mediago | G74: 44 | H74: 0.18 | I74: 7.71
A75: =WEEKNUM(B75,2) -> 39 | B75: 46292 | C75: 91557347 | D75: robot.zaimer.ru | E75: RU | F75: MTG | G75: 0 | H75: 0 | I75: 0
A76: =WEEKNUM(B76,2) -> 39 | B76: 46292 | C76: 12115625 | D76: ru.zhuck.webapp | E76: RU | F76: MTG | G76: 0 | H76: 0 | I76: 0
A77: =WEEKNUM(B77,2) -> 39 | B77: 46292 | C77: 91564896 | D77: com.game.friends.ru | E77: RU | F77: MTG | G77: 115 | H77: 0.35 | I77: 40.25
... A166: =WEEKNUM(B166,2) -> 39 | B166: 46291 | C166: 10501490 | D166: tech.jm | E166: RU | F166: MTG | G166: 8 | H166: 0.13 | I166: 1.04
A167: =WEEKNUM(B167,2) -> 39 | B167: 46291 | C167: 10912510 | D167: com.amazon.mShop.android.shopping | E167: BR | F167: Kwai | G167: 85 | H167: 0.41 | I167: 34.79 | J167: 34.79
A168: =WEEKNUM(B168,2) -> 39 | B168: 46291 | C168: 11080098 | D168: com.fxpro.direct.application | E168: PK | F168: MTG | G168: 2 | H168: 0.6 | I168: 1.2
A169: =WEEKNUM(B169,2) -> 39 | B169: 46291 | C169: 11715627 | D169: com.esprit.rpg.cntrctfft | E169: RU | F169: MTG | G169: 0 | H169: 0 | I169: 0
A170: =WEEKNUM(B170,2) -> 39 | B170: 46291 | C170: 11715655 | D170: com.king.candycrushsodasaga | E170: BR | F170: MTG | G170: 0 | H170: 0 | I170: 0
A171: =WEEKNUM(B171,2) -> 39 | B171: 46291 | C171: 11715811 | D171: com.king.candycrushsodasaga | E171: TH | F171: MTG | G171: 0 | H171: 0 | I171: 0
A172: =WEEKNUM(B172,2) -> 39 | B172: 46291 | C172: 11729927 | D172: com.amazon.mShop.android.shopping | E172: ZA | F172: MTG | G172: 0 | H172: 0 | I172: 0
A173: =WEEKNUM(B173,2) -> 39 | B173: 46291 | C173: 11729820 | D173: com.amazon.mShop.android.shopping | E173: AE | F173: MTG | G173: 0 | H173: 0 | I173: 0
A174: =WEEKNUM(B174,2) -> 39 | B174: 46291 | C174: 11729830 | D174: com.amazon.mShop.android.shopping | E174: BR | F174: Bigo | G174: 0 | H174: 0 | I174: 0.0004
A175: =WEEKNUM(B175,2) -> 39 | B175: 46291 | C175: 11892329 | D175: com.amazon.mShop.android.shopping | E175: BR | F175: MTG | G175: 3443 | H175: 0.23 | I175: 791.53
A176: =WEEKNUM(B176,2) -> 39 | B176: 46291 | C176: 91560708 | D176: com.king.candycrushsaga | E176: FR | F176: MTG | G176: 308 | H176: 0.091 | I176: 28
A177: =WEEKNUM(B177,2) -> 39 | B177: 46291 | C177: 91560709 | D177: com.king.candycrushsaga | E177: VN | F177: MTG | G177: 500 | H177: 0.06 | I177: 30
A178: =WEEKNUM(B178,2) -> 39 | B178: 46291 | C178: 12064281 | D178: com.king.candycrushsodasaga | E178: DE | F178: MTG | G178: 0 | H178: 0 | I178: 0
A179: =WEEKNUM(B179,2) -> 39 | B179: 46291 | C179: 11987622 | D179: com.amazon.mShop.android.shopping | E179: BR | F179: Kwai | G179: 0 | H179: 0 | I179: 0.93 | J179: 0.928
A180: =WEEKNUM(B180,2) -> 39 | B180: 46291 | C180: 91567811 | D180: ru.banki.banki | E180: RU | F180: MTG | G180: 16 | H180: 1 | I180: 16
A181: =WEEKNUM(B181,2) -> 39 | B181: 46291 | C181: 91548044 | D181: ru.banki.banki | E181: RU | F181: Bigo | G181: 24 | H181: 0.828 | I181: 19.8745
A182: =WEEKNUM(B182,2) -> 39 | B182: 46291 | C182: 6061077 | D182: ru.aliexpress.buyer | E182: RU | F182: MTG | G182: 2 | H182: 0.919 | I182: 1.837
A183: =WEEKNUM(B183,2) -> 39 | B183: 46291 | C183: 6607117 | D183: ru.aliexpress.buyer | E183: RU | F183: MTG | G183: 120 | H183: 0.973 | I183: 116.749
A184: =WEEKNUM(B184,2) -> 39 | B184: 46291 | C184: 5497580 | D184: com.king.candycrushsaga | E184: TH | F184: MTG | G184: 1658 | H184: 0.251 | I184: 415.904
A185: =WEEKNUM(B185,2) -> 39 | B185: 46291 | C185: 91407542 | D185: com.king.candycrushsaga | E185: ID | F185: MTG | G185: 41 | H185: 0.02 | I185: 0.834
A186: =WEEKNUM(B186,2) -> 39 | B186: 46291 | C186: 8998645 | D186: com.king.candycrushsaga | E186: TH | F186: MTG | G186: 16 | H186: 0.23 | I186: 3.686
A187: =WEEKNUM(B187,2) -> 39 | B187: 46291 | C187: 4383473 | D187: ru.aliexpress.buyer | E187: RU | F187: MTG | G187: 150 | H187: 0.193 | I187: 28.962
A188: =WEEKNUM(B188,2) -> 39 | B188: 46291 | C188: 8094753 | D188: ru.aliexpress.buyer | E188: RU | F188: Mediago | G188: 277 | H188: 0.25 | I188: 70.28
A189: =WEEKNUM(B189,2) -> 39 | B189: 46291 | C189: 9415350 | D189: com.notissimus.allinstruments.android | E189: RU | F189: Mediago | G189: 38 | H189: 0.25 | I189: 9.36
A190: =WEEKNUM(B190,2) -> 39 | B190: 46291 | C190: 2783561 | D190: com.uma.musicvk | E190: RU | F190: MTG | G190: 434 | H190: 0.102 | I190: 44.47
A191: =WEEKNUM(B191,2) -> 39 | B191: 46291 | C191: 10599157 | D191: com.edadeal.android | E191: RU | F191: MTG | G191: 102 | H191: 0.31 | I191: 31.65
... A209: =WEEKNUM(B209,2) -> 39 | B209: 46291 | C209: 91399821 | D209: ru.kinopoisk | E209: RU | F209: Mediago | G209: 464 | H209: 0.13 | I209: 59.65
A210: =WEEKNUM(B210,2) -> 39 | B210: 46291 | C210: 8670368 | D210: com.king.candycrushsodasaga | E210: BR | F210: Kwai | G210: 6 | H210: 0.15 | I210: 0.87 | J210: 0
A211: =WEEKNUM(B211,2) -> 39 | B211: 46291 | C211: 10514860 | D211: com.esprit.rpg.lttlefirykng | E211: RU | F211: MTG | G211: 61 | H211: 0.697 | I211: 42.5
A212: =WEEKNUM(B212,2) -> 39 | B212: 46291 | C212: 91532857 | D212: com.reefgames.fabletown | E212: RU | F212: Bigo | G212: 26 | H212: 0.177 | I212: 4.5899
A213: =WEEKNUM(B213,2) -> 39 | B213: 46291 | C213: 91534913 | D213: com.qookkagames.xczyw.gp.hk | E213: HK | F213: MTG | G213: 2 | H213: 2 | I213: 4
A214: =WEEKNUM(B214,2) -> 39 | B214: 46291 | C214: 91533906 | D214: com.sialiagames.xczyw.gp.tw | E214: TW | F214: MTG | G214: 0 | H214: 0 | I214: 0
A215: =WEEKNUM(B215,2) -> 39 | B215: 46291 | C215: 91545519 | D215: com.vuclip.viu | E215: MY | F215: MTG | G215: 75 | H215: 0.2 | I215: 14.98
A216: =WEEKNUM(B216,2) -> 39 | B216: 46291 | C216: 91551388 | D216: com.netease.newspike | E216: US | F216: Bigo | G216: 30 | H216: 0.96 | I216: 28.79
A217: =WEEKNUM(B217,2) -> 39 | B217: 46291 | C217: 91565948 | D217: com.reefgames.fabletown | E217: RU | F217: Bigo | G217: 28 | H217: 0.19 | I217: 5.3304
A218: =WEEKNUM(B218,2) -> 39 | B218: 46291 | C218: 91550293 | D218: net.peakgames.Yuzbir | E218: TR | F218: MTG | G218: 26 | H218: 0.35 | I218: 9.1
A219: =WEEKNUM(B219,2) -> 39 | B219: 46291 | C219: 9333145 | D219: com.gloriajeans.mobile | E219: RU | F219: Mediago | G219: 53 | H219: 0.17 | I219: 8.91
A220: =WEEKNUM(B220,2) -> 39 | B220: 46291 | C220: 91557347 | D220: robot.zaimer.ru | E220: RU | F220: MTG | G220: 1 | H220: 0.8 | I220: 0.8
A221: =WEEKNUM(B221,2) -> 39 | B221: 46291 | C221: 12115625 | D221: ru.zhuck.webapp | E221: RU | F221: MTG | G221: 0 | H221: 0 | I221: 0
A222: =WEEKNUM(B222,2) -> 39 | B222: 46291 | C222: 91564896 | D222: com.game.friends.ru | E222: RU | F222: MTG | G222: 113 | H222: 0.35 | I222: 39.55
... A310: =WEEKNUM(B310,2) -> 39 | B310: 46290 | C310: 10501490 | D310: tech.jm | E310: RU | F310: MTG | G310: 6 | H310: 0.13 | I310: 0.78
A311: =WEEKNUM(B311,2) -> 39 | B311: 46290 | C311: 10912510 | D311: com.amazon.mShop.android.shopping | E311: BR | F311: Kwai | G311: 90 | H311: 0.52 | I311: 46.46 | J311: 46.462
A312: =WEEKNUM(B312,2) -> 39 | B312: 46290 | C312: 11080098 | D312: com.fxpro.direct.application | E312: PK | F312: MTG | G312: 1 | H312: 0.6 | I312: 0.6
A313: =WEEKNUM(B313,2) -> 39 | B313: 46290 | C313: 11715627 | D313: com.esprit.rpg.cntrctfft | E313: RU | F313: MTG | G313: 0 | H313: 0 | I313: 0
A314: =WEEKNUM(B314,2) -> 39 | B314: 46290 | C314: 11715655 | D314: com.king.candycrushsodasaga | E314: BR | F314: MTG | G314: 0 | H314: 0 | I314: 0
A315: =WEEKNUM(B315,2) -> 39 | B315: 46290 | C315: 11715811 | D315: com.king.candycrushsodasaga | E315: TH | F315: MTG | G315: 0 | H315: 0 | I315: 0
A316: =WEEKNUM(B316,2) -> 39 | B316: 46290 | C316: 11729927 | D316: com.amazon.mShop.android.shopping | E316: ZA | F316: MTG | G316: 0 | H316: 0 | I316: 0
...

Sheet 优化师维度统计
A1: 日期 | B1: 投放人 | C1: Adpingid | D1: 包名 | E1: 地区 | F1: 平台 | G1: 单价 | H1: Daily install cap | I1: Weekly budget | J1: 时段 | K1: 展示 | L1: 点击 | M1: 转化 | N1: CPC | O1: CPI | P1: 花费 | Q1: cap达成率
A2: 每日汇总 | B2: 周一 | K2: =SUM(K3:K434) -> 4123891 | L2: =SUM(L3:L434) -> 673036 | P2: =SUM(P3:P434) -> 2004.3095
A3: 46293 | B3: 黄政 | C3: 10813123 | D3: com.amazon.mShop.android.shopping | E3: BR | F3: Bigo | G3: 0.25 | H3: 1000 | I3: =G3*H3*7 -> 1750 | J3: 截止10点 | Q3: =M5/H3 -> 0
J4: 截止18点
J5: 截止24点
C6: 1745925 | D6: tech.jm | E6: RU | F6: MTG | G6: 0.15 | H6: 500 | I6: =G6*H6*7 -> 525 | J6: 截止10点 | Q6: =M8/H6 -> 0
J7: 截止18点
J8: 截止24点
C9: 6951600 | D9: com.king.candycrushsodasaga | E9: TH | F9: MTG | G9: 0.17 | H9: 100 | I9: =G9*H9*7 -> 119 | J9: 截止10点 | Q9: =M11/H9 -> 0
J10: 截止18点
J11: 截止24点
C12: 6951594 | D12: com.king.candycrushsodasaga | E12: DE | F12: MTG | G12: 0.7 | H12: 400 | I12: =G12*H12*7 -> 1960 | J12: 截止10点 | Q12: =M14/H12 -> 0
J13: 截止18点
J14: 截止24点
C15: 2732727 | D15: com.amazon.mShop.android.shopping | E15: SA | F15: MTG | G15: 0.25 | H15: 1000 | I15: =G15*H15*7 -> 1750 | J15: 截止10点 | Q15: =M17/H15 -> 0
J16: 截止18点
J17: 截止24点
C18: 5619156 | D18: com.amazon.mShop.android.shopping | E18: SA | F18: Bigo | G18: 0.24 | H18: 500 | I18: =G18*H18*7 -> 840 | J18: 截止10点 | Q18: =M20/H18 -> 0
J19: 截止18点
J20: 截止24点
C21: 6425889 | D21: com.amazon.mShop.android.shopping | E21: ZA | F21: MTG | G21: 0.25 | H21: 400 | I21: =G21*H21*7 -> 700 | J21: 截止10点 | Q21: 0.003
J22: 截止18点
J23: 截止24点
C24: 6439005 | D24: com.amazon.mShop.android.shopping | E24: ZA | F24: Eagllwin | G24: 0.3 | H24: 300 | I24: =G24*H24*7 -> 630 | J24: 截止10点 | Q24: =M26/H24 -> 0
J25: 截止18点
J26: 截止24点
C27: 7203110 | D27: com.fxpro.direct.application | E27: SY | F27: MTG | G27: 0.2 | H27: 100 | I27: =G27*H27*7 -> 140 | J27: 截止10点 | Q27: =M29/H27 -> 0
J28: 截止18点
J29: 截止24点
C30: 7202934 | D30: com.fxpro.direct.application | E30: PK | F30: MTG | G30: 0.35 | H30: 200 | I30: =G30*H30*7 -> 490 | J30: 截止10点 | Q30: 0
J31: 截止18点
J32: 截止24点
C33: 5847496 | D33: com.amazon.mShop.android.shopping | E33: AE | F33: Bigo | G33: 0.3 | H33: 200 | I33: =G33*H33*7 -> 420 | J33: 截止10点 | Q33: =M35/H33 -> 0
J34: 截止18点
J35: 截止24点
C36: 7572369 | D36: com.amazon.mShop.android.shopping | E36: AE | F36: MTG | G36: 0.3 | H36: 400 | I36: =G36*H36*7 -> 840 | J36: 截止10点 | Q36: =M38/H36 -> 0
J37: 截止18点
J38: 截止24点
C39: 8460883 | D39: com.king.candycrushsodasaga | E39: BR | F39: MTG | G39: 0.14 | H39: 1400 | I39: =G39*H39*7 -> 1372 | J39: 截止10点 | Q39: =M41/H39 -> 0
J40: 截止18点
J41: 截止24点
C42: 8531973 | D42: com.king.candycrushsodasaga | E42: DE | F42: Mediago | G42: 0.45 | H42: 150 | I42: =G42*H42*7 -> 472.5 | J42: 截止10点 | Q42: =M44/H42 -> 0
J43: 截止18点
J44: 截止24点
C45: 8156506 | D45: com.yandex.lavka | E45: RU | F45: MTG | G45: 0.13 | H45: 1000 | I45: =G45*H45*7 -> 910 | J45: 截止10点 | Q45: =M47/H45 -> 0
J46: 截止18点
J47: 截止24点
C48: 8819666 | D48: com.yandex.lavka | E48: RU | F48: Bigo | G48: 0.08 | H48: 200 | I48: =G48*H48*7 -> 112 | J48: 截止10点 | Q48: =M50/H48 -> 0
J49: 截止18点
J50: 截止24点
C51: 7872826 | D51: asrtum.ent.domovyata | E51: RU | F51: MTG | G51: 0.48 | H51: 100 | I51: =G51*H51*7 -> 336 | J51: 截止10点 | Q51: =M53/H51 -> 0
J52: 截止18点
J53: 截止24点
C54: 9311355 | D54: com.esprit.rpg.cntrctfft | E54: RU | F54: MTG | G54: 0.15 | H54: 80 | I54: =G54*H54*7 -> 84 | J54: 截止10点 | Q54: =M56/H54 -> 0
J55: 截止18点
J56: 截止24点
C57: 12114239 | D57: com.yandex.lavka | E57: RU | F57: Mediago | G57: 0.2 | H57: 100 | I57: =G57*H57*7 -> 140 | J57: 截止10点 | Q57: =M59/H57 -> 0
J58: 截止18点
J59: 截止24点
C60: 10501490 | D60: tech.jm | E60: RU | F60: MTG | G60: 0.15 | H60: 100 | I60: =G60*H60*7 -> 105 | J60: 截止10点 | Q60: =M62/H60 -> 0
J61: 截止18点
J62: 截止24点
C63: 10912510 | D63: com.amazon.mShop.android.shopping | E63: BR | F63: Kwai | G63: 0.17 | H63: 1500 | I63: =G63*H63*7 -> 1785 | J63: 截止10点 | Q63: =M65/H63 -> 0
J64: 截止18点
J65: 截止24点
C66: 11080098 | D66: com.fxpro.direct.application | E66: PK | F66: MTG | G66: 0.6 | H66: 100 | I66: =G66*H66*7 -> 420 | J66: 截止10点 | Q66: =M68/H66 -> 0
J67: 截止18点
J68: 截止24点
C69: 11715627 | D69: com.esprit.rpg.cntrctfft | E69: RU | F69: MTG | G69: 0.4 | H69: 100 | I69: =G69*H69*7 -> 280 | J69: 截止10点 | Q69: =M71/H69 -> 0
J70: 截止18点
J71: 截止24点
C72: 11715655 | D72: com.king.candycrushsodasaga | E72: BR | F72: MTG | G72: 0.15 | H72: 100 | I72: =G72*H72*7 -> 105 | J72: 截止10点 | Q72: =M74/H72 -> 0
J73: 截止18点
J74: 截止24点
C75: 11715811 | D75: com.king.candycrushsodasaga | E75: TH | F75: MTG | G75: 0.17 | H75: 100 | I75: =G75*H75*7 -> 119 | J75: 截止10点 | Q75: =M77/H75 -> 0
J76: 截止18点
J77: 截止24点
C78: 11729927 | D78: com.amazon.mShop.android.shopping | E78: ZA | F78: MTG | G78: 0.25 | H78: 100 | I78: =G78*H78*7 -> 175 | J78: 截止10点 | Q78: =M80/H78 -> 0
J79: 截止18点
J80: 截止24点
C81: 11729820 | D81: com.amazon.mShop.android.shopping | E81: AE | F81: MTG | G81: 0.3 | H81: 100 | I81: =G81*H81*7 -> 210 | J81: 截止10点 | Q81: =M83/H81 -> 0
J82: 截止18点
J83: 截止24点
C84: 11729830 | D84: com.amazon.mShop.android.shopping | E84: BR | F84: Bigo | G84: 0.17 | H84: 100 | I84: =G84*H84*7 -> 119 | J84: 截止10点 | Q84: =M86/H84 -> 0
J85: 截止18点
J86: 截止24点
C87: 11892329 | D87: com.amazon.mShop.android.shopping | E87: BR | F87: MTG | G87: 0.25 | H87: 2500 | I87: =G87*H87*7 -> 4375 | J87: 截止10点 | Q87: =M89/H87 -> 0
J88: 截止18点
J89: 截止24点
C90: 91560708 | D90: com.king.candycrushsaga | E90: FR | F90: MTG | G90: 0.09 | H90: 800 | I90: =G90*H90*7 -> 504 | J90: 截止10点 | Q90: =M92/H90 -> 0
J91: 截止18点
J92: 截止24点
C93: 91560709 | D93: com.king.candycrushsaga | E93: VN | F93: MTG | G93: 0.06 | H93: 500 | I93: =G93*H93*7 -> 210 | J93: 截止10点 | Q93: =M95/H93 -> 0
J94: 截止18点
J95: 截止24点
C96: 12064281 | D96: com.king.candycrushsodasaga | E96: DE | F96: MTG | G96: 0.7 | H96: 100 | I96: =G96*H96*7 -> 490 | J96: 截止10点 | Q96: =M98/H96 -> 0
J97: 截止18点
J98: 截止24点
C99: 11987622 | D99: com.amazon.mShop.android.shopping | E99: BR | F99: Kwai | G99: 0.23 | H99: 200 | I99: =G99*H99*7 -> 322 | J99: 截止10点 | Q99: =M101/H99 -> 0
J100: 截止18点
...

Sheet Playable素材统计
A1: 日期 | B1: 投放人 | C1: Adpingid | D1: 包名 | E1: 地区 | F1: 平台 | G1: 单价 | H1: Daily install cap | I1: Weekly budget | J1: 时段 | K1: 展示 | L1: 点击 | M1: 转化 | N1: CPC | O1: CPI | P1: 花费 | Q1: cap达成率 | S1: CTR | T1: CVR
A2: 每日汇总 | B2: 周三 | K2: =SUM(K3:K6) -> 0 | L2: =SUM(L3:L6) -> 0 | P2: =SUM(P3:P6) -> 0
A3: 46295 | B3: 万科 | C3: 8998645 | D3: com.king.candycrushsaga | E3: TH | F3: MTG | G3: 0.28 | H3: 200 | I3: =G3*H3*7 -> 392 | J3: 截止24点 | Q3: =M3/H3 -> 0 | S3: =IFERROR(L3/K3,0) -> 0 | T3: =IFERROR(M3/L3,0) -> 0
C4: 5497580 | D4: com.king.candycrushsaga | E4: TH | F4: MTG | G4: 0.28 | H4: 1300 | I4: =G4*H4*7 -> 2548 | J4: 截止24点 | Q4: =M4/H4 -> 0 | S4: =IFERROR(L4/K4,0) -> 0 | T4: =IFERROR(M4/L4,0) -> 0
C5: 91407542 | D5: com.king.candycrushsaga | E5: ID | F5: MTG | G5: 0.02 | H5: 600 | I5: =G5*H5*7 -> 84 | J5: 截止24点 | Q5: =M5/H5 -> 0 | S5: =IFERROR(L5/K5,0) -> 0 | T5: =IFERROR(M5/L5,0) -> 0
B6: 黄政 | C6: 6951594 | D6: com.king.candycrushsodasaga | E6: DE | F6: MTG | G6: 0.6 | H6: 250 | I6: =G6*H6*7 -> 1050 | J6: 截止24点 | Q6: =M6/H6 -> 0 | S6: =IFERROR(L6/K6,0) -> 0 | T6: =IFERROR(M6/L6,0) -> 0
B7: 周梓君 | C7: 12072287 | D7: com.yandex.bank | E7: RU | F7: MTG | G7: 0.5 | H7: 200 | I7: =G7*H7*7 -> 700 | J7: 截止24点 | Q7: =M7/H7 -> 0 | S7: =IFERROR(L7/K7,0) -> 0 | T7: =IFERROR(M7/L7,0) -> 0
A9: 每日汇总 | B9: 周二 | K9: =SUM(K10:K13) -> 0 | L9: =SUM(L10:L13) -> 0 | P9: =SUM(P10:P13) -> 0
A10: 46294 | B10: 万科 | C10: 8998645 | D10: com.king.candycrushsaga | E10: TH | F10: MTG | G10: 0.28 | H10: 200 | I10: =G10*H10*7 -> 392 | J10: 截止24点 | Q10: =M10/H10 -> 0 | S10: =IFERROR(L10/K10,0) -> 0 | T10: =IFERROR(M10/L10,0) -> 0
C11: 5497580 | D11: com.king.candycrushsaga | E11: TH | F11: MTG | G11: 0.28 | H11: 1300 | I11: =G11*H11*7 -> 2548 | J11: 截止24点 | Q11: =M11/H11 -> 0 | S11: =IFERROR(L11/K11,0) -> 0 | T11: =IFERROR(M11/L11,0) -> 0
C12: 91407542 | D12: com.king.candycrushsaga | E12: ID | F12: MTG | G12: 0.02 | H12: 600 | I12: =G12*H12*7 -> 84 | J12: 截止24点 | Q12: =M12/H12 -> 0 | S12: =IFERROR(L12/K12,0) -> 0 | T12: =IFERROR(M12/L12,0) -> 0
B13: 黄政 | C13: 6951594 | D13: com.king.candycrushsodasaga | E13: DE | F13: MTG | G13: 0.6 | H13: 250 | I13: =G13*H13*7 -> 1050 | J13: 截止24点 | Q13: =M13/H13 -> 0 | S13: =IFERROR(L13/K13,0) -> 0 | T13: =IFERROR(M13/L13,0) -> 0
B14: 周梓君 | C14: 12072287 | D14: com.yandex.bank | E14: RU | F14: MTG | G14: 0.5 | H14: 200 | I14: =G14*H14*7 -> 700 | J14: 截止24点 | Q14: =M14/H14 -> 0 | S14: =IFERROR(L14/K14,0) -> 0 | T14: =IFERROR(M14/L14,0) -> 0
A16: 每日汇总 | B16: 周一 | K16: =SUM(K17:K20) -> 0 | L16: =SUM(L17:L20) -> 0 | P16: =SUM(P17:P20) -> 0
A17: 46293 | B17: 万科 | C17: 8998645 | D17: com.king.candycrushsaga | E17: TH | F17: MTG | G17: 0.28 | H17: 200 | I17: =G17*H17*7 -> 392 | J17: 截止24点 | Q17: =M17/H17 -> 0 | S17: =IFERROR(L17/K17,0) -> 0 | T17: =IFERROR(M17/L17,0) -> 0
C18: 5497580 | D18: com.king.candycrushsaga | E18: TH | F18: MTG | G18: 0.28 | H18: 1300 | I18: =G18*H18*7 -> 2548 | J18: 截止24点 | Q18: =M18/H18 -> 0 | S18: =IFERROR(L18/K18,0) -> 0 | T18: =IFERROR(M18/L18,0) -> 0
C19: 91407542 | D19: com.king.candycrushsaga | E19: ID | F19: MTG | G19: 0.02 | H19: 600 | I19: =G19*H19*7 -> 84 | J19: 截止24点 | Q19: =M19/H19 -> 0 | S19: =IFERROR(L19/K19,0) -> 0 | T19: =IFERROR(M19/L19,0) -> 0
B20: 黄政 | C20: 6951594 | D20: com.king.candycrushsodasaga | E20: DE | F20: MTG | G20: 0.6 | H20: 250 | I20: =G20*H20*7 -> 1050 | J20: 截止24点 | Q20: =M20/H20 -> 0 | S20: =IFERROR(L20/K20,0) -> 0 | T20: =IFERROR(M20/L20,0) -> 0
B21: 周梓君 | C21: 12072287 | D21: com.yandex.bank | E21: RU | F21: MTG | G21: 0.5 | H21: 200 | I21: =G21*H21*7 -> 700 | J21: 截止24点 | Q21: =M21/H21 -> 0 | S21: =IFERROR(L21/K21,0) -> 0 | T21: =IFERROR(M21/L21,0) -> 0
A23: 每日汇总 | B23: 周日 | K23: =SUM(K24:K27) -> 141164 | L23: =SUM(L24:L27) -> 83095 | P23: =SUM(P24:P27) -> 289.167
A24: 46292 | B24: 万科 | C24: 8998645 | D24: com.king.candycrushsaga | E24: TH | F24: MTG | G24: 0.28 | H24: 200 | I24: =G24*H24*7 -> 392 | J24: 截止24点 | K24: 157 | L24: 67 | M24: 1 | N24: 0 | O24: 0.013 | P24: 0.013 | Q24: =M24/H24 -> 0.005 | S24: =IFERROR(L24/K24,0) -> 0.42675159 | T24: =IFERROR(M24/L24,0) -> 0.014925373
C25: 5497580 | D25: com.king.candycrushsaga | E25: TH | F25: MTG | G25: 0.28 | H25: 1300 | I25: =G25*H25*7 -> 2548 | J25: 截止24点 | K25: 107641 | L25: 61959 | M25: 820 | N25: 0.003 | O25: 0.25 | P25: 205.344 | Q25: =M25/H25 -> 0.63076923 | S25: =IFERROR(L25/K25,0) -> 0.57560781 | T25: =IFERROR(M25/L25,0) -> 0.013234558
C26: 91407542 | D26: com.king.candycrushsaga | E26: ID | F26: MTG | G26: 0.02 | H26: 600 | I26: =G26*H26*7 -> 84 | J26: 截止24点 | K26: 1176 | L26: 847 | M26: 1 | N26: 0 | O26: 0.02 | P26: 0.02 | Q26: =M26/H26 -> 0.0016666667 | S26: =IFERROR(L26/K26,0) -> 0.7202381 | T26: =IFERROR(M26/L26,0) -> 0.0011806375
B27: 黄政 | C27: 6951594 | D27: com.king.candycrushsodasaga | E27: DE | F27: MTG | G27: 0.6 | H27: 250 | I27: =G27*H27*7 -> 1050 | J27: 截止24点 | K27: 32190 | L27: 20222 | M27: 120 | N27: 0.004 | O27: 0.698 | P27: 83.79 | Q27: =M27/H27 -> 0.48 | S27: =IFERROR(L27/K27,0) -> 0.62820752 | T27: =IFERROR(M27/L27,0) -> 0.0059341311
B28: 周梓君 | C28: 12072287 | D28: com.yandex.bank | E28: RU | F28: MTG | G28: 0.5 | H28: 200 | I28: =G28*H28*7 -> 700 | J28: 截止24点 | K28: 10 | L28: 0 | M28: 0 | N28: 0 | O28: 0 | P28: 0 | Q28: =M28/H28 -> 0 | S28: =IFERROR(L28/K28,0) -> 0 | T28: =IFERROR(M28/L28,0) -> 0
A30: 每日汇总 | B30: 周六 | K30: =SUM(K31:K34) -> 104175 | L30: =SUM(L31:L34) -> 64421 | P30: =SUM(P31:P34) -> 208.312
A31: 46291 | B31: 万科 | C31: 8998645 | D31: com.king.candycrushsaga | E31: TH | F31: MTG | G31: 0.28 | H31: 200 | I31: =G31*H31*7 -> 392 | J31: 截止24点 | K31: 134 | L31: 66 | M31: 0 | N31: 0 | O31: 0 | P31: 0 | Q31: =M31/H31 -> 0 | S31: =IFERROR(L31/K31,0) -> 0.49253731 | T31: =IFERROR(M31/L31,0) -> 0
C32: 5497580 | D32: com.king.candycrushsaga | E32: TH | F32: MTG | G32: 0.28 | H32: 1300 | I32: =G32*H32*7 -> 2548 | J32: 截止24点 | K32: 77790 | L32: 47402 | M32: 587 | N32: 0.003 | O32: 0.249 | P32: 146.292 | Q32: =M32/H32 -> 0.45153846 | S32: =IFERROR(L32/K32,0) -> 0.60935853 | T32: =IFERROR(M32/L32,0) -> 0.012383444
C33: 91407542 | D33: com.king.candycrushsaga | E33: ID | F33: MTG | G33: 0.02 | H33: 600 | I33: =G33*H33*7 -> 84 | J33: 截止24点 | K33: 2214 | L33: 1492 | M33: 7 | N33: 0 | O33: 0.02 | P33: 0.14 | Q33: =M33/H33 -> 0.011666667 | S33: =IFERROR(L33/K33,0) -> 0.67389341 | T33: =IFERROR(M33/L33,0) -> 0.004691689
B34: 黄政 | C34: 6951594 | D34: com.king.candycrushsodasaga | E34: DE | F34: MTG | G34: 0.6 | H34: 250 | I34: =G34*H34*7 -> 1050 | J34: 截止24点 | K34: 24037 | L34: 15461 | M34: 88 | N34: 0.004 | O34: 0.703 | P34: 61.88 | Q34: =M34/H34 -> 0.352 | S34: =IFERROR(L34/K34,0) -> 0.64321671 | T34: =IFERROR(M34/L34,0) -> 0.0056917405
B35: 周梓君 | C35: 12072287 | D35: com.yandex.bank | E35: RU | F35: MTG | G35: 0.5 | H35: 200 | I35: =G35*H35*7 -> 700 | J35: 截止24点 | K35: 2 | L35: 1 | M35: 1 | N35: 0.381 | O35: 0.381 | P35: 0.381 | Q35: =M35/H35 -> 0.005 | S35: =IFERROR(L35/K35,0) -> 0.5 | T35: =IFERROR(M35/L35,0) -> 1
A37: 每日汇总 | B37: 周五 | K37: =SUM(K38:K41) -> 117416 | L37: =SUM(L38:L41) -> 70210 | P37: =SUM(P38:P41) -> 238.992
A38: 46290 | B38: 万科 | C38: 8998645 | D38: com.king.candycrushsaga | E38: TH | F38: MTG | G38: 0.28 | H38: 200 | I38: =G38*H38*7 -> 392 | J38: 截止24点 | K38: 102 | L38: 46 | M38: 0 | N38: 0 | O38: 0 | P38: 0 | Q38: =M38/H38 -> 0 | S38: =IFERROR(L38/K38,0) -> 0.45098039 | T38: =IFERROR(M38/L38,0) -> 0
C39: 5497580 | D39: com.king.candycrushsaga | E39: TH | F39: MTG | G39: 0.28 | H39: 1300 | I39: =G39*H39*7 -> 2548 | J39: 截止24点 | K39: 93675 | L39: 54941 | M39: 745 | N39: 0.003 | O39: 0.249 | P39: 185.722 | Q39: =M39/H39 -> 0.57307692 | S39: =IFERROR(L39/K39,0) -> 0.58650654 | T39: =IFERROR(M39/L39,0) -> 0.013560001
C40: 91407542 | D40: com.king.candycrushsaga | E40: ID | F40: MTG | G40: 0.02 | H40: 600 | I40: =G40*H40*7 -> 84 | J40: 截止24点 | K40: 1301 | L40: 870 | M40: 6 | N40: 0 | O40: 0.023 | P40: 0.14 | Q40: =M40/H40 -> 0.01 | S40: =IFERROR(L40/K40,0) -> 0.66871637 | T40: =IFERROR(M40/L40,0) -> 0.0068965517
B41: 黄政 | C41: 6951594 | D41: com.king.candycrushsodasaga | E41: DE | F41: MTG | G41: 0.6 | H41: 250 | I41: =G41*H41*7 -> 1050 | J41: 截止24点 | K41: 22338 | L41: 14353 | M41: 76 | N41: 0.004 | O41: 0.699 | P41: 53.13 | Q41: =M41/H41 -> 0.304 | S41: =IFERROR(L41/K41,0) -> 0.64253738 | T41: =IFERROR(M41/L41,0) -> 0.0052950603
B42: 周梓君 | C42: 12072287 | D42: com.yandex.bank | E42: RU | F42: MTG | G42: 0.5 | H42: 200 | I42: =G42*H42*7 -> 700 | J42: 截止24点 | K42: 2 | L42: 0 | M42: 0 | N42: 0 | O42: 0 | P42: 0 | Q42: =M42/H42 -> 0 | S42: =IFERROR(L42/K42,0) -> 0 | T42: =IFERROR(M42/L42,0) -> 0
A44: 每日汇总 | B44: 周四 | K44: =SUM(K45:K48) -> 92352 | L44: =SUM(L45:L48) -> 56374 | P44: =SUM(P45:P48) -> 259.156
A45: 46289 | B45: 万科 | C45: 8998645 | D45: com.king.candycrushsaga | E45: TH | F45: MTG | G45: 0.28 | H45: 200 | I45: =G45*H45*7 -> 392 | J45: 截止24点 | K45: 29 | L45: 12 | M45: 0 | N45: 0 | O45: 0 | P45: 0 | Q45: =M45/H45 -> 0 | S45: =IFERROR(L45/K45,0) -> 0.4137931 | T45: =IFERROR(M45/L45,0) -> 0
C46: 5497580 | D46: com.king.candycrushsaga | E46: TH | F46: MTG | G46: 0.28 | H46: 1300 | I46: =G46*H46*7 -> 2548 | J46: 截止24点 | K46: 72929 | L46: 43401 | M46: 801 | N46: 0.005 | O46: 0.253 | P46: 202.696 | Q46: =M46/H46 -> 0.61615385 | S46: =IFERROR(L46/K46,0) -> 0.59511306 | T46: =IFERROR(M46/L46,0) -> 0.018455796
C47: 91407542 | D47: com.king.candycrushsaga | E47: ID | F47: MTG | G47: 0.02 | H47: 600 | I47: =G47*H47*7 -> 84 | J47: 截止24点 | K47: 1340 | L47: 883 | M47: 2 | N47: 0 | O47: 0.02 | P47: 0.04 | Q47: =M47/H47 -> 0.0033333333 | S47: =IFERROR(L47/K47,0) -> 0.65895522 | T47: =IFERROR(M47/L47,0) -> 0.0022650057
B48: 黄政 | C48: 6951594 | D48: com.king.candycrushsodasaga | E48: DE | F48: MTG | G48: 0.6 | H48: 250 | I48: =G48*H48*7 -> 1050 | J48: 截止24点 | K48: 18054 | L48: 12078 | M48: 82 | N48: 0.005 | O48: 0.688 | P48: 56.42 | Q48: =M48/H48 -> 0.328 | S48: =IFERROR(L48/K48,0) -> 0.66899302 | T48: =IFERROR(M48/L48,0) -> 0.0067892035
B49: 周梓君 | C49: 12072287 | D49: com.yandex.bank | E49: RU | F49: MTG | G49: 0.5 | H49: 200 | I49: =G49*H49*7 -> 700 | J49: 截止24点 | K49: / | Q49: =M49/H49 -> 0 | S49: =IFERROR(L49/K49,0) -> 0 | T49: =IFERROR(M49/L49,0) -> 0
A51: 每日汇总 | B51: 周三 | K51: =SUM(K52:K55) -> 122152 | L51: =SUM(L52:L55) -> 73584 | P51: =SUM(P52:P55) -> 275.579
A52: 46288 | B52: 万科 | C52: 8998645 | D52: com.king.candycrushsaga | E52: TH | F52: MTG | G52: 0.28 | H52: 200 | I52: =G52*H52*7 -> 392 | J52: 截止24点 | K52: 72 | L52: 38 | M52: 0 | N52: 0 | O52: 0 | P52: 0 | Q52: =M52/H52 -> 0 | S52: =IFERROR(L52/K52,0) -> 0.52777778 | T52: =IFERROR(M52/L52,0) -> 0
C53: 5497580 | D53: com.king.candycrushsaga | E53: TH | F53: MTG | G53: 0.28 | H53: 1300 | I53: =G53*H53*7 -> 2548 | J53: 截止24点 | K53: 88180 | L53: 50952 | M53: 928 | N53: 0.005 | O53: 0.252 | P53: 234.139 | Q53: =M53/H53 -> 0.71384615 | S53: =IFERROR(L53/K53,0) -> 0.5778181 | T53: =IFERROR(M53/L53,0) -> 0.01821322
C54: 91407542 | D54: com.king.candycrushsaga | E54: ID | F54: MTG | G54: 0.02 | H54: 600 | I54: =G54*H54*7 -> 84 | J54: 截止24点 | K54: 4789 | L54: 3252 | M54: 6 | N54: 0 | O54: 0.023 | P54: 0.14 | Q54: =M54/H54 -> 0.01 | S54: =IFERROR(L54/K54,0) -> 0.67905617 | T54: =IFERROR(M54/L54,0) -> 0.0018450185
B55: 黄政 | C55: 6951594 | D55: com.king.candycrushsodasaga | E55: DE | F55: MTG | G55: 0.6 | H55: 250 | I55: =G55*H55*7 -> 1050 | J55: 截止24点 | K55: 29111 | L55: 19342 | M55: 59 | N55: 0.002 | O55: 0.7 | P55: 41.3 | Q55: =M55/H55 -> 0.236 | S55: =IFERROR(L55/K55,0) -> 0.66442238 | T55: =IFERROR(M55/L55,0) -> 0.0030503567
A57: 每日汇总 | B57: 周二 | K57: =SUM(K58:K61) -> 150218 | L57: =SUM(L58:L61) -> 87172 | P57: =SUM(P58:P61) -> 294.788
A58: 46287 | B58: 万科 | C58: 8998645 | D58: com.king.candycrushsaga | E58: TH | F58: MTG | G58: 0.28 | H58: 200 | I58: =G58*H58*7 -> 392 | J58: 截止24点 | K58: 72 | L58: 41 | M58: 0 | N58: 0 | O58: 0 | P58: 0 | Q58: =M58/H58 -> 0 | S58: =IFERROR(L58/K58,0) -> 0.56944444 | T58: =IFERROR(M58/L58,0) -> 0
C59: 5497580 | D59: com.king.candycrushsaga | E59: TH | F59: MTG | G59: 0.28 | H59: 1300 | I59: =G59*H59*7 -> 2548 | J59: 截止24点 | K59: 105564 | L59: 57593 | M59: 931 | N59: 0.004 | O59: 0.251 | P59: 233.908 | Q59: =M59/H59 -> 0.71615385 | S59: =IFERROR(L59/K59,0) -> 0.54557425 | T59: =IFERROR(M59/L59,0) -> 0.016165159
C60: 91407542 | D60: com.king.candycrushsaga | E60: ID | F60: MTG | G60: 0.02 | H60: 600 | I60: =G60*H60*7 -> 84 | J60: 截止24点 | K60: 8000 | L60: 5225 | M60: 17 | N60: 0 | O60: 0.024 | P60: 0.4 | Q60: =M60/H60 -> 0.028333333 | S60: =IFERROR(L60/K60,0) -> 0.653125 | T60: =IFERROR(M60/L60,0) -> 0.0032535885
B61: 黄政 | C61: 6951594 | D61: com.king.candycrushsodasaga | E61: DE | F61: MTG | G61: 0.6 | H61: 250 | I61: =G61*H61*7 -> 1050 | J61: 截止24点 | K61: 36582 | L61: 24313 | M61: 87 | N61: 0.002 | O61: 0.695 | P61: 60.48 | Q61: =M61/H61 -> 0.348 | S61: =IFERROR(L61/K61,0) -> 0.66461648 | T61: =IFERROR(M61/L61,0) -> 0.0035783326
A63: 每日汇总 | B63: 周一 | K63: =SUM(K64:K67) -> 91297 | L63: =SUM(L64:L67) -> 52445 | P63: =SUM(P64:P67) -> 275.723
A64: 46286 | B64: 万科 | C64: 8998645 | D64: com.king.candycrushsaga | E64: TH | F64: MTG | G64: 0.28 | H64: 200 | I64: =G64*H64*7 -> 392 | J64: 截止24点 | K64: 61 | L64: 35 | M64: 0 | N64: 0 | O64: 0 | P64: 0 | Q64: =M64/H64 -> 0 | S64: =IFERROR(L64/K64,0) -> 0.57377049 | T64: =IFERROR(M64/L64,0) -> 0
C65: 5497580 | D65: com.king.candycrushsaga | E65: TH | F65: MTG | G65: 0.28 | H65: 1300 | I65: =G65*H65*7 -> 2548 | J65: 截止24点 | K65: 51114 | L65: 26211 | M65: 847 | N65: 0.008 | O65: 0.254 | P65: 215.283 | Q65: =M65/H65 -> 0.65153846 | S65: =IFERROR(L65/K65,0) -> 0.51279493 | T65: =IFERROR(M65/L65,0) -> 0.032314677
C66: 91407542 | D66: com.king.candycrushsaga | E66: ID | F66: MTG | G66: 0.02 | H66: 600 | I66: =G66*H66*7 -> 84 | J66: 截止24点 | K66: 7744 | L66: 5049 | M66: 71 | N66: 0 | O66: 0.021 | P66: 1.5 | Q66: =M66/H66 -> 0.11833333 | S66: =IFERROR(L66/K66,0) -> 0.65198864 | T66: =IFERROR(M66/L66,0) -> 0.014062191
B67: 黄政 | C67: 6951594 | D67: com.king.candycrushsodasaga | E67: DE | F67: MTG | G67: 0.6 | H67: 250 | I67: =G67*H67*7 -> 1050 | J67: 截止24点 | K67: 32378 | L67: 21150 | M67: 85 | N67: 0.003 | O67: 0.693 | P67: 58.94 | Q67: =M67/H67 -> 0.34 | S67: =IFERROR(L67/K67,0) -> 0.65322132 | T67: =IFERROR(M67/L67,0) -> 0.0040189125
A69: 每日汇总 | B69: 周日 | K69: =SUM(K70:K73) -> 94283 | L69: =SUM(L70:L73) -> 55765 | P69: =SUM(P70:P73) -> 281.899
A70: 46285 | B70: 万科 | C70: 8998645 | D70: com.king.candycrushsaga | E70: TH | F70: MTG | G70: 0.28 | H70: 200 | I70: =G70*H70*7 -> 392 | J70: 截止24点 | K70: 61 | L70: 20 | M70: 0 | N70: 0 | O70: 0 | P70: 0 | Q70: =M70/H70 -> 0 | S70: =IFERROR(L70/K70,0) -> 0.32786885 | T70: =IFERROR(M70/L70,0) -> 0
C71: 5497580 | D71: com.king.candycrushsaga | E71: TH | F71: MTG | G71: 0.28 | H71: 1300 | I71: =G71*H71*7 -> 2548 | J71: 截止24点 | K71: 60670 | L71: 34221 | M71: 916 | N71: 0.007 | O71: 0.252 | P71: 231.079 | Q71: =M71/H71 -> 0.70461538 | S71: =IFERROR(L71/K71,0) -> 0.56405143 | T71: =IFERROR(M71/L71,0) -> 0.02676719
C72: 91407542 | D72: com.king.candycrushsaga | E72: ID | F72: MTG | G72: 0.02 | H72: 600 | I72: =G72*H72*7 -> 84 | J72: 截止24点 | K72: 5780 | L72: 3482 | M72: 59 | N72: 0 | O72: 0.021 | P72: 1.26 | Q72: =M72/H72 -> 0.098333333 | S72: =IFERROR(L72/K72,0) -> 0.60242215 | T72: =IFERROR(M72/L72,0) -> 0.016944285
B73: 黄政 | C73: 6951594 | D73: com.king.candycrushsodasaga | E73: DE | F73: MTG | G73: 0.6 | H73: 250 | I73: =G73*H73*7 -> 1050 | J73: 截止24点 | K73: 27772 | L73: 18042 | M73: 71 | N73: 0.003 | O73: 0.698 | P73: 49.56 | Q73: =M73/H73 -> 0.284 | S73: =IFERROR(L73/K73,0) -> 0.64964713 | T73: =IFERROR(M73/L73,0) -> 0.0039352622
A75: 每日汇总 | B75: 周六 | K75: =SUM(K76:K79) -> 232081 | L75: =SUM(L76:L79) -> 132754 | P75: =SUM(P76:P79) -> 313.973
A76: 46284 | B76: 万科 | C76: 8998645 | D76: com.king.candycrushsaga | E76: TH | F76: MTG | G76: 0.28 | H76: 200 | I76: =G76*H76*7 -> 392 | J76: 截止24点 | K76: 127 | L76: 55 | M76: 1 | N76: 0.009 | O76: 0.505 | P76: 0.505 | Q76: =M76/H76 -> 0.005 | S76: =IFERROR(L76/K76,0) -> 0.43307087 | T76: =IFERROR(M76/L76,0) -> 0.018181818
C77: 5497580 | D77: com.king.candycrushsaga | E77: TH | F77: MTG | G77: 0.28 | H77: 1300 | I77: =G77*H77*7 -> 2548 | J77: 截止24点 | K77: 175775 | L77: 97742 | M77: 1049 | N77: 0.003 | O77: 0.251 | P77: 263.778 | Q77: =M77/H77 -> 0.80692308 | S77: =IFERROR(L77/K77,0) -> 0.55606315 | T77: =IFERROR(M77/L77,0) -> 0.010732336
C78: 91407542 | D78: com.king.candycrushsaga | E78: ID | F78: MTG | G78: 0.02 | H78: 600 | I78: =G78*H78*7 -> 84 | J78: 截止24点 | K78: 36764 | L78: 22269 | M78: 105 | N78: 0 | O78: 0.021 | P78: 2.16 | Q78: =M78/H78 -> 0.175 | S78: =IFERROR(L78/K78,0) -> 0.60572843 | T78: =IFERROR(M78/L78,0) -> 0.0047150748
B79: 黄政 | C79: 6951594 | D79: com.king.candycrushsodasaga | E79: DE | F79: MTG | G79: 0.6 | H79: 250 | I79: =G79*H79*7 -> 1050 | J79: 截止24点 | K79: 19415 | L79: 12688 | M79: 68 | N79: 0.004 | O79: 0.699 | P79: 47.53 | Q79: =M79/H79 -> 0.272 | S79: =IFERROR(L79/K79,0) -> 0.65351532 | T79: =IFERROR(M79/L79,0) -> 0.0053593947
A81: 每日汇总 | B81: 周五 | K81: =SUM(K82:K85) -> 132182 | L81: =SUM(L82:L85) -> 73439 | P81: =SUM(P82:P85) -> 275.79
A82: 46283 | B82: 万科 | C82: 8998645 | D82: com.king.candycrushsaga | E82: TH | F82: MTG | G82: 0.28 | H82: 200 | I82: =G82*H82*7 -> 392 | J82: 截止24点 | K82: 128 | L82: 52 | M82: 0 | N82: 0 | O82: 0 | P82: 0 | Q82: =M82/H82 -> 0 | S82: =IFERROR(L82/K82,0) -> 0.40625 | T82: =IFERROR(M82/L82,0) -> 0
C83: 5497580 | D83: com.king.candycrushsaga | E83: TH | F83: MTG | G83: 0.28 | H83: 1300 | I83: =G83*H83*7 -> 2548 | J83: 截止24点 | K83: 100976 | L83: 54606 | M83: 934 | N83: 0.004 | O83: 0.252 | P83: 235.41 | Q83: =M83/H83 -> 0.71846154 | S83: =IFERROR(L83/K83,0) -> 0.54078197 | T83: =IFERROR(M83/L83,0) -> 0.017104348
C84: 91407542 | D84: com.king.candycrushsaga | E84: ID | F84: MTG | G84: 0.02 | H84: 600 | I84: =G84*H84*7 -> 84 | J84: 截止24点 | K84: 20794 | L84: 12311 | M84: 174 | N84: 0 | O84: 0.02 | P84: 3.56 | Q84: =M84/H84 -> 0.29 | S84: =IFERROR(L84/K84,0) -> 0.59204578 | T84: =IFERROR(M84/L84,0) -> 0.014133702
B85: 黄政 | C85: 6951594 | D85: com.king.candycrushsodasaga | E85: DE | F85: MTG | G85: 0.6 | H85: 250 | I85: =G85*H85*7 -> 1050 | J85: 截止24点 | K85: 10284 | L85: 6470 | M85: 53 | N85: 0.006 | O85: 0.695 | P85: 36.82 | Q85: =M85/H85 -> 0.212 | S85: =IFERROR(L85/K85,0) -> 0.62913263 | T85: =IFERROR(M85/L85,0) -> 0.0081916538
A87: 每日汇总 | B87: 周四 | K87: =SUM(K88:K91) -> 114342 | L87: =SUM(L88:L91) -> 64767 | P87: =SUM(P88:P91) -> 276.806
A88: 46282 | B88: 万科 | C88: 8998645 | D88: com.king.candycrushsaga | E88: TH | F88: MTG | G88: 0.28 | H88: 200 | I88: =G88*H88*7 -> 392 | J88: 截止24点 | K88: 122 | L88: 68 | M88: 0 | N88: 0 | O88: 0 | P88: 0 | Q88: =M88/H88 -> 0 | S88: =IFERROR(L88/K88,0) -> 0.55737705 | T88: =IFERROR(M88/L88,0) -> 0
C89: 5497580 | D89: com.king.candycrushsaga | E89: TH | F89: MTG | G89: 0.28 | H89: 1300 | I89: =G89*H89*7 -> 2548 | J89: 截止24点 | K89: 78529 | L89: 42524 | M89: 993 | N89: 0.006 | O89: 0.253 | P89: 251.366 | Q89: =M89/H89 -> 0.76384615 | S89: =IFERROR(L89/K89,0) -> 0.54150696 | T89: =IFERROR(M89/L89,0) -> 0.023351519
C90: 91407542 | D90: com.king.candycrushsaga | E90: ID | F90: MTG | G90: 0.02 | H90: 600 | I90: =G90*H90*7 -> 84 | J90: 截止24点 | K90: 25651 | L90: 15850 | M90: 284 | N90: 0 | O90: 0.021 | P90: 5.84 | Q90: =M90/H90 -> 0.47333333 | S90: =IFERROR(L90/K90,0) -> 0.61790963 | T90: =IFERROR(M90/L90,0) -> 0.017917981
B91: 黄政 | C91: 6951594 | D91: com.king.candycrushsodasaga | E91: DE | F91: MTG | G91: 0.6 | H91: 250 | I91: =G91*H91*7 -> 1050 | J91: 截止24点 | K91: 10040 | L91: 6325 | M91: 28 | N91: 0.003 | O91: 0.7 | P91: 19.6 | Q91: =M91/H91 -> 0.112 | S91: =IFERROR(L91/K91,0) -> 0.62998008 | T91: =IFERROR(M91/L91,0) -> 0.0044268775
A93: 每日汇总 | B93: 周三 | K93: =SUM(K94:K97) -> 169563 | L93: =SUM(L94:L97) -> 97142 | P93: =SUM(P94:P97) -> 340.464
A94: 46281 | B94: 万科 | C94: 8998645 | D94: com.king.candycrushsaga | E94: TH | F94: MTG | G94: 0.28 | H94: 200 | I94: =G94*H94*7 -> 392 | J94: 截止24点 | K94: 137 | L94: 59 | M94: 0 | N94: 0 | O94: 0 | P94: 0 | Q94: =M94/H94 -> 0 | S94: =IFERROR(L94/K94,0) -> 0.43065693 | T94: =IFERROR(M94/L94,0) -> 0
C95: 5497580 | D95: com.king.candycrushsaga | E95: TH | F95: MTG | G95: 0.28 | H95: 1300 | I95: =G95*H95*7 -> 2548 | J95: 截止24点 | K95: 119328 | L95: 66036 | M95: 1201 | N95: 0.005 | O95: 0.253 | P95: 303.764 | Q95: =M95/H95 -> 0.92384615 | S95: =IFERROR(L95/K95,0) -> 0.55339903 | T95: =IFERROR(M95/L95,0) -> 0.018187049
C96: 91407542 | D96: com.king.candycrushsaga | E96: ID | F96: MTG | G96: 0.02 | H96: 600 | I96: =G96*H96*7 -> 84 | J96: 截止24点 | K96: 18236 | L96: 11286 | M96: 257 | N96: 0 | O96: 0.021 | P96: 5.34 | Q96: =M96/H96 -> 0.42833333 | S96: =IFERROR(L96/K96,0) -> 0.61888572 | T96: =IFERROR(M96/L96,0) -> 0.022771575
B97: 黄政 | C97: 6951594 | D97: com.king.candycrushsodasaga | E97: DE | F97: MTG | G97: 0.6 | H97: 250 | I97: =G97*H97*7 -> 1050 | J97: 截止24点 | K97: 31862 | L97: 19761 | M97: 45 | N97: 0.002 | O97: 0.697 | P97: 31.36 | Q97: =M97/H97 -> 0.18 | S97: =IFERROR(L97/K97,0) -> 0.62020589 | T97: =IFERROR(M97/L97,0) -> 0.0022772127
A99: 每日汇总 | B99: 周二 | K99: =SUM(K100:K103) -> 173027 | L99: =SUM(L100:L103) -> 100653 | P99: =SUM(P100:P103) -> 247.504
A100: 46280 | B100: 万科 | C100: 8998645 | D100: com.king.candycrushsaga | E100: TH | F100: MTG | G100: 0.28 | H100: 200 | I100: =G100*H100*7 -> 392 | J100: 截止24点 | K100: 210 | L100: 75 | M100: 0 | N100: 0 | O100: 0 | P100: 0 | Q100: =M100/H100 -> 0 | S100: =IFERROR(L100/K100,0) -> 0.35714286 | T100: =IFERROR(M100/L100,0) -> 0
C101: 5497580 | D101: com.king.candycrushsaga | E101: TH | F101: MTG | G101: 0.28 | H101: 1300 | I101: =G101*H101*7 -> 2548 | J101: 截止24点 | K101: 106336 | L101: 59347 | M101: 769 | N101: 0.003 | O101: 0.252 | P101: 193.744 | Q101: =M101/H101 -> 0.59153846 | S101: =IFERROR(L101/K101,0) -> 0.55810826 | T101: =IFERROR(M101/L101,0) -> 0.01295769
C102: 91407542 | D102: com.king.candycrushsaga | E102: ID | F102: MTG | G102: 0.02 | H102: 600 | I102: =G102*H102*7 -> 84 | J102: 截止24点 | K102: 26074 | L102: 15848 | M102: 126 | N102: 0 | O102: 0.021 | P102: 2.66 | Q102: =M102/H102 -> 0.21 | S102: =IFERROR(L102/K102,0) -> 0.60780854 | T102: =IFERROR(M102/L102,0) -> 0.00795053
B103: 黄政 | C103: 6951594 | D103: com.king.candycrushsodasaga | E103: DE | F103: MTG | G103: 0.6 | H103: 250 | I103: =G103*H103*7 -> 1050 | J103: 截止24点 | K103: 40407 | L103: 25383 | M103: 73 | N103: 0.002 | O103: 0.7 | P103: 51.1 | Q103: =M103/H103 -> 0.292 | S103: =IFERROR(L103/K103,0) -> 0.62818324 | T103: =IFERROR(M103/L103,0) -> 0.0028759406
A105: 每日汇总 | B105: 周一 | K105: =SUM(K106:K109) -> 101690 | L105: =SUM(L106:L109) -> 60647 | P105: =SUM(P106:P109) -> 266.66
A106: 46279 | B106: 万科 | C106: 8998645 | D106: com.king.candycrushsaga | E106: TH | F106: MTG | G106: 0.28 | H106: 200 | I106: =G106*H106*7 -> 392 | J106: 截止24点 | K106: 113 | L106: 55 | M106: 3 | N106: 0.009 | O106: 0.159 | P106: 0.478 | Q106: =M106/H106 -> 0.015 | S106: =IFERROR(L106/K106,0) -> 0.48672566 | T106: =IFERROR(M106/L106,0) -> 0.054545455
C107: 5497580 | D107: com.king.candycrushsaga | E107: TH | F107: MTG | G107: 0.28 | H107: 1300 | I107: =G107*H107*7 -> 2548 | J107: 截止24点 | K107: 44523 | L107: 23648 | M107: 717 | N107: 0.008 | O107: 0.256 | P107: 183.782 | Q107: =M107/H107 -> 0.55153846 | S107: =IFERROR(L107/K107,0) -> 0.53114121 | T107: =IFERROR(M107/L107,0) -> 0.030319689
C108: 91407542 | D108: com.king.candycrushsaga | E108: ID | F108: MTG | G108: 0.02 | H108: 600 | I108: =G108*H108*7 -> 84 | J108: 截止24点 | K108: 18141 | L108: 11783 | M108: 231 | N108: 0 | O108: 0.02 | P108: 4.7 | Q108: =M108/H108 -> 0.385 | S108: =IFERROR(L108/K108,0) -> 0.64952318 | T108: =IFERROR(M108/L108,0) -> 0.019604515
B109: 黄政 | C109: 6951594 | D109: com.king.candycrushsodasaga | E109: DE | F109: MTG | G109: 0.6 | H109: 250 | I109: =G109*H109*7 -> 1050 | J109: 截止24点 | K109: 38913 | L109: 25161 | M109: 111 | N109: 0.003 | O109: 0.7 | P109: 77.7 | Q109: =M109/H109 -> 0.444 | S109: =IFERROR(L109/K109,0) -> 0.64659625 | T109: =IFERROR(M109/L109,0) -> 0.0044115894
A111: 每日汇总 | B111: 周日 | K111: =SUM(K112:K115) -> 151876 | L111: =SUM(L112:L115) -> 90316 | P111: =SUM(P112:P115) -> 286.476
A112: 46278 | B112: 万科 | C112: 8998645 | D112: com.king.candycrushsaga | E112: TH | F112: MTG | G112: 0.28 | H112: 200 | I112: =G112*H112*7 -> 392 | J112: 截止24点 | K112: 334 | L112: 131 | M112: 2 | N112: 0.006 | O112: 0.384 | P112: 0.768 | Q112: =M112/H112 -> 0.01 | S112: =IFERROR(L112/K112,0) -> 0.39221557 | T112: =IFERROR(M112/L112,0) -> 0.015267176
C113: 5497580 | D113: com.king.candycrushsaga | E113: TH | F113: MTG | G113: 0.28 | H113: 1300 | I113: =G113*H113*7 -> 2548 | J113: 截止24点 | K113: 100283 | L113: 56291 | M113: 828 | N113: 0.004 | O113: 0.254 | P113: 209.928 | Q113: =M113/H113 -> 0.63692308 | S113: =IFERROR(L113/K113,0) -> 0.56132146 | T113: =IFERROR(M113/L113,0) -> 0.014709279
C114: 91407542 | D114: com.king.candycrushsaga | E114: ID | F114: MTG | G114: 0.02 | H114: 600 | I114: =G114*H114*7 -> 84 | J114: 截止24点 | K114: 27058 | L114: 18097 | M114: 317 | N114: 0 | O114: 0.02 | P114: 6.48 | Q114: =M114/H114 -> 0.52833333 | S114: =IFERROR(L114/K114,0) -> 0.66882253 | T114: =IFERROR(M114/L114,0) -> 0.017516715
B115: 黄政 | C115: 6951594 | D115: com.king.candycrushsodasaga | E115: DE | F115: MTG | G115: 0.6 | H115: 250 | I115: =G115*H115*7 -> 1050 | J115: 截止24点 | K115: 24201 | L115: 15797 | M115: 99 | N115: 0.004 | O115: 0.7 | P115: 69.3 | Q115: =M115/H115 -> 0.396 | S115: =IFERROR(L115/K115,0) -> 0.65274162 | T115: =IFERROR(M115/L115,0) -> 0.0062670127
A117: 每日汇总 | B117: 周六 | K117: =SUM(K118:K121) -> 132106 | L117: =SUM(L118:L121) -> 81733 | P117: =SUM(P118:P121) -> 218.649
A118: 46277 | B118: 万科 | C118: 8998645 | D118: com.king.candycrushsaga | E118: TH | F118: MTG | G118: 0.28 | H118: 200 | I118: =G118*H118*7 -> 392 | J118: 截止24点 | K118: 256 | L118: 116 | M118: 2 | N118: 0.001 | O118: 0.049 | P118: 0.099 | Q118: =M118/H118 -> 0.01 | S118: =IFERROR(L118/K118,0) -> 0.453125 | T118: =IFERROR(M118/L118,0) -> 0.017241379
...

Sheet 数据透视表
B1: 39
A3: Adpingid | B3: 包名 | C3: 平台 | D3: 地区 | E3: 求和:平台转化数量 | F3: 求和:花费
A4: 11892329 | B4: com.amazon.mShop.android.shopping | C4: MTG | D4: BR | E4: 20914 | F4: 4691.59
A5: 7815836 | B5: com.kwai.bulldog | C5: MTG | D5: ID | E5: 28079 | F5: 3321.85
A6: 5464039 | B6: com.king.candycrushsaga | C6: MTG | D6: MY | E6: 9832 | F6: 2934.38
A7: 5497580 | B7: com.king.candycrushsaga | C7: MTG | D7: TH | E7: 11655 | F7: 2931.196
A8: 11511535 | B8: com.yandex.bank | C8: Mediago | D8: RU | E8: 4036 | F8: 1575.48
A9: 8291713 | B9: ru.kinopoisk | C9: MTG | D9: RU | E9: 10500 | F9: 1417.5
A10: 5963354 | B10: ru.ozon.app.android | C10: MTG | D10: KZ | E10: 2325 | F10: 1337.533
A11: 11690181 | B11: astrum.ent.m2alyona | C11: MTG | D11: RU | E11: 2800 | F11: 1176
A12: 8628042 | B12: asrtum.ent.domovyata | C12: Mediago | D12: RU | E12: 2609 | F12: 983.24
A13: 8460883 | B13: com.king.candycrushsodasaga | C13: MTG | D13: BR | E13: 6713 | F13: 938.294
A14: 6951594 | B14: com.king.candycrushsodasaga | C14: MTG | D14: DE | E14: 1258 | F14: 880.53
A15: 6607117 | B15: ru.aliexpress.buyer | C15: MTG | D15: RU | E15: 839 | F15: 840.159
... A154: 10295313 | B154: ru.uteka.app | C154: MTG | D154: RU | E154: 0 | F154: 0

Sheet Week39
E1: Week
A2: Adpingid | B2: 包名 | C2: 平台 | D2: 地区 | E2: 39 | F2: 38 | G2: 消耗环比 | H2: 变动原因：差值在+-15%的都需要仔细复盘 1、具体的预算增加或者控量动作的时间点 2、如果有降预算问清楚降预算原因 3、广告自身的变化：素材增加/衰退后的表现，子渠道调整，价格调整 4、外部变化：平台流量变化/竞争原因，比如CPM？CPC？CTR？CVR？是否有变动？ | I2: 下一步计划 (根据变动原因需要做出的对应动作，以及需要什么支持？比如cap超跑需要帮助check是否有bug，需要check事件表现，需要新素材，需要提价&加预算等等)
A3: 11892329 | B3: com.amazon.mShop.android.shopping | C3: MTG | D3: BR | E3: =SUMIFS('平台消耗统计'!I:I,'平台消耗统计'!A:A,$E$2,'平台消耗统计'!C:C,A3) -> 4691.59 | F3: =SUMIFS('平台消耗统计'!I:I,'平台消耗统计'!A:A,$F$2,'平台消耗统计'!C:C,A3) -> 1633.26 | G3: =IFERROR((E3-F3)/F3,0) -> 1.872531
A4: 7815836 | B4: com.kwai.bulldog | C4: MTG | D4: ID | E4: =SUMIFS('平台消耗统计'!I:I,'平台消耗统计'!A:A,$E$2,'平台消耗统计'!C:C,A4) -> 3321.85 | F4: =SUMIFS('平台消耗统计'!I:I,'平台消耗统计'!A:A,$F$2,'平台消耗统计'!C:C,A4) -> 2174.34 | G4: =IFERROR((E4-F4)/F4,0) -> 0.52775095
A5: 5464039 | B5: com.king.candycrushsaga | C5: MTG | D5: MY | E5: =SUMIFS('平台消耗统计'!I:I,'平台消耗统计'!A:A,$E$2,'平台消耗统计'!C:C,A5) -> 2934.38 | F5: =SUMIFS('平台消耗统计'!I:I,'平台消耗统计'!A:A,$F$2,'平台消耗统计'!C:C,A5) -> 3258.14 | G5: =IFERROR((E5-F5)/F5,0) -> -0.099369579
A6: 5497580 | B6: com.king.candycrushsaga | C6: MTG | D6: TH | E6: =SUMIFS('平台消耗统计'!I:I,'平台消耗统计'!A:A,$E$2,'平台消耗统计'!C:C,A6) -> 2931.196 | F6: =SUMIFS('平台消耗统计'!I:I,'平台消耗统计'!A:A,$F$2,'平台消耗统计'!C:C,A6) -> 2718.167 | G6: =IFERROR((E6-F6)/F6,0) -> 0.0783723
A7: 11511535 | B7: com.yandex.bank | C7: Mediago | D7: RU | E7: =SUMIFS('平台消耗统计'!I:I,'平台消耗统计'!A:A,$E$2,'平台消耗统计'!C:C,A7) -> 1575.48 | F7: =SUMIFS('平台消耗统计'!I:I,'平台消耗统计'!A:A,$F$2,'平台消耗统计'!C:C,A7) -> 805.32 | G7: =IFERROR((E7-F7)/F7,0) -> 0.95634034
A8: 8291713 | B8: ru.kinopoisk | C8: MTG | D8: RU | E8: =SUMIFS('平台消耗统计'!I:I,'平台消耗统计'!A:A,$E$2,'平台消耗统计'!C:C,A8) -> 1417.5 | F8: =SUMIFS('平台消耗统计'!I:I,'平台消耗统计'!A:A,$F$2,'平台消耗统计'!C:C,A8) -> 1417.5 | G8: =IFERROR((E8-F8)/F8,0) -> 0
A9: 5963354 | B9: ru.ozon.app.android | C9: MTG | D9: KZ | E9: =SUMIFS('平台消耗统计'!I:I,'平台消耗统计'!A:A,$E$2,'平台消耗统计'!C:C,A9) -> 1337.533 | F9: =SUMIFS('平台消耗统计'!I:I,'平台消耗统计'!A:A,$F$2,'平台消耗统计'!C:C,A9) -> 1279.208 | G9: =IFERROR((E9-F9)/F9,0) -> 0.045594618
A10: 11690181 | B10: astrum.ent.m2alyona | C10: MTG | D10: RU | E10: =SUMIFS('平台消耗统计'!I:I,'平台消耗统计'!A:A,$E$2,'平台消耗统计'!C:C,A10) -> 1176 | F10: =SUMIFS('平台消耗统计'!I:I,'平台消耗统计'!A:A,$F$2,'平台消耗统计'!C:C,A10) -> 1260 | G10: =IFERROR((E10-F10)/F10,0) -> -0.066666667
A11: 8628042 | B11: asrtum.ent.domovyata | C11: Mediago | D11: RU | E11: =SUMIFS('平台消耗统计'!I:I,'平台消耗统计'!A:A,$E$2,'平台消耗统计'!C:C,A11) -> 983.24 | F11: =SUMIFS('平台消耗统计'!I:I,'平台消耗统计'!A:A,$F$2,'平台消耗统计'!C:C,A11) -> 1130.97 | G11: =IFERROR((E11-F11)/F11,0) -> -0.13062239
A12: 8460883 | B12: com.king.candycrushsodasaga | C12: MTG | D12: BR | E12: =SUMIFS('平台消耗统计'!I:I,'平台消耗统计'!A:A,$E$2,'平台消耗统计'!C:C,A12) -> 938.294 | F12: =SUMIFS('平台消耗统计'!I:I,'平台消耗统计'!A:A,$F$2,'平台消耗统计'!C:C,A12) -> 911.96 | G12: =IFERROR((E12-F12)/F12,0) -> 0.028876267
A13: 6951594 | B13: com.king.candycrushsodasaga | C13: MTG | D13: DE | E13: =SUMIFS('平台消耗统计'!I:I,'平台消耗统计'!A:A,$E$2,'平台消耗统计'!C:C,A13) -> 880.53 | F13: =SUMIFS('平台消耗统计'!I:I,'平台消耗统计'!A:A,$F$2,'平台消耗统计'!C:C,A13) -> 791.56 | G13: =IFERROR((E13-F13)/F13,0) -> 0.1123983
A14: 6607117 | B14: ru.aliexpress.buyer | C14: MTG | D14: RU | E14: =SUMIFS('平台消耗统计'!I:I,'平台消耗统计'!A:A,$E$2,'平台消耗统计'!C:C,A14) -> 840.159 | F14: =SUMIFS('平台消耗统计'!I:I,'平台消耗统计'!A:A,$F$2,'平台消耗统计'!C:C,A14) -> 1019.803 | G14: =IFERROR((E14-F14)/F14,0) -> -0.17615559
... A153: 10295313 | B153: ru.uteka.app | C153: MTG | D153: RU | E153: =SUMIFS('平台消耗统计'!I:I,'平台消耗统计'!A:A,$E$2,'平台消耗统计'!C:C,A153) -> 0 | F153: =SUMIFS('平台消耗统计'!I:I,'平台消耗统计'!A:A,$F$2,'平台消耗统计'!C:C,A153) -> 0 | G153: =IFERROR((E153-F153)/F153,0) -> 0
E154: =SUMIFS('平台消耗统计'!I:I,'平台消耗统计'!A:A,$E$2,'平台消耗统计'!C:C,A154) -> 0 | F154: =SUMIFS('平台消耗统计'!I:I,'平台消耗统计'!A:A,$F$2,'平台消耗统计'!C:C,A154) -> 0 | G154: =IFERROR((E154-F154)/F154,0) -> 0
E155: =SUMIFS('平台消耗统计'!I:I,'平台消耗统计'!A:A,$E$2,'平台消耗统计'!C:C,A155) -> 0 | F155: =SUMIFS('平台消耗统计'!I:I,'平台消耗统计'!A:A,$F$2,'平台消耗统计'!C:C,A155) -> 0 | G155: =IFERROR((E155-F155)/F155,0) -> 0
E156: =SUMIFS('平台消耗统计'!I:I,'平台消耗统计'!A:A,$E$2,'平台消耗统计'!C:C,A156) -> 0 | F156: =SUMIFS('平台消耗统计'!I:I,'平台消耗统计'!A:A,$F$2,'平台消耗统计'!C:C,A156) -> 0 | G156: =IFERROR((E156-F156)/F156,0) -> 0
E157: =SUMIFS('平台消耗统计'!I:I,'平台消耗统计'!A:A,$E$2,'平台消耗统计'!C:C,A157) -> 0 | F157: =SUMIFS('平台消耗统计'!I:I,'平台消耗统计'!A:A,$F$2,'平台消耗统计'!C:C,A157) -> 0 | G157: =IFERROR((E157-F157)/F157,0) -> 0
E158: =SUMIFS('平台消耗统计'!I:I,'平台消耗统计'!A:A,$E$2,'平台消耗统计'!C:C,A158) -> 0 | F158: =SUMIFS('平台消耗统计'!I:I,'平台消耗统计'!A:A,$F$2,'平台消耗统计'!C:C,A158) -> 0 | G158: =IFERROR((E158-F158)/F158,0) -> 0
E159: =SUMIFS('平台消耗统计'!I:I,'平台消耗统计'!A:A,$E$2,'平台消耗统计'!C:C,A159) -> 0 | F159: =SUMIFS('平台消耗统计'!I:I,'平台消耗统计'!A:A,$F$2,'平台消耗统计'!C:C,A159) -> 0 | G159: =IFERROR((E159-F159)/F159,0) -> 0
E160: =SUMIFS('平台消耗统计'!I:I,'平台消耗统计'!A:A,$E$2,'平台消耗统计'!C:C,A160) -> 0 | F160: =SUMIFS('平台消耗统计'!I:I,'平台消耗统计'!A:A,$F$2,'平台消耗统计'!C:C,A160) -> 0 | G160: =IFERROR((E160-F160)/F160,0) -> 0
E161: =SUMIFS('平台消耗统计'!I:I,'平台消耗统计'!A:A,$E$2,'平台消耗统计'!C:C,A161) -> 0 | F161: =SUMIFS('平台消耗统计'!I:I,'平台消耗统计'!A:A,$F$2,'平台消耗统计'!C:C,A161) -> 0 | G161: =IFERROR((E161-F161)/F161,0) -> 0
E162: =SUMIFS('平台消耗统计'!I:I,'平台消耗统计'!A:A,$E$2,'平台消耗统计'!C:C,A162) -> 0 | F162: =SUMIFS('平台消耗统计'!I:I,'平台消耗统计'!A:A,$F$2,'平台消耗统计'!C:C,A162) -> 0 | G162: =IFERROR((E162-F162)/F162,0) -> 0
E163: =SUMIFS('平台消耗统计'!I:I,'平台消耗统计'!A:A,$E$2,'平台消耗统计'!C:C,A163) -> 0 | F163: =SUMIFS('平台消耗统计'!I:I,'平台消耗统计'!A:A,$F$2,'平台消耗统计'!C:C,A163) -> 0 | G163: =IFERROR((E163-F163)/F163,0) -> 0
E164: =SUMIFS('平台消耗统计'!I:I,'平台消耗统计'!A:A,$E$2,'平台消耗统计'!C:C,A164) -> 0 | F164: =SUMIFS('平台消耗统计'!I:I,'平台消耗统计'!A:A,$F$2,'平台消耗统计'!C:C,A164) -> 0 | G164: =IFERROR((E164-F164)/F164,0) -> 0
E165: =SUMIFS('平台消耗统计'!I:I,'平台消耗统计'!A:A,$E$2,'平台消耗统计'!C:C,A165) -> 0 | F165: =SUMIFS('平台消耗统计'!I:I,'平台消耗统计'!A:A,$F$2,'平台消耗统计'!C:C,A165) -> 0 | G165: =IFERROR((E165-F165)/F165,0) -> 0
... E172: =SUMIFS('平台消耗统计'!I:I,'平台消耗统计'!A:A,$E$2,'平台消耗统计'!C:C,A172) -> 0 | F172: =SUMIFS('平台消耗统计'!I:I,'平台消耗统计'!A:A,$F$2,'平台消耗统计'!C:C,A172) -> 0 | G172: =IFERROR((E172-F172)/F172,0) -> 0

Sheet Week38
E1: Week
A2: Adpingid | B2: 包名 | C2: 平台 | D2: 地区 | E2: 38 | F2: 37 | G2: 消耗环比 | H2: 变动原因：差值在+-15%的都需要仔细复盘 1、具体的预算增加或者控量动作的时间点 2、如果有降预算问清楚降预算原因 3、广告自身的变化：素材增加/衰退后的表现，子渠道调整，价格调整 4、外部变化：平台流量变化/竞争原因，比如CPM？CPC？CTR？CVR？是否有变动？ | I2: 下一步计划 (根据变动原因需要做出的对应动作，以及需要什么支持？比如cap超跑需要帮助check是否有bug，需要check事件表现，需要新素材，需要提价&加预算等等)
A3: 5464039 | B3: com.king.candycrushsaga | C3: MTG | D3: MY | E3: =SUMIFS('平台消耗统计'!I:I,'平台消耗统计'!A:A,$E$2,'平台消耗统计'!C:C,A3) -> 3258.14 | F3: =SUMIFS('平台消耗统计'!I:I,'平台消耗统计'!A:A,$F$2,'平台消耗统计'!C:C,A3) -> 2964.658 | G3: =IFERROR((E3-F3)/F3,0) -> 0.098993543 | H3: 9/16cap加到1700了 | I3: 继续观察，定期优化子渠道
A4: 5497580 | B4: com.king.candycrushsaga | C4: MTG | D4: TH | E4: =SUMIFS('平台消耗统计'!I:I,'平台消耗统计'!A:A,$E$2,'平台消耗统计'!C:C,A4) -> 2718.167 | F4: =SUMIFS('平台消耗统计'!I:I,'平台消耗统计'!A:A,$F$2,'平台消耗统计'!C:C,A4) -> 2394.791 | G4: =IFERROR((E4-F4)/F4,0) -> 0.13503308 | H4: 9/16cap加到1700，每天打满稳定 | I4: 定期优化子渠道保持量级不变。
A5: 8628042 | B5: asrtum.ent.domovyata | C5: Mediago | D5: RU | E5: =SUMIFS('平台消耗统计'!I:I,'平台消耗统计'!A:A,$E$2,'平台消耗统计'!C:C,A5) -> 1130.97 | F5: =SUMIFS('平台消耗统计'!I:I,'平台消耗统计'!A:A,$F$2,'平台消耗统计'!C:C,A5) -> 2183.6 | G5: =IFERROR((E5-F5)/F5,0) -> -0.48206173 | H5: 9.15cap从600降到500，9.20继续降到400每天都能打满 这周的成本降到了0.35 整体成本也降到了0.5 | I5: 继续保持打满
A6: 7815836 | B6: com.kwai.bulldog | C6: MTG | D6: ID | E6: =SUMIFS('平台消耗统计'!I:I,'平台消耗统计'!A:A,$E$2,'平台消耗统计'!C:C,A6) -> 2174.34 | F6: =SUMIFS('平台消耗统计'!I:I,'平台消耗统计'!A:A,$F$2,'平台消耗统计'!C:C,A6) -> 1845.055 | G6: =IFERROR((E6-F6)/F6,0) -> 0.17846893 | H6: 9.15出价从0.09提到了0.1并把主力渠道提到了0.12后9.19继续把主力渠道提到了0.16并新建广告没有剔除任何子渠道但出价只有0.08并把拒绝高的几个子渠道价格控制在0.07 对比上周量上涨了2000多个成本上了0.002 | I6: 继续提价优化子渠道上新素材
A7: 8291713 | B7: ru.kinopoisk | C7: MTG | D7: RU | E7: =SUMIFS('平台消耗统计'!I:I,'平台消耗统计'!A:A,$E$2,'平台消耗统计'!C:C,A7) -> 1417.5 | F7: =SUMIFS('平台消耗统计'!I:I,'平台消耗统计'!A:A,$F$2,'平台消耗统计'!C:C,A7) -> 1419.397 | G7: =IFERROR((E7-F7)/F7,0) -> -0.001336483 | H7: 最近已变稳定，每日打满cap | I7: 继续保持打满cap
A8: 11690181 | B8: astrum.ent.m2alyona | C8: MTG | D8: RU | E8: =SUMIFS('平台消耗统计'!I:I,'平台消耗统计'!A:A,$E$2,'平台消耗统计'!C:C,A8) -> 1260 | F8: =SUMIFS('平台消耗统计'!I:I,'平台消耗统计'!A:A,$F$2,'平台消耗统计'!C:C,A8) -> 1412.55 | G8: =IFERROR((E8-F8)/F8,0) -> -0.10799618 | H8: 稳定订单 9.16cap从500降到400 每天都能打满 | I8: 继续保持打满
A9: 5963354 | B9: ru.ozon.app.android | C9: MTG | D9: KZ | E9: =SUMIFS('平台消耗统计'!I:I,'平台消耗统计'!A:A,$E$2,'平台消耗统计'!C:C,A9) -> 1279.208 | F9: =SUMIFS('平台消耗统计'!I:I,'平台消耗统计'!A:A,$F$2,'平台消耗统计'!C:C,A9) -> 1299.066 | G9: =IFERROR((E9-F9)/F9,0) -> -0.015286367 | H9: 合理范围内波动，转化量略有掉 | I9: 正常更新一组素材
A10: 8460883 | B10: com.king.candycrushsodasaga | C10: MTG | D10: BR | E10: =SUMIFS('平台消耗统计'!I:I,'平台消耗统计'!A:A,$E$2,'平台消耗统计'!C:C,A10) -> 911.96 | F10: =SUMIFS('平台消耗统计'!I:I,'平台消耗统计'!A:A,$F$2,'平台消耗统计'!C:C,A10) -> 1157.646 | G10: =IFERROR((E10-F10)/F10,0) -> -0.21222895 | H10: 更新了新的素材，之前有量的渠道在gp商店下架了有影响，也在做渠道的价格调整 | I10: 继续做渠道的调整
A11: 6951594 | B11: com.king.candycrushsodasaga | C11: MTG | D11: DE | E11: =SUMIFS('平台消耗统计'!I:I,'平台消耗统计'!A:A,$E$2,'平台消耗统计'!C:C,A11) -> 791.56 | F11: =SUMIFS('平台消耗统计'!I:I,'平台消耗统计'!A:A,$F$2,'平台消耗统计'!C:C,A11) -> 1113 | G11: =IFERROR((E11-F11)/F11,0) -> -0.28880503 | H11: 更新了新的素材，之前有量的渠道在gp商店下架了有影响，也在做渠道的价格调整 | I11: 继续做渠道的调整
A12: 10912510 | B12: com.amazon.mShop.android.shopping | C12: Kwai | D12: BR | E12: =SUMIFS('平台消耗统计'!I:I,'平台消耗统计'!A:A,$E$2,'平台消耗统计'!C:C,A12) -> 874.7 | F12: =SUMIFS('平台消耗统计'!I:I,'平台消耗统计'!A:A,$F$2,'平台消耗统计'!C:C,A12) -> 948.56 | G12: =IFERROR((E12-F12)/F12,0) -> -0.077865396 | H12: 差值没多少，但是转化量级差很多，目前基本是超成本在跑，新户成本更高接近2刀，考虑关掉新户 | I12: 继续上新素材和换户跑
A13: 6607117 | B13: ru.aliexpress.buyer | C13: MTG | D13: RU | E13: =SUMIFS('平台消耗统计'!I:I,'平台消耗统计'!A:A,$E$2,'平台消耗统计'!C:C,A13) -> 1019.803 | F13: =SUMIFS('平台消耗统计'!I:I,'平台消耗统计'!A:A,$F$2,'平台消耗统计'!C:C,A13) -> 879.32 | G13: =IFERROR((E13-F13)/F13,0) -> 0.15976323 | H13: CPE正常差值，成本上来了一点。每天基本稳定 | I13: 定期优化素材保持量级不变
A14: 2732727 | B14: com.amazon.mShop.android.shopping | C14: MTG | D14: SA | E14: =SUMIFS('平台消耗统计'!I:I,'平台消耗统计'!A:A,$E$2,'平台消耗统计'!C:C,A14) -> 616.35 | F14: =SUMIFS('平台消耗统计'!I:I,'平台消耗统计'!A:A,$F$2,'平台消耗统计'!C:C,A14) -> 807.725 | G14: =IFERROR((E14-F14)/F14,0) -> -0.23693089 | H14: 更新了新的素材，在做渠道价格调整 | I14: 继续做渠道的调整
... A25: 9333145 | B25: com.gloriajeans.mobile | C25: Mediago | D25: RU | E25: =SUMIFS('平台消耗统计'!I:I,'平台消耗统计'!A:A,$E$2,'平台消耗统计'!C:C,A25) -> 267.12 | F25: =SUMIFS('平台消耗统计'!I:I,'平台消耗统计'!A:A,$F$2,'平台消耗统计'!C:C,A25) -> 333.79 | G25: =IFERROR((E25-F25)/F25,0) -> -0.19973636 | H25: 9/15出价降到0.35 | I25: 新单元上了素材没跑出来，今天给老单元也上了，后续观察一下
A26: 2783561 | B26: com.uma.musicvk | C26: MTG | D26: RU | E26: =SUMIFS('平台消耗统计'!I:I,'平台消耗统计'!A:A,$E$2,'平台消耗统计'!C:C,A26) -> 310.05 | F26: =SUMIFS('平台消耗统计'!I:I,'平台消耗统计'!A:A,$F$2,'平台消耗统计'!C:C,A26) -> 305.94 | G26: =IFERROR((E26-F26)/F26,0) -> 0.013434007 | H26: 每天量最只能90%，争取全部拿满从子渠道和素材方面操作
A27: 10599681 | B27: ru.kinopoisk | C27: MTG | D27: RU | E27: =SUMIFS('平台消耗统计'!I:I,'平台消耗统计'!A:A,$E$2,'平台消耗统计'!C:C,A27) -> 279.63 | F27: =SUMIFS('平台消耗统计'!I:I,'平台消耗统计'!A:A,$F$2,'平台消耗统计'!C:C,A27) -> 290.94 | G27: =IFERROR((E27-F27)/F27,0) -> -0.038873995 | H27: 人群包订单每天打满，偶尔小波动。 | I27: 定期优化素材保持量级不变
A28: 10813123 | B28: com.amazon.mShop.android.shopping | C28: Bigo | D28: BR | E28: =SUMIFS('平台消耗统计'!I:I,'平台消耗统计'!A:A,$E$2,'平台消耗统计'!C:C,A28) -> 171.888 | F28: =SUMIFS('平台消耗统计'!I:I,'平台消耗统计'!A:A,$F$2,'平台消耗统计'!C:C,A28) -> 279.2833 | G28: =IFERROR((E28-F28)/F28,0) -> -0.38453893 | H28: 新户也没量，老户的量也在掉 | I28: 继续堆素材和户
A29: 10298628 | B29: ru.mobstudio.andgalaxy | C29: Mediago | D29: RU | E29: =SUMIFS('平台消耗统计'!I:I,'平台消耗统计'!A:A,$E$2,'平台消耗统计'!C:C,A29) -> 218.69 | F29: =SUMIFS('平台消耗统计'!I:I,'平台消耗统计'!A:A,$F$2,'平台消耗统计'!C:C,A29) -> 275.48 | G29: =IFERROR((E29-F29)/F29,0) -> -0.20614927 | H29: 控成本价格降下来了，每天打满。 | I29: 定期优化素材保持量级不变
A30: 91399821 | B30: ru.kinopoisk | C30: Mediago | D30: RU | E30: =SUMIFS('平台消耗统计'!I:I,'平台消耗统计'!A:A,$E$2,'平台消耗统计'!C:C,A30) -> 298.42 | F30: =SUMIFS('平台消耗统计'!I:I,'平台消耗统计'!A:A,$F$2,'平台消耗统计'!C:C,A30) -> 258.2 | G30: =IFERROR((E30-F30)/F30,0) -> 0.15577072 | H30: 稳定订单，有时会因为实际跑出CPI不同导致价格不一样 | I30: 继续观察
A31: 6425889 | B31: com.amazon.mShop.android.shopping | C31: MTG | D31: ZA | E31: =SUMIFS('平台消耗统计'!I:I,'平台消耗统计'!A:A,$E$2,'平台消耗统计'!C:C,A31) -> 263.55 | F31: =SUMIFS('平台消耗统计'!I:I,'平台消耗统计'!A:A,$F$2,'平台消耗统计'!C:C,A31) -> 246.025 | G31: =IFERROR((E31-F31)/F31,0) -> 0.071232598 | H31: 调整了渠道价格和素材，略有提升 | I31: 保持量级正常。
A32: 6060965 | B32: ru.aliexpress.buyer | C32: MTG | D32: RU | E32: =SUMIFS('平台消耗统计'!I:I,'平台消耗统计'!A:A,$E$2,'平台消耗统计'!C:C,A32) -> 189.02 | F32: =SUMIFS('平台消耗统计'!I:I,'平台消耗统计'!A:A,$F$2,'平台消耗统计'!C:C,A32) -> 227.03 | G32: =IFERROR((E32-F32)/F32,0) -> -0.16742281 | H32: 人群包订单9/8 cap200>100，目前每天打满 | I32: 定期优化子渠道保持量级不变。
A33: 7572369 | B33: com.amazon.mShop.android.shopping | C33: MTG | D33: AE | E33: =SUMIFS('平台消耗统计'!I:I,'平台消耗统计'!A:A,$E$2,'平台消耗统计'!C:C,A33) -> 196.68 | F33: =SUMIFS('平台消耗统计'!I:I,'平台消耗统计'!A:A,$F$2,'平台消耗统计'!C:C,A33) -> 220.89 | G33: =IFERROR((E33-F33)/F33,0) -> -0.10960206 | H33: 调整了渠道价格和素材，效果有限 | I33: 考虑直接关闭然后上新的系列
A34: 10599157 | B34: com.edadeal.android | C34: MTG | D34: RU | E34: =SUMIFS('平台消耗统计'!I:I,'平台消耗统计'!A:A,$E$2,'平台消耗统计'!C:C,A34) -> 218.8 | F34: =SUMIFS('平台消耗统计'!I:I,'平台消耗统计'!A:A,$F$2,'平台消耗统计'!C:C,A34) -> 219.95 | G34: =IFERROR((E34-F34)/F34,0) -> -0.005228461 | H34: 人群包订单每天打满，偶尔小波动。 | I34: 定期优化素材保持量级不变
A35: 4383473 | B35: ru.aliexpress.buyer | C35: MTG | D35: RU | E35: =SUMIFS('平台消耗统计'!I:I,'平台消耗统计'!A:A,$E$2,'平台消耗统计'!C:C,A35) -> 207.918 | F35: =SUMIFS('平台消耗统计'!I:I,'平台消耗统计'!A:A,$F$2,'平台消耗统计'!C:C,A35) -> 199.476 | G35: =IFERROR((E35-F35)/F35,0) -> 0.042320881 | H35: 订单每天打满 | I35: 定期优化素材保持量级不变
A36: 7202934 | B36: com.fxpro.direct.application | C36: MTG | D36: PK | E36: =SUMIFS('平台消耗统计'!I:I,'平台消耗统计'!A:A,$E$2,'平台消耗统计'!C:C,A36) -> 231.35 | F36: =SUMIFS('平台消耗统计'!I:I,'平台消耗统计'!A:A,$F$2,'平台消耗统计'!C:C,A36) -> 195.57 | G36: =IFERROR((E36-F36)/F36,0) -> 0.1829524 | H36: 上周与am沟通后，不能提价，但转化有所提升 | I36: 继续更新渠道
A37: 91551388 | B37: com.netease.newspike | C37: Bigo | D37: US | E37: =SUMIFS('平台消耗统计'!I:I,'平台消耗统计'!A:A,$E$2,'平台消耗统计'!C:C,A37) -> 144.3534 | F37: =SUMIFS('平台消耗统计'!I:I,'平台消耗统计'!A:A,$F$2,'平台消耗统计'!C:C,A37) -> 175.845 | G37: =IFERROR((E37-F37)/F37,0) -> -0.17908726 | H37: 素材掉量，上了新的素材但仍没转化 | I37: 已根据出转素材上新素材，观察一下情况，不行就去其他账户建新单元
A38: 91496146 | B38: com.vitastudio.mahjong | C38: MTG | D38: MY | E38: =SUMIFS('平台消耗统计'!I:I,'平台消耗统计'!A:A,$E$2,'平台消耗统计'!C:C,A38) -> 78.68 | F38: =SUMIFS('平台消耗统计'!I:I,'平台消耗统计'!A:A,$F$2,'平台消耗统计'!C:C,A38) -> 173.46 | G38: =IFERROR((E38-F38)/F38,0) -> -0.54640839 | H38: 这周建了新链接的订单后这个单子每天下午就不转化了 不知道是不是客户那边设置了 | I38: 上新素材优化渠道
... A41: 5963400 | B41: ru.ozon.app.android | C41: MTG | D41: UZ | E41: =SUMIFS('平台消耗统计'!I:I,'平台消耗统计'!A:A,$E$2,'平台消耗统计'!C:C,A41) -> 68.2 | F41: =SUMIFS('平台消耗统计'!I:I,'平台消耗统计'!A:A,$F$2,'平台消耗统计'!C:C,A41) -> 163.55 | G41: =IFERROR((E41-F41)/F41,0) -> -0.58300214 | H41: 9/7 cap 300→100 出价0.4→0.2，日消耗降低 | I41: 保持打满cap
A42: 91548043 | B42: com.king.candycrushsaga | C42: MTG | D42: FR | E42: =SUMIFS('平台消耗统计'!I:I,'平台消耗统计'!A:A,$E$2,'平台消耗统计'!C:C,A42) -> 20.8 | F42: =SUMIFS('平台消耗统计'!I:I,'平台消耗统计'!A:A,$F$2,'平台消耗统计'!C:C,A42) -> 158.4 | G42: =IFERROR((E42-F42)/F42,0) -> -0.86868687 | H42: 转到新的链接新的adpingid了
A43: 91560709 | B43: com.king.candycrushsaga | C43: MTG | D43: VN | E43: =SUMIFS('平台消耗统计'!I:I,'平台消耗统计'!A:A,$E$2,'平台消耗统计'!C:C,A43) -> 210 | F43: =SUMIFS('平台消耗统计'!I:I,'平台消耗统计'!A:A,$F$2,'平台消耗统计'!C:C,A43) -> 151.74 | G43: =IFERROR((E43-F43)/F43,0) -> 0.38394622 | H43: 每日打满 | I43: 保持打满cap
A44: 6439005 | B44: com.amazon.mShop.android.shopping | C44: Eagllwin | D44: ZA | E44: =SUMIFS('平台消耗统计'!I:I,'平台消耗统计'!A:A,$E$2,'平台消耗统计'!C:C,A44) -> 164.5 | F44: =SUMIFS('平台消耗统计'!I:I,'平台消耗统计'!A:A,$F$2,'平台消耗统计'!C:C,A44) -> 149.5 | G44: =IFERROR((E44-F44)/F44,0) -> 0.10033445 | H44: 正常波动 | I44: 保持量级正常。
A45: 91467820 | B45: com.vitastudio.mahjong | C45: MTG | D45: ID | E45: =SUMIFS('平台消耗统计'!I:I,'平台消耗统计'!A:A,$E$2,'平台消耗统计'!C:C,A45) -> 169.1 | F45: =SUMIFS('平台消耗统计'!I:I,'平台消耗统计'!A:A,$F$2,'平台消耗统计'!C:C,A45) -> 140 | G45: =IFERROR((E45-F45)/F45,0) -> 0.20785714 | H45: 稳定订单 week38每天都能跑超几十个 应该是客户那边后台设定上涨了一点 | I45: 继续保持
A46: 8819666 | B46: com.yandex.lavka | C46: Bigo | D46: RU | E46: =SUMIFS('平台消耗统计'!I:I,'平台消耗统计'!A:A,$E$2,'平台消耗统计'!C:C,A46) -> 140.4514 | F46: =SUMIFS('平台消耗统计'!I:I,'平台消耗统计'!A:A,$F$2,'平台消耗统计'!C:C,A46) -> 139.2306 | G46: =IFERROR((E46-F46)/F46,0) -> 0.0087681875 | H46: 每日打满 | I46: 继续保持
A47: 9686529 | B47: ru.ozon.app.android | C47: MTG | D47: KG | E47: =SUMIFS('平台消耗统计'!I:I,'平台消耗统计'!A:A,$E$2,'平台消耗统计'!C:C,A47) -> 134.5 | F47: =SUMIFS('平台消耗统计'!I:I,'平台消耗统计'!A:A,$F$2,'平台消耗统计'!C:C,A47) -> 135.5 | G47: =IFERROR((E47-F47)/F47,0) -> -0.0073800738 | H47: 合理范围内波动 | I47: 更新素材，提升CVR
A48: 91496147 | B48: com.vitastudio.mahjong | C48: MTG | D48: BR | E48: =SUMIFS('平台消耗统计'!I:I,'平台消耗统计'!A:A,$E$2,'平台消耗统计'!C:C,A48) -> 128.05 | F48: =SUMIFS('平台消耗统计'!I:I,'平台消耗统计'!A:A,$F$2,'平台消耗统计'!C:C,A48) -> 125.45 | G48: =IFERROR((E48-F48)/F48,0) -> 0.020725389 | H48: 稳定订单 | I48: 继续保持
A49: 12011132 | B49: ru.rt.video.app.mobile | C49: MTG | D49: RU | E49: =SUMIFS('平台消耗统计'!I:I,'平台消耗统计'!A:A,$E$2,'平台消耗统计'!C:C,A49) -> 180 | F49: =SUMIFS('平台消耗统计'!I:I,'平台消耗统计'!A:A,$F$2,'平台消耗统计'!C:C,A49) -> 120 | G49: =IFERROR((E49-F49)/F49,0) -> 0.5 | H49: 9/17 cap 100→150，日消耗增多 | I49: 继续保持打满cap
A50: 91467821 | B50: com.vitastudio.mahjong | C50: MTG | D50: TH | E50: =SUMIFS('平台消耗统计'!I:I,'平台消耗统计'!A:A,$E$2,'平台消耗统计'!C:C,A50) -> 117.81 | F50: =SUMIFS('平台消耗统计'!I:I,'平台消耗统计'!A:A,$F$2,'平台消耗统计'!C:C,A50) -> 119 | G50: =IFERROR((E50-F50)/F50,0) -> -0.01 | H50: 稳定订单 | I50: 继续保持
A51: 6951600 | B51: com.king.candycrushsodasaga | C51: MTG | D51: TH | E51: =SUMIFS('平台消耗统计'!I:I,'平台消耗统计'!A:A,$E$2,'平台消耗统计'!C:C,A51) -> 78.648 | F51: =SUMIFS('平台消耗统计'!I:I,'平台消耗统计'!A:A,$F$2,'平台消耗统计'!C:C,A51) -> 113.866 | G51: =IFERROR((E51-F51)/F51,0) -> -0.30929338 | H51: 现在极其不稳定，每日浮动巨大，可能与部分渠道转变有关 | I51: 更新素材，提升CVR
A52: 10765365 | B52: ph.com.bdo.pay | C52: MTG | D52: PH | E52: =SUMIFS('平台消耗统计'!I:I,'平台消耗统计'!A:A,$E$2,'平台消耗统计'!C:C,A52) -> 116.22 | F52: =SUMIFS('平台消耗统计'!I:I,'平台消耗统计'!A:A,$F$2,'平台消耗统计'!C:C,A52) -> 111.24 | G52: =IFERROR((E52-F52)/F52,0) -> 0.044768069 | H52: 稳定订单 每天都能打满 | I52: 继续保持
A53: 91532857 | B53: com.reefgames.fabletown | C53: Bigo | D53: RU | E53: =SUMIFS('平台消耗统计'!I:I,'平台消耗统计'!A:A,$E$2,'平台消耗统计'!C:C,A53) -> 59.5394 | F53: =SUMIFS('平台消耗统计'!I:I,'平台消耗统计'!A:A,$F$2,'平台消耗统计'!C:C,A53) -> 99.9776 | G53: =IFERROR((E53-F53)/F53,0) -> -0.4044726 | H53: 9.15在其他账户新开订单换新链接建单后，这个旧的单元就掉量了 | I53: 继续观察，目前主要优化新的换链接订单
A54: 2937658 | B54: com.yandex.bank | C54: MTG | D54: RU | E54: =SUMIFS('平台消耗统计'!I:I,'平台消耗统计'!A:A,$E$2,'平台消耗统计'!C:C,A54) -> 86.1 | F54: =SUMIFS('平台消耗统计'!I:I,'平台消耗统计'!A:A,$F$2,'平台消耗统计'!C:C,A54) -> 86.1 | G54: =IFERROR((E54-F54)/F54,0) -> 0 | H54: 稳定订单 | I54: 继续保持打满cap
... A58: 91550293 | B58: net.peakgames.Yuzbir | C58: MTG | D58: TR | E58: =SUMIFS('平台消耗统计'!I:I,'平台消耗统计'!A:A,$E$2,'平台消耗统计'!C:C,A58) -> 71.05 | F58: =SUMIFS('平台消耗统计'!I:I,'平台消耗统计'!A:A,$F$2,'平台消耗统计'!C:C,A58) -> 80.5 | G58: =IFERROR((E58-F58)/F58,0) -> -0.1173913 | H58: 素材掉量 | I58: 已上新素材，观察情况
A59: 91407542 | B59: com.king.candycrushsaga | C59: MTG | D59: ID | E59: =SUMIFS('平台消耗统计'!I:I,'平台消耗统计'!A:A,$E$2,'平台消耗统计'!C:C,A59) -> 61.706 | F59: =SUMIFS('平台消耗统计'!I:I,'平台消耗统计'!A:A,$F$2,'平台消耗统计'!C:C,A59) -> 78.86 | G59: =IFERROR((E59-F59)/F59,0) -> -0.21752473 | H59: 9/18 cap 500>300换的新的Adpingid为了把量转过去
A60: 11924259 | B60: blibli.mobile.commerce | C60: MTG | D60: ID | E60: =SUMIFS('平台消耗统计'!I:I,'平台消耗统计'!A:A,$E$2,'平台消耗统计'!C:C,A60) -> 62.4 | F60: =SUMIFS('平台消耗统计'!I:I,'平台消耗统计'!A:A,$F$2,'平台消耗统计'!C:C,A60) -> 78.6 | G60: =IFERROR((E60-F60)/F60,0) -> -0.20610687 | H60: 从9.16开始打不满掉量 上新素材后也没啥反应 | I60: 继续上新素材再优化子渠道
A61: 91540124 | B61: com.puzzlegames.puzzlebrickslegend | C61: Bigo | D61: US | E61: =SUMIFS('平台消耗统计'!I:I,'平台消耗统计'!A:A,$E$2,'平台消耗统计'!C:C,A61) -> 57.2411 | F61: =SUMIFS('平台消耗统计'!I:I,'平台消耗统计'!A:A,$F$2,'平台消耗统计'!C:C,A61) -> 74.4955 | G61: =IFERROR((E61-F61)/F61,0) -> -0.23161667 | H61: 9.20暂停
A62: 11078963 | B62: com.yandex.bank | C62: MTG | D62: RU | E62: =SUMIFS('平台消耗统计'!I:I,'平台消耗统计'!A:A,$E$2,'平台消耗统计'!C:C,A62) -> 56.4 | F62: =SUMIFS('平台消耗统计'!I:I,'平台消耗统计'!A:A,$F$2,'平台消耗统计'!C:C,A62) -> 70 | G62: =IFERROR((E62-F62)/F62,0) -> -0.19428571 | H62: 人群包订单，近几天有掉量 | I62: 换人群包试试
A63: 91410799 | B63: com.king.candycrushsaga | C63: MTG | D63: IN | E63: =SUMIFS('平台消耗统计'!I:I,'平台消耗统计'!A:A,$E$2,'平台消耗统计'!C:C,A63) -> 56.62 | F63: =SUMIFS('平台消耗统计'!I:I,'平台消耗统计'!A:A,$F$2,'平台消耗统计'!C:C,A63) -> 69.98 | G63: =IFERROR((E63-F63)/F63,0) -> -0.19091169 | H63: cap控到300，目前还在下控，但是打满
A64: 10210818 | B64: com.yandex.lavka | C64: Mediago | D64: RU | E64: =SUMIFS('平台消耗统计'!I:I,'平台消耗统计'!A:A,$E$2,'平台消耗统计'!C:C,A64) -> 0 | F64: =SUMIFS('平台消耗统计'!I:I,'平台消耗统计'!A:A,$F$2,'平台消耗统计'!C:C,A64) -> 67.75 | G64: =IFERROR((E64-F64)/F64,0) -> -1 | H64: 替换到新的adpingid了
A65: 11924419 | B65: blibli.mobile.commerce | C65: Mediago | D65: ID | E65: =SUMIFS('平台消耗统计'!I:I,'平台消耗统计'!A:A,$E$2,'平台消耗统计'!C:C,A65) -> 37.18 | F65: =SUMIFS('平台消耗统计'!I:I,'平台消耗统计'!A:A,$F$2,'平台消耗统计'!C:C,A65) -> 65.06 | G65: =IFERROR((E65-F65)/F65,0) -> -0.42852751 | H65: 9.17暂停
A66: 5365722 | B66: sports.caliente.mx.calientedeportes | C66: Bigo | D66: MX | E66: =SUMIFS('平台消耗统计'!I:I,'平台消耗统计'!A:A,$E$2,'平台消耗统计'!C:C,A66) -> 26.4205 | F66: =SUMIFS('平台消耗统计'!I:I,'平台消耗统计'!A:A,$F$2,'平台消耗统计'!C:C,A66) -> 53.4009 | G66: =IFERROR((E66-F66)/F66,0) -> -0.50524242 | H66: CVR在掉，日转化量不如上周，拿到的曝光在减少 | I66: 继续更素材试试，很不稳定
A67: 91399437 | B67: com.transferwise.android | C67: MTG | D67: PH | E67: =SUMIFS('平台消耗统计'!I:I,'平台消耗统计'!A:A,$E$2,'平台消耗统计'!C:C,A67) -> 52.65 | F67: =SUMIFS('平台消耗统计'!I:I,'平台消耗统计'!A:A,$F$2,'平台消耗统计'!C:C,A67) -> 52.5 | G67: =IFERROR((E67-F67)/F67,0) -> 0.0028571429 | H67: 稳定订单 | I67: 继续保持
A68: 91496145 | B68: com.vitastudio.mahjong | C68: MTG | D68: PH | E68: =SUMIFS('平台消耗统计'!I:I,'平台消耗统计'!A:A,$E$2,'平台消耗统计'!C:C,A68) -> 46.05 | F68: =SUMIFS('平台消耗统计'!I:I,'平台消耗统计'!A:A,$F$2,'平台消耗统计'!C:C,A68) -> 52.5 | G68: =IFERROR((E68-F68)/F68,0) -> -0.12285714 | H68: 这周建了新链接的订单后这个单子每天下午就不转化了 但是新链接的订单可以打满50cap | I68: 先这样 后面可能随时暂停只跑新链接订单
A69: 5623760 | B69: com.appteka.lapy | C69: MTG | D69: RU | E69: =SUMIFS('平台消耗统计'!I:I,'平台消耗统计'!A:A,$E$2,'平台消耗统计'!C:C,A69) -> 47.4 | F69: =SUMIFS('平台消耗统计'!I:I,'平台消耗统计'!A:A,$F$2,'平台消耗统计'!C:C,A69) -> 52.5 | G69: =IFERROR((E69-F69)/F69,0) -> -0.097142857 | H69: 9/17 暂停，9/18 重启 | I69: 继续保持打满cap
A70: 9415350 | B70: com.notissimus.allinstruments.android | C70: Mediago | D70: RU | E70: =SUMIFS('平台消耗统计'!I:I,'平台消耗统计'!A:A,$E$2,'平台消耗统计'!C:C,A70) -> 44.82 | F70: =SUMIFS('平台消耗统计'!I:I,'平台消耗统计'!A:A,$F$2,'平台消耗统计'!C:C,A70) -> 45.4 | G70: =IFERROR((E70-F70)/F70,0) -> -0.01277533 | H70: 正常差值 每天稳定 | I70: 争取拿到更多的量级优化子渠道
A71: 91557347 | B71: robot.zaimer.ru | C71: MTG | D71: RU | E71: =SUMIFS('平台消耗统计'!I:I,'平台消耗统计'!A:A,$E$2,'平台消耗统计'!C:C,A71) -> 165.6 | F71: =SUMIFS('平台消耗统计'!I:I,'平台消耗统计'!A:A,$F$2,'平台消耗统计'!C:C,A71) -> 44.8 | G71: =IFERROR((E71-F71)/F71,0) -> 2.6964286 | H71: 在有了少数转化的前提下放着尽量不操作，量会慢慢上涨，金融大部分是这样 | I71: 动了容易掉量，继续观察
A72: 91560708 | B72: com.king.candycrushsaga | C72: MTG | D72: FR | E72: =SUMIFS('平台消耗统计'!I:I,'平台消耗统计'!A:A,$E$2,'平台消耗统计'!C:C,A72) -> 172.28 | F72: =SUMIFS('平台消耗统计'!I:I,'平台消耗统计'!A:A,$F$2,'平台消耗统计'!C:C,A72) -> 43.29 | G72: =IFERROR((E72-F72)/F72,0) -> 2.979672 | H72: 转化过来的新adpingid，给的800cap目前只能达到300左右，在优化渠道 | I72: 后续考虑加价
A73: 8998645 | B73: com.king.candycrushsaga | C73: MTG | D73: TH | E73: =SUMIFS('平台消耗统计'!I:I,'平台消耗统计'!A:A,$E$2,'平台消耗统计'!C:C,A73) -> 15.821 | F73: =SUMIFS('平台消耗统计'!I:I,'平台消耗统计'!A:A,$F$2,'平台消耗统计'!C:C,A73) -> 43.133 | G73: =IFERROR((E73-F73)/F73,0) -> -0.63320428 | H73: CPE订单，之前的素材事件效果表现的不太行给换了现在量上不去。 | I73: 优化素材后续看看效果
A74: 9298539 | B74: com.gloriajeans.mobile | C74: MTG | D74: RU | E74: =SUMIFS('平台消耗统计'!I:I,'平台消耗统计'!A:A,$E$2,'平台消耗统计'!C:C,A74) -> 0 | F74: =SUMIFS('平台消耗统计'!I:I,'平台消耗统计'!A:A,$F$2,'平台消耗统计'!C:C,A74) -> 33.92 | G74: =IFERROR((E74-F74)/F74,0) -> -1 | H74: 9/8暂停 | I74: /
A75: 12039225 | B75: com.bossgame.domino | C75: MTG | D75: ID | E75: =SUMIFS('平台消耗统计'!I:I,'平台消耗统计'!A:A,$E$2,'平台消耗统计'!C:C,A75) -> 7.6 | F75: =SUMIFS('平台消耗统计'!I:I,'平台消耗统计'!A:A,$F$2,'平台消耗统计'!C:C,A75) -> 30 | G75: =IFERROR((E75-F75)/F75,0) -> -0.74666667 | H75: 9/18 已暂停
A76: 8312006 | B76: ru.uteka.app | C76: MTG | D76: RU | E76: =SUMIFS('平台消耗统计'!I:I,'平台消耗统计'!A:A,$E$2,'平台消耗统计'!C:C,A76) -> 29.04 | F76: =SUMIFS('平台消耗统计'!I:I,'平台消耗统计'!A:A,$F$2,'平台消耗统计'!C:C,A76) -> 29.52 | G76: =IFERROR((E76-F76)/F76,0) -> -0.016260163 | H76: 稳定订单 | I76: 继续保持
A77: 91545519 | B77: com.vuclip.viu | C77: MTG | D77: MY | E77: =SUMIFS('平台消耗统计'!I:I,'平台消耗统计'!A:A,$E$2,'平台消耗统计'!C:C,A77) -> 69.79 | F77: =SUMIFS('平台消耗统计'!I:I,'平台消耗统计'!A:A,$F$2,'平台消耗统计'!C:C,A77) -> 27.6 | G77: =IFERROR((E77-F77)/F77,0) -> 1.5286232 | H77: 稳定订单 | I77: 继续保持
A78: 10080665 | B78: ru.ozon.app.android | C78: MTG | D78: AM | E78: =SUMIFS('平台消耗统计'!I:I,'平台消耗统计'!A:A,$E$2,'平台消耗统计'!C:C,A78) -> 27.36 | F78: =SUMIFS('平台消耗统计'!I:I,'平台消耗统计'!A:A,$F$2,'平台消耗统计'!C:C,A78) -> 27.36 | G78: =IFERROR((E78-F78)/F78,0) -> 0 | H78: 合理范围内波动 | I78: 正常更新一组素材
A79: 91564896 | B79: com.game.friends.ru | C79: MTG | D79: RU | E79: =SUMIFS('平台消耗统计'!I:I,'平台消耗统计'!A:A,$E$2,'平台消耗统计'!C:C,A79) -> 139.65 | F79: =SUMIFS('平台消耗统计'!I:I,'平台消耗统计'!A:A,$F$2,'平台消耗统计'!C:C,A79) -> 25.9 | G79: =IFERROR((E79-F79)/F79,0) -> 4.3918919 | H79: 9/11开投后，量逐渐稳定上涨 | I79: 继续保持
A80: 91399439 | B80: com.kotak811mobilebankingapp.instantsavingsupiscanandpayrecharge | C80: MTG | D80: IN | E80: =SUMIFS('平台消耗统计'!I:I,'平台消耗统计'!A:A,$E$2,'平台消耗统计'!C:C,A80) -> 6.6 | F80: =SUMIFS('平台消耗统计'!I:I,'平台消耗统计'!A:A,$F$2,'平台消耗统计'!C:C,A80) -> 21.7 | G80: =IFERROR((E80-F80)/F80,0) -> -0.69585253 | H80: 这周cvr下滑很多只有不到0.01了 | I80: 优化子渠道上新素材
A81: 9311355 | B81: com.esprit.rpg.cntrctfft | C81: MTG | D81: RU | E81: =SUMIFS('平台消耗统计'!I:I,'平台消耗统计'!A:A,$E$2,'平台消耗统计'!C:C,A81) -> 18 | F81: =SUMIFS('平台消耗统计'!I:I,'平台消耗统计'!A:A,$F$2,'平台消耗统计'!C:C,A81) -> 21 | G81: =IFERROR((E81-F81)/F81,0) -> -0.14285714 | H81: 9.20cap20加到80 | I81: 优化子渠道上新素材
A82: 8531973 | B82: com.king.candycrushsodasaga | C82: Mediago | D82: DE | E82: =SUMIFS('平台消耗统计'!I:I,'平台消耗统计'!A:A,$E$2,'平台消耗统计'!C:C,A82) -> 127.25 | F82: =SUMIFS('平台消耗统计'!I:I,'平台消耗统计'!A:A,$F$2,'平台消耗统计'!C:C,A82) -> 19.74 | G82: =IFERROR((E82-F82)/F82,0) -> 5.4463019 | H82: 出价我这边出到了1，预算也拉高了，但成本没超，量级起来了 | I82: 继续观察
A83: 5619156 | B83: com.amazon.mShop.android.shopping | C83: Bigo | D83: SA | E83: =SUMIFS('平台消耗统计'!I:I,'平台消耗统计'!A:A,$E$2,'平台消耗统计'!C:C,A83) -> 20.392 | F83: =SUMIFS('平台消耗统计'!I:I,'平台消耗统计'!A:A,$F$2,'平台消耗统计'!C:C,A83) -> 17.5363 | G83: =IFERROR((E83-F83)/F83,0) -> 0.16284507 | H83: 上新素材也没有曝光 | I83: 继续堆新素材和户
A84: 5556054 | B84: com.krom.android | C84: MTG | D84: ID | E84: =SUMIFS('平台消耗统计'!I:I,'平台消耗统计'!A:A,$E$2,'平台消耗统计'!C:C,A84) -> 34.731 | F84: =SUMIFS('平台消耗统计'!I:I,'平台消耗统计'!A:A,$F$2,'平台消耗统计'!C:C,A84) -> 13.207 | G84: =IFERROR((E84-F84)/F84,0) -> 1.6297418 | H84: 每天都能出几个转化 | I84: 继续观察
A85: 91534913 | B85: com.qookkagames.xczyw.gp.hk | C85: MTG | D85: HK | E85: =SUMIFS('平台消耗统计'!I:I,'平台消耗统计'!A:A,$E$2,'平台消耗统计'!C:C,A85) -> 17 | F85: =SUMIFS('平台消耗统计'!I:I,'平台消耗统计'!A:A,$F$2,'平台消耗统计'!C:C,A85) -> 13 | G85: =IFERROR((E85-F85)/F85,0) -> 0.30769231 | H85: 只跑人群包，加价到2了，量是多一点的 | I85: 继续观察
A86: 5847496 | B86: com.amazon.mShop.android.shopping | C86: Bigo | D86: AE | E86: =SUMIFS('平台消耗统计'!I:I,'平台消耗统计'!A:A,$E$2,'平台消耗统计'!C:C,A86) -> 2.5579 | F86: =SUMIFS('平台消耗统计'!I:I,'平台消耗统计'!A:A,$F$2,'平台消耗统计'!C:C,A86) -> 12.0427 | G86: =IFERROR((E86-F86)/F86,0) -> -0.78759747 | H86: 上新素材也没有曝光 | I86: 继续堆新素材和户
A87: 11987622 | B87: com.amazon.mShop.android.shopping | C87: Kwai | D87: BR | E87: =SUMIFS('平台消耗统计'!I:I,'平台消耗统计'!A:A,$E$2,'平台消耗统计'!C:C,A87) -> 6.33 | F87: =SUMIFS('平台消耗统计'!I:I,'平台消耗统计'!A:A,$F$2,'平台消耗统计'!C:C,A87) -> 10.22 | G87: =IFERROR((E87-F87)/F87,0) -> -0.38062622 | H87: 人群包订单 基本没有曝光 | I87: 继续观察
A88: 6061077 | B88: ru.aliexpress.buyer | C88: MTG | D88: RU | E88: =SUMIFS('平台消耗统计'!I:I,'平台消耗统计'!A:A,$E$2,'平台消耗统计'!C:C,A88) -> 35.336 | F88: =SUMIFS('平台消耗统计'!I:I,'平台消耗统计'!A:A,$F$2,'平台消耗统计'!C:C,A88) -> 9.071 | G88: =IFERROR((E88-F88)/F88,0) -> 2.8954911 | H88: CPE订单，出量的基本都是视频，视频的效果很垃圾。目前已经调整。看后续效果
A89: 11324493 | B89: com.king.candycrushsaga | C89: MTG | D89: TH | E89: =SUMIFS('平台消耗统计'!I:I,'平台消耗统计'!A:A,$E$2,'平台消耗统计'!C:C,A89) -> 13.3 | F89: =SUMIFS('平台消耗统计'!I:I,'平台消耗统计'!A:A,$F$2,'平台消耗统计'!C:C,A89) -> 8.1 | G89: =IFERROR((E89-F89)/F89,0) -> 0.64197531 | H89: 人群包订单，前面没啥曝光我提了点价格。目前区别还是不大量级不大已经找AM圈新的人群包了
A90: 10501490 | B90: tech.jm | C90: MTG | D90: RU | E90: =SUMIFS('平台消耗统计'!I:I,'平台消耗统计'!A:A,$E$2,'平台消耗统计'!C:C,A90) -> 6.11 | F90: =SUMIFS('平台消耗统计'!I:I,'平台消耗统计'!A:A,$F$2,'平台消耗统计'!C:C,A90) -> 7.8 | G90: =IFERROR((E90-F90)/F90,0) -> -0.21666667 | H90: 人群包订单 基本没有曝光 | I90: 继续观察
A91: 8670368 | B91: com.king.candycrushsodasaga | C91: Kwai | D91: BR | E91: =SUMIFS('平台消耗统计'!I:I,'平台消耗统计'!A:A,$E$2,'平台消耗统计'!C:C,A91) -> 8.84 | F91: =SUMIFS('平台消耗统计'!I:I,'平台消耗统计'!A:A,$F$2,'平台消耗统计'!C:C,A91) -> 7.23 | G91: =IFERROR((E91-F91)/F91,0) -> 0.22268326 | H91: 之前降价后量在缓慢上升到固定区间，这个价格没什么量 | I91: 继续观察
A92: 91538336 | B92: cn.com.vtmarkets | C92: MTG | D92: FR | E92: =SUMIFS('平台消耗统计'!I:I,'平台消耗统计'!A:A,$E$2,'平台消耗统计'!C:C,A92) -> 0 | F92: =SUMIFS('平台消耗统计'!I:I,'平台消耗统计'!A:A,$F$2,'平台消耗统计'!C:C,A92) -> 7.2 | G92: =IFERROR((E92-F92)/F92,0) -> -1 | H92: 9/11暂停 | I92: /
A93: 91533906 | B93: com.sialiagames.xczyw.gp.tw | C93: MTG | D93: TW | E93: =SUMIFS('平台消耗统计'!I:I,'平台消耗统计'!A:A,$E$2,'平台消耗统计'!C:C,A93) -> 0 | F93: =SUMIFS('平台消耗统计'!I:I,'平台消耗统计'!A:A,$F$2,'平台消耗统计'!C:C,A93) -> 7 | G93: =IFERROR((E93-F93)/F93,0) -> -1 | H93: 只跑人群包，没量了 | I93: 继续观察
A94: 12072287 | B94: com.yandex.bank | C94: MTG | D94: RU | E94: =SUMIFS('平台消耗统计'!I:I,'平台消耗统计'!A:A,$E$2,'平台消耗统计'!C:C,A94) -> 59.695 | F94: =SUMIFS('平台消耗统计'!I:I,'平台消耗统计'!A:A,$F$2,'平台消耗统计'!C:C,A94) -> 6.279 | G94: =IFERROR((E94-F94)/F94,0) -> 8.5070871 | H94: CPE订单，近几天转化量在掉，只能拿到OPPO渠道的量，提价已无提升 | I94: 上试玩素材试试
A95: 7203110 | B95: com.fxpro.direct.application | C95: MTG | D95: SY | E95: =SUMIFS('平台消耗统计'!I:I,'平台消耗统计'!A:A,$E$2,'平台消耗统计'!C:C,A95) -> 3.6 | F95: =SUMIFS('平台消耗统计'!I:I,'平台消耗统计'!A:A,$F$2,'平台消耗统计'!C:C,A95) -> 5.4 | G95: =IFERROR((E95-F95)/F95,0) -> -0.33333333 | H95: 没办法提价，渠道也在也有变化 | I95: 继续观察
A96: 91535331 | B96: com.king.candycrushsaga | C96: MTG | D96: IN | E96: =SUMIFS('平台消耗统计'!I:I,'平台消耗统计'!A:A,$E$2,'平台消耗统计'!C:C,A96) -> 3.64 | F96: =SUMIFS('平台消耗统计'!I:I,'平台消耗统计'!A:A,$F$2,'平台消耗统计'!C:C,A96) -> 5.36 | G96: =IFERROR((E96-F96)/F96,0) -> -0.32089552 | H96: 人群包订单，量级不大没曝光已经找AM圈新的人群包了
A97: 91538300 | B97: com.vitastudio.mahjong | C97: MTG | D97: ID | E97: =SUMIFS('平台消耗统计'!I:I,'平台消耗统计'!A:A,$E$2,'平台消耗统计'!C:C,A97) -> 5.88 | F97: =SUMIFS('平台消耗统计'!I:I,'平台消耗统计'!A:A,$F$2,'平台消耗统计'!C:C,A97) -> 4.76 | G97: =IFERROR((E97-F97)/F97,0) -> 0.23529412 | H97: 人群包订单，合理范围内波动 | I97: 换人群包试试
A98: 10815258 | B98: com.kubi.kucoin | C98: MTG | D98: RU | E98: =SUMIFS('平台消耗统计'!I:I,'平台消耗统计'!A:A,$E$2,'平台消耗统计'!C:C,A98) -> 2.7 | F98: =SUMIFS('平台消耗统计'!I:I,'平台消耗统计'!A:A,$F$2,'平台消耗统计'!C:C,A98) -> 4.333 | G98: =IFERROR((E98-F98)/F98,0) -> -0.37687514 | H98: 正常差值，提了子渠道的价格和优化的素材量起不来。持续观察看看
A99: 91535229 | B99: com.king.candycrushsaga | C99: MTG | D99: ID | E99: =SUMIFS('平台消耗统计'!I:I,'平台消耗统计'!A:A,$E$2,'平台消耗统计'!C:C,A99) -> 4.24 | F99: =SUMIFS('平台消耗统计'!I:I,'平台消耗统计'!A:A,$F$2,'平台消耗统计'!C:C,A99) -> 4.04 | G99: =IFERROR((E99-F99)/F99,0) -> 0.04950495 | H99: 人群包订单，量级不大没曝光已经找AM圈新的人群包了
A100: 12038500 | B100: astrum.ent.m2alyona | C100: MTG | D100: RU | E100: =SUMIFS('平台消耗统计'!I:I,'平台消耗统计'!A:A,$E$2,'平台消耗统计'!C:C,A100) -> 13.6 | F100: =SUMIFS('平台消耗统计'!I:I,'平台消耗统计'!A:A,$F$2,'平台消耗统计'!C:C,A100) -> 4 | G100: =IFERROR((E100-F100)/F100,0) -> 2.4 | H100: 人群包订单 曝光跟点击都不是很多 每天都能有几个转化 9.17找am要了新的人群包上 | I100: 继续观察
A101: 11080098 | B101: com.fxpro.direct.application | C101: MTG | D101: PK | E101: =SUMIFS('平台消耗统计'!I:I,'平台消耗统计'!A:A,$E$2,'平台消耗统计'!C:C,A101) -> 3 | F101: =SUMIFS('平台消耗统计'!I:I,'平台消耗统计'!A:A,$F$2,'平台消耗统计'!C:C,A101) -> 3.6 | G101: =IFERROR((E101-F101)/F101,0) -> -0.16666667 | H101: 人群包订单，合理范围内波动 | I101: 继续跑
A102: 91554853 | B102: com.vuclip.viu | C102: Eagllwin | D102: ID | E102: =SUMIFS('平台消耗统计'!I:I,'平台消耗统计'!A:A,$E$2,'平台消耗统计'!C:C,A102) -> 0 | F102: =SUMIFS('平台消耗统计'!I:I,'平台消耗统计'!A:A,$F$2,'平台消耗统计'!C:C,A102) -> 3.6 | G102: =IFERROR((E102-F102)/F102,0) -> -1 | H102: 9/11暂停 | I102: /
A103: 91538301 | B103: com.vitastudio.mahjong | C103: MTG | D103: RU | E103: =SUMIFS('平台消耗统计'!I:I,'平台消耗统计'!A:A,$E$2,'平台消耗统计'!C:C,A103) -> 1.76 | F103: =SUMIFS('平台消耗统计'!I:I,'平台消耗统计'!A:A,$F$2,'平台消耗统计'!C:C,A103) -> 3.52 | G103: =IFERROR((E103-F103)/F103,0) -> -0.5 | H103: 人群包订单，合理范围内波动 | I103: 换人群包试试
A104: 11792342 | B104: com.conquian.parallax | C104: MTG | D104: IN | E104: =SUMIFS('平台消耗统计'!I:I,'平台消耗统计'!A:A,$E$2,'平台消耗统计'!C:C,A104) -> 0.4 | F104: =SUMIFS('平台消耗统计'!I:I,'平台消耗统计'!A:A,$F$2,'平台消耗统计'!C:C,A104) -> 3 | G104: =IFERROR((E104-F104)/F104,0) -> -0.86666667 | H104: 合理范围内波动 | I104: 正常更新一组素材
A105: 91538306 | B105: com.vitastudio.mahjong | C105: MTG | D105: PH | E105: =SUMIFS('平台消耗统计'!I:I,'平台消耗统计'!A:A,$E$2,'平台消耗统计'!C:C,A105) -> 2.16 | F105: =SUMIFS('平台消耗统计'!I:I,'平台消耗统计'!A:A,$F$2,'平台消耗统计'!C:C,A105) -> 2.34 | G105: =IFERROR((E105-F105)/F105,0) -> -0.076923077 | H105: 人群包订单，合理范围内波动 | I105: 换人群包试试
A106: 11078827 | B106: ru.ozon.app.android | C106: MTG | D106: UZ | E106: =SUMIFS('平台消耗统计'!I:I,'平台消耗统计'!A:A,$E$2,'平台消耗统计'!C:C,A106) -> 2.4 | F106: =SUMIFS('平台消耗统计'!I:I,'平台消耗统计'!A:A,$F$2,'平台消耗统计'!C:C,A106) -> 1.8 | G106: =IFERROR((E106-F106)/F106,0) -> 0.33333333 | H106: 人群包订单，合理范围内波动 | I106: 继续跑
A107: 11763482 | B107: com.esprit.rpg.lttlefirykng | C107: Bigo | D107: RU | E107: =SUMIFS('平台消耗统计'!I:I,'平台消耗统计'!A:A,$E$2,'平台消耗统计'!C:C,A107) -> 1.5507 | F107: =SUMIFS('平台消耗统计'!I:I,'平台消耗统计'!A:A,$F$2,'平台消耗统计'!C:C,A107) -> 1.7599 | G107: =IFERROR((E107-F107)/F107,0) -> -0.11887039 | H107: 没量，提了价格和换了素材没啥流量增加的变化 | I107: 在换素材看看
A108: 11836152 | B108: com.kwai.bulldog | C108: MTG | D108: ID | E108: =SUMIFS('平台消耗统计'!I:I,'平台消耗统计'!A:A,$E$2,'平台消耗统计'!C:C,A108) -> 2.61 | F108: =SUMIFS('平台消耗统计'!I:I,'平台消耗统计'!A:A,$F$2,'平台消耗统计'!C:C,A108) -> 1.71 | G108: =IFERROR((E108-F108)/F108,0) -> 0.52631579 | H108: 人群包订单 每天出几个转化 | I108: 继续观察
A109: 91538309 | B109: com.vitastudio.mahjong | C109: MTG | D109: MY | E109: =SUMIFS('平台消耗统计'!I:I,'平台消耗统计'!A:A,$E$2,'平台消耗统计'!C:C,A109) -> 0.72 | F109: =SUMIFS('平台消耗统计'!I:I,'平台消耗统计'!A:A,$F$2,'平台消耗统计'!C:C,A109) -> 1.62 | G109: =IFERROR((E109-F109)/F109,0) -> -0.55555556 | H109: 人群包订单，合理范围内波动 | I109: 换人群包试试
A110: 11655595 | B110: com.esprit.rpg.lttlefirykng | C110: Mediago | D110: RU | E110: =SUMIFS('平台消耗统计'!I:I,'平台消耗统计'!A:A,$E$2,'平台消耗统计'!C:C,A110) -> 1.18 | F110: =SUMIFS('平台消耗统计'!I:I,'平台消耗统计'!A:A,$F$2,'平台消耗统计'!C:C,A110) -> 1.13 | G110: =IFERROR((E110-F110)/F110,0) -> 0.044247788 | H110: 没量，提了价格和换了素材没啥流量增加的变化 | I110: 在换素材看看
A111: 10842514 | B111: com.kubi.kucoin | C111: Mediago | D111: RU | E111: =SUMIFS('平台消耗统计'!I:I,'平台消耗统计'!A:A,$E$2,'平台消耗统计'!C:C,A111) -> 0.5 | F111: =SUMIFS('平台消耗统计'!I:I,'平台消耗统计'!A:A,$F$2,'平台消耗统计'!C:C,A111) -> 1.03 | G111: =IFERROR((E111-F111)/F111,0) -> -0.51456311 | H111: 正常差值，提了子渠道的价格和优化的素材量起不来。持续观察看看
A112: 11924654 | B112: sports.caliente.mx.calientedeportes | C112: Bigo | D112: MX | E112: =SUMIFS('平台消耗统计'!I:I,'平台消耗统计'!A:A,$E$2,'平台消耗统计'!C:C,A112) -> 0.2989 | F112: =SUMIFS('平台消耗统计'!I:I,'平台消耗统计'!A:A,$F$2,'平台消耗统计'!C:C,A112) -> 0.9211 | G112: =IFERROR((E112-F112)/F112,0) -> -0.67549669 | H112: 人群包订单，合理范围内波动 | I112: 更新素材
A113: 11715627 | B113: com.esprit.rpg.cntrctfft | C113: MTG | D113: RU | E113: =SUMIFS('平台消耗统计'!I:I,'平台消耗统计'!A:A,$E$2,'平台消耗统计'!C:C,A113) -> 0.4 | F113: =SUMIFS('平台消耗统计'!I:I,'平台消耗统计'!A:A,$F$2,'平台消耗统计'!C:C,A113) -> 0.8 | G113: =IFERROR((E113-F113)/F113,0) -> -0.5 | H113: 人群包订单 基本没有曝光 | I113: 继续观察
A114: 91550294 | B114: com.okinc.okex.gp | C114: MTG | D114: US | E114: =SUMIFS('平台消耗统计'!I:I,'平台消耗统计'!A:A,$E$2,'平台消耗统计'!C:C,A114) -> 0 | F114: =SUMIFS('平台消耗统计'!I:I,'平台消耗统计'!A:A,$F$2,'平台消耗统计'!C:C,A114) -> 0.8 | G114: =IFERROR((E114-F114)/F114,0) -> -1 | H114: 上周暂停了
A115: 9751142 | B115: com.alibaba.aliexpresshd | C115: Kwai | D115: BR | E115: =SUMIFS('平台消耗统计'!I:I,'平台消耗统计'!A:A,$E$2,'平台消耗统计'!C:C,A115) -> 0 | F115: =SUMIFS('平台消耗统计'!I:I,'平台消耗统计'!A:A,$F$2,'平台消耗统计'!C:C,A115) -> 0.7 | G115: =IFERROR((E115-F115)/F115,0) -> -1 | H115: 上周暂停了
...

Sheet Week37
E1: Week
A2: Adpingid | B2: 包名 | C2: 平台 | D2: 地区 | E2: 37 | F2: 36 | G2: 消耗环比 | H2: 变动原因：差值在+-15%的都需要仔细复盘 1、具体的预算增加或者控量动作的时间点 2、如果有降预算问清楚降预算原因 3、广告自身的变化：素材增加/衰退后的表现，子渠道调整，价格调整 4、外部变化：平台流量变化/竞争原因，比如CPM？CPC？CTR？CVR？是否有变动？ | I2: 下一步计划 (根据变动原因需要做出的对应动作，以及需要什么支持？比如cap超跑需要帮助check是否有bug，需要check事件表现，需要新素材，需要提价&加预算等等)
A3: 5464039 | B3: com.king.candycrushsaga | C3: MTG | D3: MY | E3: =SUMIFS('平台消耗统计'!I:I,'平台消耗统计'!A:A,$E$2,'平台消耗统计'!C:C,A3) -> 2964.658 | F3: =SUMIFS('平台消耗统计'!I:I,'平台消耗统计'!A:A,$F$2,'平台消耗统计'!C:C,A3) -> 2285.57 | G3: =IFERROR((E3-F3)/F3,0) -> 0.29711976 | H3: 新单元之前降价量下降了，加了一点量慢慢起来了 | I3: 最近打满了，优化事件
A4: 5497580 | B4: com.king.candycrushsaga | C4: MTG | D4: TH | E4: =SUMIFS('平台消耗统计'!I:I,'平台消耗统计'!A:A,$E$2,'平台消耗统计'!C:C,A4) -> 2394.791 | F4: =SUMIFS('平台消耗统计'!I:I,'平台消耗统计'!A:A,$F$2,'平台消耗统计'!C:C,A4) -> 2143.948 | G4: =IFERROR((E4-F4)/F4,0) -> 0.11700051 | H4: 正常差值，稳定每天跑满。 | I4: 稳定流量，定期优化没用的子渠道
A5: 8628042 | B5: asrtum.ent.domovyata | C5: Mediago | D5: RU | E5: =SUMIFS('平台消耗统计'!I:I,'平台消耗统计'!A:A,$E$2,'平台消耗统计'!C:C,A5) -> 2183.6 | F5: =SUMIFS('平台消耗统计'!I:I,'平台消耗统计'!A:A,$F$2,'平台消耗统计'!C:C,A5) -> 2123.53 | G5: =IFERROR((E5-F5)/F5,0) -> 0.028287804 | H5: 正常差值，每天都在控成本，这周的成本从上周的0.59降到了0.51，整体成本在0.55还需要继续压下 | I5: 稳住消耗并继续下压成本
A6: 7815836 | B6: com.kwai.bulldog | C6: MTG | D6: ID | E6: =SUMIFS('平台消耗统计'!I:I,'平台消耗统计'!A:A,$E$2,'平台消耗统计'!C:C,A6) -> 1845.055 | F6: =SUMIFS('平台消耗统计'!I:I,'平台消耗统计'!A:A,$F$2,'平台消耗统计'!C:C,A6) -> 2308.63 | G6: =IFERROR((E6-F6)/F6,0) -> -0.20080091 | H6: 9.7下调了出价从0.15降到了0.095，直接导致量掉了很多，9.9又再上调到0.1并上新素材后稍微慢慢回复不过目前每天的量也只能在3000个左右 | I6: 先继续控住成本到0.1不亏，目前是0.103
A7: 8291713 | B7: ru.kinopoisk | C7: MTG | D7: RU | E7: =SUMIFS('平台消耗统计'!I:I,'平台消耗统计'!A:A,$E$2,'平台消耗统计'!C:C,A7) -> 1419.397 | F7: =SUMIFS('平台消耗统计'!I:I,'平台消耗统计'!A:A,$F$2,'平台消耗统计'!C:C,A7) -> 1468.57 | G7: =IFERROR((E7-F7)/F7,0) -> -0.033483593 | H7: 降低了一丢丢出价，消耗减少 | I7: 继续保持每日打满cap
A8: 11690181 | B8: astrum.ent.m2alyona | C8: MTG | D8: RU | E8: =SUMIFS('平台消耗统计'!I:I,'平台消耗统计'!A:A,$E$2,'平台消耗统计'!C:C,A8) -> 1412.55 | F8: =SUMIFS('平台消耗统计'!I:I,'平台消耗统计'!A:A,$F$2,'平台消耗统计'!C:C,A8) -> 745.14 | G8: =IFERROR((E8-F8)/F8,0) -> 0.89568403 | H8: 比较稳定 week36cap加到500后基本每天都能打满cap500个只有两天差二十多个 | I8: 继续保持稳定打满
A9: 5963354 | B9: ru.ozon.app.android | C9: MTG | D9: KZ | E9: =SUMIFS('平台消耗统计'!I:I,'平台消耗统计'!A:A,$E$2,'平台消耗统计'!C:C,A9) -> 1299.066 | F9: =SUMIFS('平台消耗统计'!I:I,'平台消耗统计'!A:A,$F$2,'平台消耗统计'!C:C,A9) -> 1396.642 | G9: =IFERROR((E9-F9)/F9,0) -> -0.069864718 | H9: Week37转化下降，合理波动 | I9: 正常更新素材
A10: 8460883 | B10: com.king.candycrushsodasaga | C10: MTG | D10: BR | E10: =SUMIFS('平台消耗统计'!I:I,'平台消耗统计'!A:A,$E$2,'平台消耗统计'!C:C,A10) -> 1157.646 | F10: =SUMIFS('平台消耗统计'!I:I,'平台消耗统计'!A:A,$F$2,'平台消耗统计'!C:C,A10) -> 988.918 | G10: =IFERROR((E10-F10)/F10,0) -> 0.1706188 | H10: 正常差值，转化略有提升 | I10: 争取拿到更多的量，定期优化素材
A11: 6951594 | B11: com.king.candycrushsodasaga | C11: MTG | D11: DE | E11: =SUMIFS('平台消耗统计'!I:I,'平台消耗统计'!A:A,$E$2,'平台消耗统计'!C:C,A11) -> 1113 | F11: =SUMIFS('平台消耗统计'!I:I,'平台消耗统计'!A:A,$F$2,'平台消耗统计'!C:C,A11) -> 950.85 | G11: =IFERROR((E11-F11)/F11,0) -> 0.17053163 | H11: 正常差值，转化略有提升 | I11: 争取拿到更多的量，定期优化素材
A12: 10912510 | B12: com.amazon.mShop.android.shopping | C12: Kwai | D12: BR | E12: =SUMIFS('平台消耗统计'!I:I,'平台消耗统计'!A:A,$E$2,'平台消耗统计'!C:C,A12) -> 948.56 | F12: =SUMIFS('平台消耗统计'!I:I,'平台消耗统计'!A:A,$F$2,'平台消耗统计'!C:C,A12) -> 1259.13 | G12: =IFERROR((E12-F12)/F12,0) -> -0.24665444 | H12: 周三掉量，目前在稳定恢复
A13: 6607117 | B13: ru.aliexpress.buyer | C13: MTG | D13: RU | E13: =SUMIFS('平台消耗统计'!I:I,'平台消耗统计'!A:A,$E$2,'平台消耗统计'!C:C,A13) -> 879.32 | F13: =SUMIFS('平台消耗统计'!I:I,'平台消耗统计'!A:A,$F$2,'平台消耗统计'!C:C,A13) -> 927.809 | G13: =IFERROR((E13-F13)/F13,0) -> -0.052261834 | H13: 正常差值，CPE订单偶尔有波动。 | I13: 争取拿到更多的量，定期优化素材
A14: 2732727 | B14: com.amazon.mShop.android.shopping | C14: MTG | D14: SA | E14: =SUMIFS('平台消耗统计'!I:I,'平台消耗统计'!A:A,$E$2,'平台消耗统计'!C:C,A14) -> 807.725 | F14: =SUMIFS('平台消耗统计'!I:I,'平台消耗统计'!A:A,$F$2,'平台消耗统计'!C:C,A14) -> 1000.725 | G14: =IFERROR((E14-F14)/F14,0) -> -0.19286018 | H14: 在掉量，已经调整渠道和新建系列 | I14: 争取拿到更多的量，定期优化素材
A15: 10514860 | B15: com.esprit.rpg.lttlefirykng | C15: MTG | D15: RU | E15: =SUMIFS('平台消耗统计'!I:I,'平台消耗统计'!A:A,$E$2,'平台消耗统计'!C:C,A15) -> 730.1 | F15: =SUMIFS('平台消耗统计'!I:I,'平台消耗统计'!A:A,$F$2,'平台消耗统计'!C:C,A15) -> 723.8 | G15: =IFERROR((E15-F15)/F15,0) -> 0.0087040619 | H15: 每天量波动比较大，但拉周来看量级很稳定 | I15: 继续观察
A16: 11892329 | B16: com.amazon.mShop.android.shopping | C16: MTG | D16: BR | E16: =SUMIFS('平台消耗统计'!I:I,'平台消耗统计'!A:A,$E$2,'平台消耗统计'!C:C,A16) -> 685.06 | F16: =SUMIFS('平台消耗统计'!I:I,'平台消耗统计'!A:A,$F$2,'平台消耗统计'!C:C,A16) -> 521.5 | G16: =IFERROR((E16-F16)/F16,0) -> 0.31363375 | H16: 比较稳定 正常差值，0.2打不满，提到了0.22 | I16: 争取拿到更多的量，定期优化素材
A17: 8094753 | B17: ru.aliexpress.buyer | C17: Mediago | D17: RU | E17: =SUMIFS('平台消耗统计'!I:I,'平台消耗统计'!A:A,$E$2,'平台消耗统计'!C:C,A17) -> 649.42 | F17: =SUMIFS('平台消耗统计'!I:I,'平台消耗统计'!A:A,$F$2,'平台消耗统计'!C:C,A17) -> 354.55 | G17: =IFERROR((E17-F17)/F17,0) -> 0.83167395 | H17: 9/9 cap 200>400 每天基本打满。 | I17: 定期优化素材，稳定流量。
A18: 8156506 | B18: com.yandex.lavka | C18: MTG | D18: RU | E18: =SUMIFS('平台消耗统计'!I:I,'平台消耗统计'!A:A,$E$2,'平台消耗统计'!C:C,A18) -> 583.1 | F18: =SUMIFS('平台消耗统计'!I:I,'平台消耗统计'!A:A,$F$2,'平台消耗统计'!C:C,A18) -> 601.55 | G18: =IFERROR((E18-F18)/F18,0) -> -0.030670767 | H18: 价格略低，不够稳定，目前已经提价0.1提到0.13 | I18: 已经提价
A19: 1745925 | B19: tech.jm | C19: MTG | D19: RU | E19: =SUMIFS('平台消耗统计'!I:I,'平台消耗统计'!A:A,$E$2,'平台消耗统计'!C:C,A19) -> 472.2 | F19: =SUMIFS('平台消耗统计'!I:I,'平台消耗统计'!A:A,$F$2,'平台消耗统计'!C:C,A19) -> 477.6 | G19: =IFERROR((E19-F19)/F19,0) -> -0.011306533 | H19: 有一天抽风没跑满，其余时间均跑满 | I19: 争取拿到更多的量，定期优化素材
A20: 7872826 | B20: asrtum.ent.domovyata | C20: MTG | D20: RU | E20: =SUMIFS('平台消耗统计'!I:I,'平台消耗统计'!A:A,$E$2,'平台消耗统计'!C:C,A20) -> 424.41 | F20: =SUMIFS('平台消耗统计'!I:I,'平台消耗统计'!A:A,$F$2,'平台消耗统计'!C:C,A20) -> 490.654 | G20: =IFERROR((E20-F20)/F20,0) -> -0.13501164 | H20: 降价和降cap后昨日已经重新打满新的cap要求 | I20: 争取拿到更多的量，定期优化素材
A21: 6395488 | B21: com.edadeal.android | C21: MTG | D21: RU | E21: =SUMIFS('平台消耗统计'!I:I,'平台消耗统计'!A:A,$E$2,'平台消耗统计'!C:C,A21) -> 420 | F21: =SUMIFS('平台消耗统计'!I:I,'平台消耗统计'!A:A,$F$2,'平台消耗统计'!C:C,A21) -> 420 | G21: =IFERROR((E21-F21)/F21,0) -> 0 | H21: 稳定订单 | I21: 继续保持每日打满cap
A22: 9297014 | B22: tech.jm | C22: Mediago | D22: RU | E22: =SUMIFS('平台消耗统计'!I:I,'平台消耗统计'!A:A,$E$2,'平台消耗统计'!C:C,A22) -> 407.45 | F22: =SUMIFS('平台消耗统计'!I:I,'平台消耗统计'!A:A,$F$2,'平台消耗统计'!C:C,A22) -> 287.49 | G22: =IFERROR((E22-F22)/F22,0) -> 0.41726669 | H22: 转化量就差了几十个但这周成本从0.19涨到了0.26 上涨比较多，9.11上新素材并下调价格后成本开始走低 | I22: 压住价格，持续上新素材
A23: 11511535 | B23: com.yandex.bank | C23: Mediago | D23: RU | E23: =SUMIFS('平台消耗统计'!I:I,'平台消耗统计'!A:A,$E$2,'平台消耗统计'!C:C,A23) -> 403.08 | F23: =SUMIFS('平台消耗统计'!I:I,'平台消耗统计'!A:A,$F$2,'平台消耗统计'!C:C,A23) -> 234.48 | G23: =IFERROR((E23-F23)/F23,0) -> 0.71903787 | H23: Week37转化量大幅提升，且成本可控，可喜可贺 | I23: 观察流量波动，调整出价
A24: 8566541 | B24: ru.yandex.music | C24: Mediago | D24: RU | E24: =SUMIFS('平台消耗统计'!I:I,'平台消耗统计'!A:A,$E$2,'平台消耗统计'!C:C,A24) -> 353.93 | F24: =SUMIFS('平台消耗统计'!I:I,'平台消耗统计'!A:A,$F$2,'平台消耗统计'!C:C,A24) -> 183.42 | G24: =IFERROR((E24-F24)/F24,0) -> 0.92961509 | H24: Week37转化量大幅提升，且成本可控，可喜可贺 | I24: 观察流量波动，调整出价
... A42: 91548043 | B42: com.king.candycrushsaga | C42: MTG | D42: FR | E42: =SUMIFS('平台消耗统计'!I:I,'平台消耗统计'!A:A,$E$2,'平台消耗统计'!C:C,A42) -> 158.4 | F42: =SUMIFS('平台消耗统计'!I:I,'平台消耗统计'!A:A,$F$2,'平台消耗统计'!C:C,A42) -> 121.8 | G42: =IFERROR((E42-F42)/F42,0) -> 0.30049261 | H42: 每日打满，但要换新的单号，过几天就可能要关了 | I42: 继续保持稳定打满
A43: 91560709 | B43: com.king.candycrushsaga | C43: MTG | D43: VN | E43: =SUMIFS('平台消耗统计'!I:I,'平台消耗统计'!A:A,$E$2,'平台消耗统计'!C:C,A43) -> 151.74 | F43: =SUMIFS('平台消耗统计'!I:I,'平台消耗统计'!A:A,$F$2,'平台消耗统计'!C:C,A43) -> 0 | G43: =IFERROR((E43-F43)/F43,0) -> 0 | H43: 9.8日开投
A44: 6439005 | B44: com.amazon.mShop.android.shopping | C44: Eagllwin | D44: ZA | E44: =SUMIFS('平台消耗统计'!I:I,'平台消耗统计'!A:A,$E$2,'平台消耗统计'!C:C,A44) -> 149.5 | F44: =SUMIFS('平台消耗统计'!I:I,'平台消耗统计'!A:A,$F$2,'平台消耗统计'!C:C,A44) -> 128.5 | G44: =IFERROR((E44-F44)/F44,0) -> 0.16342412 | H44: 目前维持在80左右的量级，在慢慢提升 | I44: 争取拿到更多的量，定期优化素材
A45: 91467820 | B45: com.vitastudio.mahjong | C45: MTG | D45: ID | E45: =SUMIFS('平台消耗统计'!I:I,'平台消耗统计'!A:A,$E$2,'平台消耗统计'!C:C,A45) -> 140 | F45: =SUMIFS('平台消耗统计'!I:I,'平台消耗统计'!A:A,$F$2,'平台消耗统计'!C:C,A45) -> 323.1 | G45: =IFERROR((E45-F45)/F45,0) -> -0.56669762 | H45: week36降了cap到200后每天还是都能打满 | I45: 继续保持每日打满cap
A46: 8819666 | B46: com.yandex.lavka | C46: Bigo | D46: RU | E46: =SUMIFS('平台消耗统计'!I:I,'平台消耗统计'!A:A,$E$2,'平台消耗统计'!C:C,A46) -> 139.2306 | F46: =SUMIFS('平台消耗统计'!I:I,'平台消耗统计'!A:A,$F$2,'平台消耗统计'!C:C,A46) -> 138.0552 | G46: =IFERROR((E46-F46)/F46,0) -> 0.0085139857 | H46: 稳定订单，每日基本打满 | I46: 继续保持稳定打满
A47: 9686529 | B47: ru.ozon.app.android | C47: MTG | D47: KG | E47: =SUMIFS('平台消耗统计'!I:I,'平台消耗统计'!A:A,$E$2,'平台消耗统计'!C:C,A47) -> 135.5 | F47: =SUMIFS('平台消耗统计'!I:I,'平台消耗统计'!A:A,$F$2,'平台消耗统计'!C:C,A47) -> 125.5 | G47: =IFERROR((E47-F47)/F47,0) -> 0.079681275 | H47: Week37转化增多，合理波动 | I47: 正常更新素材
A48: 91496147 | B48: com.vitastudio.mahjong | C48: MTG | D48: BR | E48: =SUMIFS('平台消耗统计'!I:I,'平台消耗统计'!A:A,$E$2,'平台消耗统计'!C:C,A48) -> 125.45 | F48: =SUMIFS('平台消耗统计'!I:I,'平台消耗统计'!A:A,$F$2,'平台消耗统计'!C:C,A48) -> 129.35 | G48: =IFERROR((E48-F48)/F48,0) -> -0.030150754 | H48: 稳定订单，每日基本打满 | I48: 继续保持
A49: 12011132 | B49: ru.rt.video.app.mobile | C49: MTG | D49: RU | E49: =SUMIFS('平台消耗统计'!I:I,'平台消耗统计'!A:A,$E$2,'平台消耗统计'!C:C,A49) -> 120 | F49: =SUMIFS('平台消耗统计'!I:I,'平台消耗统计'!A:A,$F$2,'平台消耗统计'!C:C,A49) -> 0 | G49: =IFERROR((E49-F49)/F49,0) -> 0 | H49: 9/8 开跑，目前每日能打满cap
A50: 91467821 | B50: com.vitastudio.mahjong | C50: MTG | D50: TH | E50: =SUMIFS('平台消耗统计'!I:I,'平台消耗统计'!A:A,$E$2,'平台消耗统计'!C:C,A50) -> 119 | F50: =SUMIFS('平台消耗统计'!I:I,'平台消耗统计'!A:A,$F$2,'平台消耗统计'!C:C,A50) -> 117.81 | G50: =IFERROR((E50-F50)/F50,0) -> 0.01010101 | H50: 稳定订单，每天打满 | I50: 继续保持
A51: 6951600 | B51: com.king.candycrushsodasaga | C51: MTG | D51: TH | E51: =SUMIFS('平台消耗统计'!I:I,'平台消耗统计'!A:A,$E$2,'平台消耗统计'!C:C,A51) -> 113.866 | F51: =SUMIFS('平台消耗统计'!I:I,'平台消耗统计'!A:A,$F$2,'平台消耗统计'!C:C,A51) -> 98.396 | G51: =IFERROR((E51-F51)/F51,0) -> 0.15722184 | H51: 目前已经稳定每日打满 | I51: 继续保持稳定打满
A52: 10765365 | B52: ph.com.bdo.pay | C52: MTG | D52: PH | E52: =SUMIFS('平台消耗统计'!I:I,'平台消耗统计'!A:A,$E$2,'平台消耗统计'!C:C,A52) -> 111.24 | F52: =SUMIFS('平台消耗统计'!I:I,'平台消耗统计'!A:A,$F$2,'平台消耗统计'!C:C,A52) -> 88.98 | G52: =IFERROR((E52-F52)/F52,0) -> 0.25016858 | H52: week36cap提到100后大部分时间都能打满只有周末两天掉量比较多 | I52: 提价稳定量级并上新素材
A53: 91532857 | B53: com.reefgames.fabletown | C53: Bigo | D53: RU | E53: =SUMIFS('平台消耗统计'!I:I,'平台消耗统计'!A:A,$E$2,'平台消耗统计'!C:C,A53) -> 99.9776 | F53: =SUMIFS('平台消耗统计'!I:I,'平台消耗统计'!A:A,$F$2,'平台消耗统计'!C:C,A53) -> 72.7499 | G53: =IFERROR((E53-F53)/F53,0) -> 0.37426443 | H53: 上了新素材，量有提升 | I53: 换了一个编号去新建了，继续观察
A54: 2937658 | B54: com.yandex.bank | C54: MTG | D54: RU | E54: =SUMIFS('平台消耗统计'!I:I,'平台消耗统计'!A:A,$E$2,'平台消耗统计'!C:C,A54) -> 86.1 | F54: =SUMIFS('平台消耗统计'!I:I,'平台消耗统计'!A:A,$F$2,'平台消耗统计'!C:C,A54) -> 86.162 | G54: =IFERROR((E54-F54)/F54,0) -> -0.00071957475 | H54: 稳定订单 | I54: 继续保持每日打满cap
A55: 8566084 | B55: com.intellihealth.truemeds | C55: MTG | D55: IN | E55: =SUMIFS('平台消耗统计'!I:I,'平台消耗统计'!A:A,$E$2,'平台消耗统计'!C:C,A55) -> 84 | F55: =SUMIFS('平台消耗统计'!I:I,'平台消耗统计'!A:A,$F$2,'平台消耗统计'!C:C,A55) -> 64.56 | G55: =IFERROR((E55-F55)/F55,0) -> 0.30111524 | H55: Week37每日打满cap，转化量增多 | I55: 继续保持每日打满cap
A56: 6706444 | B56: ru.ozon.app.android | C56: Bigo | D56: KZ | E56: =SUMIFS('平台消耗统计'!I:I,'平台消耗统计'!A:A,$E$2,'平台消耗统计'!C:C,A56) -> 83.595 | F56: =SUMIFS('平台消耗统计'!I:I,'平台消耗统计'!A:A,$F$2,'平台消耗统计'!C:C,A56) -> 69.2401 | G56: =IFERROR((E56-F56)/F56,0) -> 0.20732061 | H56: Week37 eCPI跑高了，转化量差不多 | I56: 换素材，降eCPI
A57: 11690183 | B57: com.uma.musicvk | C57: MTG | D57: RU | E57: =SUMIFS('平台消耗统计'!I:I,'平台消耗统计'!A:A,$E$2,'平台消耗统计'!C:C,A57) -> 82.2 | F57: =SUMIFS('平台消耗统计'!I:I,'平台消耗统计'!A:A,$F$2,'平台消耗统计'!C:C,A57) -> 70.5 | G57: =IFERROR((E57-F57)/F57,0) -> 0.16595745 | H57: 人群包订单，量相较Week36增加了一些。正常波动 | I57: 优化素材和子渠道，争取跑满
A58: 91550293 | B58: net.peakgames.Yuzbir | C58: MTG | D58: TR | E58: =SUMIFS('平台消耗统计'!I:I,'平台消耗统计'!A:A,$E$2,'平台消耗统计'!C:C,A58) -> 80.5 | F58: =SUMIFS('平台消耗统计'!I:I,'平台消耗统计'!A:A,$F$2,'平台消耗统计'!C:C,A58) -> 126 | G58: =IFERROR((E58-F58)/F58,0) -> -0.36111111 | H58: 最近竖版量有下滑 | I58: 上新素材提升量级
A59: 91407542 | B59: com.king.candycrushsaga | C59: MTG | D59: ID | E59: =SUMIFS('平台消耗统计'!I:I,'平台消耗统计'!A:A,$E$2,'平台消耗统计'!C:C,A59) -> 78.86 | F59: =SUMIFS('平台消耗统计'!I:I,'平台消耗统计'!A:A,$F$2,'平台消耗统计'!C:C,A59) -> 37.27 | G59: =IFERROR((E59-F59)/F59,0) -> 1.1159109 | H59: 稳定订单，每日打满有一天有波动没跑满 | I59: 定期更新素材，量保持稳住
A60: 11924259 | B60: blibli.mobile.commerce | C60: MTG | D60: ID | E60: =SUMIFS('平台消耗统计'!I:I,'平台消耗统计'!A:A,$E$2,'平台消耗统计'!C:C,A60) -> 78.6 | F60: =SUMIFS('平台消耗统计'!I:I,'平台消耗统计'!A:A,$F$2,'平台消耗统计'!C:C,A60) -> 16.44 | G60: =IFERROR((E60-F60)/F60,0) -> 3.7810219 | H60: week36新建订单只跑了三天 这周大部分时间都能打满 | I60: 上新素材和优化子渠道，争取跑满
A61: 91540124 | B61: com.puzzlegames.puzzlebrickslegend | C61: Bigo | D61: US | E61: =SUMIFS('平台消耗统计'!I:I,'平台消耗统计'!A:A,$E$2,'平台消耗统计'!C:C,A61) -> 74.4955 | F61: =SUMIFS('平台消耗统计'!I:I,'平台消耗统计'!A:A,$F$2,'平台消耗统计'!C:C,A61) -> 72.5207 | G61: =IFERROR((E61-F61)/F61,0) -> 0.027230846 | H61: 每日花费基本稳定，但是转化波动较大 | I61: 争取拿到更多的量，定期优化素材
... A71: 91557347 | B71: robot.zaimer.ru | C71: MTG | D71: RU | E71: =SUMIFS('平台消耗统计'!I:I,'平台消耗统计'!A:A,$E$2,'平台消耗统计'!C:C,A71) -> 44.8 | F71: =SUMIFS('平台消耗统计'!I:I,'平台消耗统计'!A:A,$F$2,'平台消耗统计'!C:C,A71) -> 2.5 | G71: =IFERROR((E71-F71)/F71,0) -> 16.92 | H71: 更换了视频素材，视频素材出量了 | I71: 继续观察优化素材
A72: 91560708 | B72: com.king.candycrushsaga | C72: MTG | D72: FR | E72: =SUMIFS('平台消耗统计'!I:I,'平台消耗统计'!A:A,$E$2,'平台消耗统计'!C:C,A72) -> 43.29 | F72: =SUMIFS('平台消耗统计'!I:I,'平台消耗统计'!A:A,$F$2,'平台消耗统计'!C:C,A72) -> 0 | G72: =IFERROR((E72-F72)/F72,0) -> 0 | H72: 新订单号，目前在起量阶段，9.8日开投
A73: 8998645 | B73: com.king.candycrushsaga | C73: MTG | D73: TH | E73: =SUMIFS('平台消耗统计'!I:I,'平台消耗统计'!A:A,$E$2,'平台消耗统计'!C:C,A73) -> 43.133 | F73: =SUMIFS('平台消耗统计'!I:I,'平台消耗统计'!A:A,$F$2,'平台消耗统计'!C:C,A73) -> 33.768 | G73: =IFERROR((E73-F73)/F73,0) -> 0.27733357 | H73: CPE订单，量上不去已经上了新的素材看看 | I73: 定期更新素材，量保持稳住
A74: 9298539 | B74: com.gloriajeans.mobile | C74: MTG | D74: RU | E74: =SUMIFS('平台消耗统计'!I:I,'平台消耗统计'!A:A,$E$2,'平台消耗统计'!C:C,A74) -> 33.92 | F74: =SUMIFS('平台消耗统计'!I:I,'平台消耗统计'!A:A,$F$2,'平台消耗统计'!C:C,A74) -> 114 | G74: =IFERROR((E74-F74)/F74,0) -> -0.70245614 | H74: 9/8暂停 | I74: /
A75: 12039225 | B75: com.bossgame.domino | C75: MTG | D75: ID | E75: =SUMIFS('平台消耗统计'!I:I,'平台消耗统计'!A:A,$E$2,'平台消耗统计'!C:C,A75) -> 30 | F75: =SUMIFS('平台消耗统计'!I:I,'平台消耗统计'!A:A,$F$2,'平台消耗统计'!C:C,A75) -> 0 | G75: =IFERROR((E75-F75)/F75,0) -> 0 | H75: 9/14 已暂停
A76: 8312006 | B76: ru.uteka.app | C76: MTG | D76: RU | E76: =SUMIFS('平台消耗统计'!I:I,'平台消耗统计'!A:A,$E$2,'平台消耗统计'!C:C,A76) -> 29.52 | F76: =SUMIFS('平台消耗统计'!I:I,'平台消耗统计'!A:A,$F$2,'平台消耗统计'!C:C,A76) -> 26.64 | G76: =IFERROR((E76-F76)/F76,0) -> 0.10810811 | H76: 比较稳定 正常差值 | I76: 继续保持
A77: 91545519 | B77: com.vuclip.viu | C77: MTG | D77: MY | E77: =SUMIFS('平台消耗统计'!I:I,'平台消耗统计'!A:A,$E$2,'平台消耗统计'!C:C,A77) -> 27.6 | F77: =SUMIFS('平台消耗统计'!I:I,'平台消耗统计'!A:A,$F$2,'平台消耗统计'!C:C,A77) -> 66.58 | G77: =IFERROR((E77-F77)/F77,0) -> -0.5854611 | H77: 原账户开始只跑人群包，量变少了 | I77: 继续观察优化
A78: 10080665 | B78: ru.ozon.app.android | C78: MTG | D78: AM | E78: =SUMIFS('平台消耗统计'!I:I,'平台消耗统计'!A:A,$E$2,'平台消耗统计'!C:C,A78) -> 27.36 | F78: =SUMIFS('平台消耗统计'!I:I,'平台消耗统计'!A:A,$F$2,'平台消耗统计'!C:C,A78) -> 29.64 | G78: =IFERROR((E78-F78)/F78,0) -> -0.076923077 | H78: Week37转化量下降，正常波动 | I78: 正常更新素材
A79: 91564896 | B79: com.game.friends.ru | C79: MTG | D79: RU | E79: =SUMIFS('平台消耗统计'!I:I,'平台消耗统计'!A:A,$E$2,'平台消耗统计'!C:C,A79) -> 25.9 | F79: =SUMIFS('平台消耗统计'!I:I,'平台消耗统计'!A:A,$F$2,'平台消耗统计'!C:C,A79) -> 0 | G79: =IFERROR((E79-F79)/F79,0) -> 0 | H79: 9/11开投 | I79: /
A80: 91399439 | B80: com.kotak811mobilebankingapp.instantsavingsupiscanandpayrecharge | C80: MTG | D80: IN | E80: =SUMIFS('平台消耗统计'!I:I,'平台消耗统计'!A:A,$E$2,'平台消耗统计'!C:C,A80) -> 21.7 | F80: =SUMIFS('平台消耗统计'!I:I,'平台消耗统计'!A:A,$F$2,'平台消耗统计'!C:C,A80) -> 23.6 | G80: =IFERROR((E80-F80)/F80,0) -> -0.080508475 | H80: 每天都是二三十个转化 | I80: 优化素材优化渠道
A81: 9311355 | B81: com.esprit.rpg.cntrctfft | C81: MTG | D81: RU | E81: =SUMIFS('平台消耗统计'!I:I,'平台消耗统计'!A:A,$E$2,'平台消耗统计'!C:C,A81) -> 21 | F81: =SUMIFS('平台消耗统计'!I:I,'平台消耗统计'!A:A,$F$2,'平台消耗统计'!C:C,A81) -> 21 | G81: =IFERROR((E81-F81)/F81,0) -> 0 | H81: 稳定订单，每天打满 | I81: 正常更新素材
A82: 8531973 | B82: com.king.candycrushsodasaga | C82: Mediago | D82: DE | E82: =SUMIFS('平台消耗统计'!I:I,'平台消耗统计'!A:A,$E$2,'平台消耗统计'!C:C,A82) -> 19.74 | F82: =SUMIFS('平台消耗统计'!I:I,'平台消耗统计'!A:A,$F$2,'平台消耗统计'!C:C,A82) -> 14.87 | G82: =IFERROR((E82-F82)/F82,0) -> 0.32750504 | H82: 转化没提升，提价后成本有提升 | I82: 继续观察优化素材
A83: 5619156 | B83: com.amazon.mShop.android.shopping | C83: Bigo | D83: SA | E83: =SUMIFS('平台消耗统计'!I:I,'平台消耗统计'!A:A,$E$2,'平台消耗统计'!C:C,A83) -> 17.5363 | F83: =SUMIFS('平台消耗统计'!I:I,'平台消耗统计'!A:A,$F$2,'平台消耗统计'!C:C,A83) -> 40.6533 | G83: =IFERROR((E83-F83)/F83,0) -> -0.56863772 | H83: 在掉量，上了新素材也不管用，也要用新户大法 | I83: 用新户大法
A84: 5556054 | B84: com.krom.android | C84: MTG | D84: ID | E84: =SUMIFS('平台消耗统计'!I:I,'平台消耗统计'!A:A,$E$2,'平台消耗统计'!C:C,A84) -> 13.207 | F84: =SUMIFS('平台消耗统计'!I:I,'平台消耗统计'!A:A,$F$2,'平台消耗统计'!C:C,A84) -> 27.872 | G84: =IFERROR((E84-F84)/F84,0) -> -0.52615528 | H84: 每天都不是很稳定 时不时能出两三个转化 不过这周成本对比week36从1.16降到了0.88 | I84: 继续观察优化素材
A85: 91534913 | B85: com.qookkagames.xczyw.gp.hk | C85: MTG | D85: HK | E85: =SUMIFS('平台消耗统计'!I:I,'平台消耗统计'!A:A,$E$2,'平台消耗统计'!C:C,A85) -> 13 | F85: =SUMIFS('平台消耗统计'!I:I,'平台消耗统计'!A:A,$F$2,'平台消耗统计'!C:C,A85) -> 80 | G85: =IFERROR((E85-F85)/F85,0) -> -0.8375 | H85: 有事件要求，更换为只跑人群包，几乎没量了 | I85: 继续观察优化
A86: 5847496 | B86: com.amazon.mShop.android.shopping | C86: Bigo | D86: AE | E86: =SUMIFS('平台消耗统计'!I:I,'平台消耗统计'!A:A,$E$2,'平台消耗统计'!C:C,A86) -> 12.0427 | F86: =SUMIFS('平台消耗统计'!I:I,'平台消耗统计'!A:A,$F$2,'平台消耗统计'!C:C,A86) -> 89.7474 | G86: =IFERROR((E86-F86)/F86,0) -> -0.86581561 | H86: 在掉量，上了新素材也不管用，也要用新户大法 | I86: 用新户大法
A87: 11987622 | B87: com.amazon.mShop.android.shopping | C87: Kwai | D87: BR | E87: =SUMIFS('平台消耗统计'!I:I,'平台消耗统计'!A:A,$E$2,'平台消耗统计'!C:C,A87) -> 10.22 | F87: =SUMIFS('平台消耗统计'!I:I,'平台消耗统计'!A:A,$F$2,'平台消耗统计'!C:C,A87) -> 0 | G87: =IFERROR((E87-F87)/F87,0) -> 0 | H87: 9.12日开投
A88: 6061077 | B88: ru.aliexpress.buyer | C88: MTG | D88: RU | E88: =SUMIFS('平台消耗统计'!I:I,'平台消耗统计'!A:A,$E$2,'平台消耗统计'!C:C,A88) -> 9.071 | F88: =SUMIFS('平台消耗统计'!I:I,'平台消耗统计'!A:A,$F$2,'平台消耗统计'!C:C,A88) -> 6.731 | G88: =IFERROR((E88-F88)/F88,0) -> 0.34764522 | H88: CPE订单，量上不去已经上了新的素材看看
A89: 11324493 | B89: com.king.candycrushsaga | C89: MTG | D89: TH | E89: =SUMIFS('平台消耗统计'!I:I,'平台消耗统计'!A:A,$E$2,'平台消耗统计'!C:C,A89) -> 8.1 | F89: =SUMIFS('平台消耗统计'!I:I,'平台消耗统计'!A:A,$F$2,'平台消耗统计'!C:C,A89) -> 5.18 | G89: =IFERROR((E89-F89)/F89,0) -> 0.56370656 | H89: 人群包订单，没啥量有略微的增长 | I89: 优化素材和子渠道看看
A90: 10501490 | B90: tech.jm | C90: MTG | D90: RU | E90: =SUMIFS('平台消耗统计'!I:I,'平台消耗统计'!A:A,$E$2,'平台消耗统计'!C:C,A90) -> 7.8 | F90: =SUMIFS('平台消耗统计'!I:I,'平台消耗统计'!A:A,$F$2,'平台消耗统计'!C:C,A90) -> 8.06 | G90: =IFERROR((E90-F90)/F90,0) -> -0.032258065 | H90: 人群包订单，没啥量有略微的增长 | I90: 优化素材和子渠道看看
A91: 8670368 | B91: com.king.candycrushsodasaga | C91: Kwai | D91: BR | E91: =SUMIFS('平台消耗统计'!I:I,'平台消耗统计'!A:A,$E$2,'平台消耗统计'!C:C,A91) -> 7.23 | F91: =SUMIFS('平台消耗统计'!I:I,'平台消耗统计'!A:A,$F$2,'平台消耗统计'!C:C,A91) -> 8.89 | G91: =IFERROR((E91-F91)/F91,0) -> -0.18672666 | H91: 之前降价后量在缓慢上升到固定区间，这个价格没什么量 | I91: 继续观察
A92: 91538336 | B92: cn.com.vtmarkets | C92: MTG | D92: FR | E92: =SUMIFS('平台消耗统计'!I:I,'平台消耗统计'!A:A,$E$2,'平台消耗统计'!C:C,A92) -> 7.2 | F92: =SUMIFS('平台消耗统计'!I:I,'平台消耗统计'!A:A,$F$2,'平台消耗统计'!C:C,A92) -> 7.2 | G92: =IFERROR((E92-F92)/F92,0) -> 0 | H92: 9/10暂停 | I92: /
A93: 91533906 | B93: com.sialiagames.xczyw.gp.tw | C93: MTG | D93: TW | E93: =SUMIFS('平台消耗统计'!I:I,'平台消耗统计'!A:A,$E$2,'平台消耗统计'!C:C,A93) -> 7 | F93: =SUMIFS('平台消耗统计'!I:I,'平台消耗统计'!A:A,$F$2,'平台消耗统计'!C:C,A93) -> 27 | G93: =IFERROR((E93-F93)/F93,0) -> -0.74074074 | H93: 有事件要求，更换为只跑人群包，几乎没量了 | I93: 继续观察优化
A94: 12072287 | B94: com.yandex.bank | C94: MTG | D94: RU | E94: =SUMIFS('平台消耗统计'!I:I,'平台消耗统计'!A:A,$E$2,'平台消耗统计'!C:C,A94) -> 6.279 | F94: =SUMIFS('平台消耗统计'!I:I,'平台消耗统计'!A:A,$F$2,'平台消耗统计'!C:C,A94) -> 0 | G94: =IFERROR((E94-F94)/F94,0) -> 0 | H94: 9/9开跑，CPE订单，eCPI跑出来很低，逐步提价中提量中
A95: 7203110 | B95: com.fxpro.direct.application | C95: MTG | D95: SY | E95: =SUMIFS('平台消耗统计'!I:I,'平台消耗统计'!A:A,$E$2,'平台消耗统计'!C:C,A95) -> 5.4 | F95: =SUMIFS('平台消耗统计'!I:I,'平台消耗统计'!A:A,$F$2,'平台消耗统计'!C:C,A95) -> 21.3 | G95: =IFERROR((E95-F95)/F95,0) -> -0.74647887 | H95: 上了新素材，也没量 | I95: 沟通提价
A96: 91535331 | B96: com.king.candycrushsaga | C96: MTG | D96: IN | E96: =SUMIFS('平台消耗统计'!I:I,'平台消耗统计'!A:A,$E$2,'平台消耗统计'!C:C,A96) -> 5.36 | F96: =SUMIFS('平台消耗统计'!I:I,'平台消耗统计'!A:A,$F$2,'平台消耗统计'!C:C,A96) -> 2.22 | G96: =IFERROR((E96-F96)/F96,0) -> 1.4144144 | H96: 人群包订单，没啥量有略微的增长 | I96: 优化素材和子渠道看看
A97: 91538300 | B97: com.vitastudio.mahjong | C97: MTG | D97: ID | E97: =SUMIFS('平台消耗统计'!I:I,'平台消耗统计'!A:A,$E$2,'平台消耗统计'!C:C,A97) -> 4.76 | F97: =SUMIFS('平台消耗统计'!I:I,'平台消耗统计'!A:A,$F$2,'平台消耗统计'!C:C,A97) -> 4.2 | G97: =IFERROR((E97-F97)/F97,0) -> 0.13333333 | H97: 人群包订单，个位数转化 | I97: 继续跑
A98: 10815258 | B98: com.kubi.kucoin | C98: MTG | D98: RU | E98: =SUMIFS('平台消耗统计'!I:I,'平台消耗统计'!A:A,$E$2,'平台消耗统计'!C:C,A98) -> 4.333 | F98: =SUMIFS('平台消耗统计'!I:I,'平台消耗统计'!A:A,$F$2,'平台消耗统计'!C:C,A98) -> 7.917 | G98: =IFERROR((E98-F98)/F98,0) -> -0.45269673 | H98: 正常差值，提了子渠道的价格和优化的素材量起不来。持续观察看看
A99: 91535229 | B99: com.king.candycrushsaga | C99: MTG | D99: ID | E99: =SUMIFS('平台消耗统计'!I:I,'平台消耗统计'!A:A,$E$2,'平台消耗统计'!C:C,A99) -> 4.04 | F99: =SUMIFS('平台消耗统计'!I:I,'平台消耗统计'!A:A,$F$2,'平台消耗统计'!C:C,A99) -> 0.92 | G99: =IFERROR((E99-F99)/F99,0) -> 3.3913043 | H99: 人群包订单，没啥量有略微的增长 | I99: 优化素材和子渠道看看
A100: 12038500 | B100: astrum.ent.m2alyona | C100: MTG | D100: RU | E100: =SUMIFS('平台消耗统计'!I:I,'平台消耗统计'!A:A,$E$2,'平台消耗统计'!C:C,A100) -> 4 | F100: =SUMIFS('平台消耗统计'!I:I,'平台消耗统计'!A:A,$F$2,'平台消耗统计'!C:C,A100) -> 0 | G100: =IFERROR((E100-F100)/F100,0) -> 0 | H100: 人群包订单 每天曝光点击都不是很多 但还能是不是出两个转化 | I100: 继续跑
A101: 11080098 | B101: com.fxpro.direct.application | C101: MTG | D101: PK | E101: =SUMIFS('平台消耗统计'!I:I,'平台消耗统计'!A:A,$E$2,'平台消耗统计'!C:C,A101) -> 3.6 | F101: =SUMIFS('平台消耗统计'!I:I,'平台消耗统计'!A:A,$F$2,'平台消耗统计'!C:C,A101) -> 1.86 | G101: =IFERROR((E101-F101)/F101,0) -> 0.93548387 | H101: 人群包订单，暂无转化 | I101: 继续跑
A102: 91554853 | B102: com.vuclip.viu | C102: Eagllwin | D102: ID | E102: =SUMIFS('平台消耗统计'!I:I,'平台消耗统计'!A:A,$E$2,'平台消耗统计'!C:C,A102) -> 3.6 | F102: =SUMIFS('平台消耗统计'!I:I,'平台消耗统计'!A:A,$F$2,'平台消耗统计'!C:C,A102) -> 6.902 | G102: =IFERROR((E102-F102)/F102,0) -> -0.47841205 | H102: 9/11暂停 | I102: /
A103: 91538301 | B103: com.vitastudio.mahjong | C103: MTG | D103: RU | E103: =SUMIFS('平台消耗统计'!I:I,'平台消耗统计'!A:A,$E$2,'平台消耗统计'!C:C,A103) -> 3.52 | F103: =SUMIFS('平台消耗统计'!I:I,'平台消耗统计'!A:A,$F$2,'平台消耗统计'!C:C,A103) -> 6.82 | G103: =IFERROR((E103-F103)/F103,0) -> -0.48387097 | H103: 人群包订单，个位数转化 | I103: 继续跑
A104: 11792342 | B104: com.conquian.parallax | C104: MTG | D104: IN | E104: =SUMIFS('平台消耗统计'!I:I,'平台消耗统计'!A:A,$E$2,'平台消耗统计'!C:C,A104) -> 3 | F104: =SUMIFS('平台消耗统计'!I:I,'平台消耗统计'!A:A,$F$2,'平台消耗统计'!C:C,A104) -> 0.4 | G104: =IFERROR((E104-F104)/F104,0) -> 6.5 | H104: 多了几个转化，难起量，其他渠道CVR也很低 | I104: 正常更新素材
A105: 91538306 | B105: com.vitastudio.mahjong | C105: MTG | D105: PH | E105: =SUMIFS('平台消耗统计'!I:I,'平台消耗统计'!A:A,$E$2,'平台消耗统计'!C:C,A105) -> 2.34 | F105: =SUMIFS('平台消耗统计'!I:I,'平台消耗统计'!A:A,$F$2,'平台消耗统计'!C:C,A105) -> 1.98 | G105: =IFERROR((E105-F105)/F105,0) -> 0.18181818 | H105: 人群包订单，个位数转化 | I105: 继续跑
A106: 11078827 | B106: ru.ozon.app.android | C106: MTG | D106: UZ | E106: =SUMIFS('平台消耗统计'!I:I,'平台消耗统计'!A:A,$E$2,'平台消耗统计'!C:C,A106) -> 1.8 | F106: =SUMIFS('平台消耗统计'!I:I,'平台消耗统计'!A:A,$F$2,'平台消耗统计'!C:C,A106) -> 0.3 | G106: =IFERROR((E106-F106)/F106,0) -> 5 | H106: 人群包订单，个位数转化 | I106: 继续跑
A107: 11763482 | B107: com.esprit.rpg.lttlefirykng | C107: Bigo | D107: RU | E107: =SUMIFS('平台消耗统计'!I:I,'平台消耗统计'!A:A,$E$2,'平台消耗统计'!C:C,A107) -> 1.7599 | F107: =SUMIFS('平台消耗统计'!I:I,'平台消耗统计'!A:A,$F$2,'平台消耗统计'!C:C,A107) -> 2.3486 | G107: =IFERROR((E107-F107)/F107,0) -> -0.25065997 | H107: 没量，提了价格和换了素材没啥流量增加的变化 | I107: 在换素材看看
A108: 11836152 | B108: com.kwai.bulldog | C108: MTG | D108: ID | E108: =SUMIFS('平台消耗统计'!I:I,'平台消耗统计'!A:A,$E$2,'平台消耗统计'!C:C,A108) -> 1.71 | F108: =SUMIFS('平台消耗统计'!I:I,'平台消耗统计'!A:A,$F$2,'平台消耗统计'!C:C,A108) -> 0.27 | G108: =IFERROR((E108-F108)/F108,0) -> 5.3333333 | H108: 人群包订单 每天曝光点击都不是很多 但还能是不是出两个转化 | I108: 继续跑
A109: 91538309 | B109: com.vitastudio.mahjong | C109: MTG | D109: MY | E109: =SUMIFS('平台消耗统计'!I:I,'平台消耗统计'!A:A,$E$2,'平台消耗统计'!C:C,A109) -> 1.62 | F109: =SUMIFS('平台消耗统计'!I:I,'平台消耗统计'!A:A,$F$2,'平台消耗统计'!C:C,A109) -> 1.44 | G109: =IFERROR((E109-F109)/F109,0) -> 0.125 | H109: 人群包订单，个位数转化 | I109: 继续跑
A110: 11655595 | B110: com.esprit.rpg.lttlefirykng | C110: Mediago | D110: RU | E110: =SUMIFS('平台消耗统计'!I:I,'平台消耗统计'!A:A,$E$2,'平台消耗统计'!C:C,A110) -> 1.13 | F110: =SUMIFS('平台消耗统计'!I:I,'平台消耗统计'!A:A,$F$2,'平台消耗统计'!C:C,A110) -> 3.31 | G110: =IFERROR((E110-F110)/F110,0) -> -0.65861027 | H110: 没量，提了价格和换了素材没啥流量增加的变化 | I110: 在换素材看看
... A114: 91550294 | B114: com.okinc.okex.gp | C114: MTG | D114: US | E114: =SUMIFS('平台消耗统计'!I:I,'平台消耗统计'!A:A,$E$2,'平台消耗统计'!C:C,A114) -> 0.8 | F114: =SUMIFS('平台消耗统计'!I:I,'平台消耗统计'!A:A,$F$2,'平台消耗统计'!C:C,A114) -> 17.6 | G114: =IFERROR((E114-F114)/F114,0) -> -0.95454545 | H114: 9/10暂停 | I114: /
A115: 9751142 | B115: com.alibaba.aliexpresshd | C115: Kwai | D115: BR | E115: =SUMIFS('平台消耗统计'!I:I,'平台消耗统计'!A:A,$E$2,'平台消耗统计'!C:C,A115) -> 0.7 | F115: =SUMIFS('平台消耗统计'!I:I,'平台消耗统计'!A:A,$F$2,'平台消耗统计'!C:C,A115) -> 17.89 | G115: =IFERROR((E115-F115)/F115,0) -> -0.960872 | H115: 9.7暂停
A116: 91548042 | B116: tech.jm | C116: Bigo | D116: RU | E116: =SUMIFS('平台消耗统计'!I:I,'平台消耗统计'!A:A,$E$2,'平台消耗统计'!C:C,A116) -> 0.7117 | F116: =SUMIFS('平台消耗统计'!I:I,'平台消耗统计'!A:A,$F$2,'平台消耗统计'!C:C,A116) -> 0.5139 | G116: =IFERROR((E116-F116)/F116,0) -> 0.38489979 | H116: 人群包订单，暂无转化 | I116: 继续跑
A117: 12115625 | B117: ru.zhuck.webapp | C117: MTG | D117: RU | E117: =SUMIFS('平台消耗统计'!I:I,'平台消耗统计'!A:A,$E$2,'平台消耗统计'!C:C,A117) -> 0.6 | F117: =SUMIFS('平台消耗统计'!I:I,'平台消耗统计'!A:A,$F$2,'平台消耗统计'!C:C,A117) -> 0 | G117: =IFERROR((E117-F117)/F117,0) -> 0 | H117: 9/11开投 | I117: /
A118: 8057746 | B118: com.king.candycrushsaga | C118: MTG | D118: MY | E118: =SUMIFS('平台消耗统计'!I:I,'平台消耗统计'!A:A,$E$2,'平台消耗统计'!C:C,A118) -> 0.56 | F118: =SUMIFS('平台消耗统计'!I:I,'平台消耗统计'!A:A,$F$2,'平台消耗统计'!C:C,A118) -> 0.56 | G118: =IFERROR((E118-F118)/F118,0) -> 0 | H118: 人群包订单，暂无转化 | I118: 继续跑
A119: 11862336 | B119: com.kotak811mobilebankingapp.instantsavingsupiscanandpayrecharge | C119: MTG | D119: IN | E119: =SUMIFS('平台消耗统计'!I:I,'平台消耗统计'!A:A,$E$2,'平台消耗统计'!C:C,A119) -> 0.4 | F119: =SUMIFS('平台消耗统计'!I:I,'平台消耗统计'!A:A,$F$2,'平台消耗统计'!C:C,A119) -> 0.1 | G119: =IFERROR((E119-F119)/F119,0) -> 3 | H119: 人群包订单 每天曝光点击都不是很多 但还能是不是出两个转化 | I119: 继续跑
A120: 91520433 | B120: com.vitastudio.mahjong | C120: MTG | D120: RU | E120: =SUMIFS('平台消耗统计'!I:I,'平台消耗统计'!A:A,$E$2,'平台消耗统计'!C:C,A120) -> 0.32 | F120: =SUMIFS('平台消耗统计'!I:I,'平台消耗统计'!A:A,$F$2,'平台消耗统计'!C:C,A120) -> 3.2 | G120: =IFERROR((E120-F120)/F120,0) -> -0.9 | H120: 已不出转化 | I120: 考虑关停
A121: 11729927 | B121: com.amazon.mShop.android.shopping | C121: MTG | D121: ZA | E121: =SUMIFS('平台消耗统计'!I:I,'平台消耗统计'!A:A,$E$2,'平台消耗统计'!C:C,A121) -> 0.25 | F121: =SUMIFS('平台消耗统计'!I:I,'平台消耗统计'!A:A,$F$2,'平台消耗统计'!C:C,A121) -> 74.125 | G121: =IFERROR((E121-F121)/F121,0) -> -0.99662732 | H121: 人群包订单，暂无转化 | I121: 继续跑
A122: 91555309 | B122: com.vuclip.viu | C122: MTG | D122: ID | E122: =SUMIFS('平台消耗统计'!I:I,'平台消耗统计'!A:A,$E$2,'平台消耗统计'!C:C,A122) -> 0.2 | F122: =SUMIFS('平台消耗统计'!I:I,'平台消耗统计'!A:A,$F$2,'平台消耗统计'!C:C,A122) -> 71.4 | G122: =IFERROR((E122-F122)/F122,0) -> -0.99719888 | H122: 9/11暂停 | I122: /
A123: 9535696 | B123: com.foreigncurrency.internationalfxeye | C123: MTG | D123: ID | E123: =SUMIFS('平台消耗统计'!I:I,'平台消耗统计'!A:A,$E$2,'平台消耗统计'!C:C,A123) -> 0.2 | F123: =SUMIFS('平台消耗统计'!I:I,'平台消耗统计'!A:A,$F$2,'平台消耗统计'!C:C,A123) -> 0 | G123: =IFERROR((E123-F123)/F123,0) -> 0 | H123: 9.11暂停
A124: 11715655 | B124: com.king.candycrushsodasaga | C124: MTG | D124: BR | E124: =SUMIFS('平台消耗统计'!I:I,'平台消耗统计'!A:A,$E$2,'平台消耗统计'!C:C,A124) -> 0.15 | F124: =SUMIFS('平台消耗统计'!I:I,'平台消耗统计'!A:A,$F$2,'平台消耗统计'!C:C,A124) -> 0 | G124: =IFERROR((E124-F124)/F124,0) -> 0 | H124: 人群包订单，暂无转化 | I124: 继续跑
A125: 91557333 | B125: ru.bkfon | C125: Bigo | D125: RU | E125: =SUMIFS('平台消耗统计'!I:I,'平台消耗统计'!A:A,$E$2,'平台消耗统计'!C:C,A125) -> 0.1359 | F125: =SUMIFS('平台消耗统计'!I:I,'平台消耗统计'!A:A,$F$2,'平台消耗统计'!C:C,A125) -> 6.804 | G125: =IFERROR((E125-F125)/F125,0) -> -0.98002646
A126: 91557161 | B126: ru.betboom.android | C126: Bigo | D126: RU | E126: =SUMIFS('平台消耗统计'!I:I,'平台消耗统计'!A:A,$E$2,'平台消耗统计'!C:C,A126) -> 0.08 | F126: =SUMIFS('平台消耗统计'!I:I,'平台消耗统计'!A:A,$F$2,'平台消耗统计'!C:C,A126) -> 5.7254 | G126: =IFERROR((E126-F126)/F126,0) -> -0.98602718 | H126: 9.14暂停
A127: 11729830 | B127: com.amazon.mShop.android.shopping | C127: Bigo | D127: BR | E127: =SUMIFS('平台消耗统计'!I:I,'平台消耗统计'!A:A,$E$2,'平台消耗统计'!C:C,A127) -> 0.0607 | F127: =SUMIFS('平台消耗统计'!I:I,'平台消耗统计'!A:A,$F$2,'平台消耗统计'!C:C,A127) -> 0.0174 | G127: =IFERROR((E127-F127)/F127,0) -> 2.4885057 | H127: 人群包订单，暂无转化 | I127: 继续跑
A128: 91557162 | B128: com.olimpbk.app.bet | C128: Bigo | D128: RU | E128: =SUMIFS('平台消耗统计'!I:I,'平台消耗统计'!A:A,$E$2,'平台消耗统计'!C:C,A128) -> 0.0243 | F128: =SUMIFS('平台消耗统计'!I:I,'平台消耗统计'!A:A,$F$2,'平台消耗统计'!C:C,A128) -> 5.0506 | G128: =IFERROR((E128-F128)/F128,0) -> -0.99518869 | H128: 9.8暂停
A129: 11655596 | B129: com.esprit.rpg.lttlefirykng | C129: Bigo | D129: RU | E129: =SUMIFS('平台消耗统计'!I:I,'平台消耗统计'!A:A,$E$2,'平台消耗统计'!C:C,A129) -> 0.0115 | F129: =SUMIFS('平台消耗统计'!I:I,'平台消耗统计'!A:A,$F$2,'平台消耗统计'!C:C,A129) -> 0.0673 | G129: =IFERROR((E129-F129)/F129,0) -> -0.82912333 | H129: 没量，提了价格和换了素材没啥流量增加的变化 | I129: 在换素材看看
...

Sheet Week36
E1: Week
A2: Adpingid | B2: 包名 | C2: 平台 | D2: 地区 | E2: 36 | F2: 35 | G2: 消耗环比 | H2: 变动原因：差值在+-15%的都需要仔细复盘 1、具体的预算增加或者控量动作的时间点 2、如果有降预算问清楚降预算原因 3、广告自身的变化：素材增加/衰退后的表现，子渠道调整，价格调整 4、外部变化：平台流量变化/竞争原因，比如CPM？CPC？CTR？CVR？是否有变动？ | I2: 下一步计划 (根据变动原因需要做出的对应动作，以及需要什么支持？比如cap超跑需要帮助check是否有bug，需要check事件表现，需要新素材，需要提价&加预算等等)
A3: 7815836 | B3: com.kwai.bulldog | C3: MTG | D3: ID | E3: =SUMIFS('平台消耗统计'!I:I,'平台消耗统计'!A:A,$E$2,'平台消耗统计'!C:C,A3) -> 2308.63 | F3: =VLOOKUP(A3,'数据透视表'!J:N,5,FALSE) -> #N/A | G3: =IFERROR((E3-F3)/F3,0) -> 0 | H3: 8.31排了很多的无效子渠道导致曝光点击量都下滑很多掉量但cvr ivr都有上涨很多了 最近两天转化量也在慢慢恢复 | I3: 继续观察 然后压价
A4: 5464039 | B4: com.king.candycrushsaga | C4: MTG | D4: MY | E4: =SUMIFS('平台消耗统计'!I:I,'平台消耗统计'!A:A,$E$2,'平台消耗统计'!C:C,A4) -> 2285.57 | F4: =VLOOKUP(A4,'数据透视表'!J:N,5,FALSE) -> #N/A | G4: =IFERROR((E4-F4)/F4,0) -> 0 | H4: 尝试降价后掉量 | I4: 加点价观察
A5: 5497580 | B5: com.king.candycrushsaga | C5: MTG | D5: TH | E5: =SUMIFS('平台消耗统计'!I:I,'平台消耗统计'!A:A,$E$2,'平台消耗统计'!C:C,A5) -> 2143.948 | F5: =VLOOKUP(A5,'数据透视表'!J:N,5,FALSE) -> #N/A | G5: =IFERROR((E5-F5)/F5,0) -> 0 | H5: 正常差值，每天跑满。 | I5: 稳定流量，定期优化没用的子渠道
A6: 8628042 | B6: asrtum.ent.domovyata | C6: Mediago | D6: RU | E6: =SUMIFS('平台消耗统计'!I:I,'平台消耗统计'!A:A,$E$2,'平台消耗统计'!C:C,A6) -> 2123.53 | F6: =VLOOKUP(A6,'数据透视表'!J:N,5,FALSE) -> #N/A | G6: =IFERROR((E6-F6)/F6,0) -> 0 | H6: week35一直没量提价到了1，然后9.1突然出量但成本涨了很多后续量也比较稳定成本也在慢慢下压 | I6: 继续压价
A7: 8291713 | B7: ru.kinopoisk | C7: MTG | D7: RU | E7: =SUMIFS('平台消耗统计'!I:I,'平台消耗统计'!A:A,$E$2,'平台消耗统计'!C:C,A7) -> 1468.57 | F7: =VLOOKUP(A7,'数据透视表'!J:N,5,FALSE) -> #N/A | G7: =IFERROR((E7-F7)/F7,0) -> 0 | H7: week36每日都打满了cap，比week35多了些转化量 | I7: 继续保持打满cap的同时稍微控制下成本，降一丢丢价
A8: 5963354 | B8: ru.ozon.app.android | C8: MTG | D8: KZ | E8: =SUMIFS('平台消耗统计'!I:I,'平台消耗统计'!A:A,$E$2,'平台消耗统计'!C:C,A8) -> 1396.642 | F8: =VLOOKUP(A8,'数据透视表'!J:N,5,FALSE) -> #N/A | G8: =IFERROR((E8-F8)/F8,0) -> 0 | H8: week36出量比week35多了一些 | I8: 稍微控一下价格，往给的price靠
A9: 10912510 | B9: com.amazon.mShop.android.shopping | C9: Kwai | D9: BR | E9: =SUMIFS('平台消耗统计'!I:I,'平台消耗统计'!A:A,$E$2,'平台消耗统计'!C:C,A9) -> 1259.13 | F9: =VLOOKUP(A9,'数据透视表'!J:N,5,FALSE) -> #N/A | G9: =IFERROR((E9-F9)/F9,0) -> 0 | H9: 9月2日cap500加到1000，9月3日cap加到1500，目前稳定在1000以上，但跑不满1500 | I9: 持续更新素材
A10: 2732727 | B10: com.amazon.mShop.android.shopping | C10: MTG | D10: SA | E10: =SUMIFS('平台消耗统计'!I:I,'平台消耗统计'!A:A,$E$2,'平台消耗统计'!C:C,A10) -> 1000.725 | F10: =VLOOKUP(A10,'数据透视表'!J:N,5,FALSE) -> #N/A | G10: =IFERROR((E10-F10)/F10,0) -> 0 | H10: 新开系列，更换素材，转化量都不涨 | I10: 继续更新素材和新建系列
A11: 8460883 | B11: com.king.candycrushsodasaga | C11: MTG | D11: BR | E11: =SUMIFS('平台消耗统计'!I:I,'平台消耗统计'!A:A,$E$2,'平台消耗统计'!C:C,A11) -> 988.918 | F11: =VLOOKUP(A11,'数据透视表'!J:N,5,FALSE) -> #N/A | G11: =IFERROR((E11-F11)/F11,0) -> 0 | H11: 9.4日转化突然掉到100，直接掉了90%，第二天回到1000+的转化，新素材表现不佳，准备重新在做素材 | I11: 重新上素材
A12: 6951594 | B12: com.king.candycrushsodasaga | C12: MTG | D12: DE | E12: =SUMIFS('平台消耗统计'!I:I,'平台消耗统计'!A:A,$E$2,'平台消耗统计'!C:C,A12) -> 950.85 | F12: =VLOOKUP(A12,'数据透视表'!J:N,5,FALSE) -> #N/A | G12: =IFERROR((E12-F12)/F12,0) -> 0 | H12: 也是9.4日突然掉量，后续只能维持在200左右的转化量级 | I12: 新素材表现不佳，继续更新素材
A13: 6607117 | B13: ru.aliexpress.buyer | C13: MTG | D13: RU | E13: =SUMIFS('平台消耗统计'!I:I,'平台消耗统计'!A:A,$E$2,'平台消耗统计'!C:C,A13) -> 927.809 | F13: =VLOOKUP(A13,'数据透视表'!J:N,5,FALSE) -> #N/A | G13: =IFERROR((E13-F13)/F13,0) -> 0 | H13: 前期跑的有点超，预算控制下来了。 | I13: 定期更新素材，量保持稳住
A14: 5963400 | B14: ru.ozon.app.android | C14: MTG | D14: UZ | E14: =SUMIFS('平台消耗统计'!I:I,'平台消耗统计'!A:A,$E$2,'平台消耗统计'!C:C,A14) -> 793.15 | F14: =VLOOKUP(A14,'数据透视表'!J:N,5,FALSE) -> #N/A | G14: =IFERROR((E14-F14)/F14,0) -> 0 | H14: week36转化量比week35大幅提升，9/7 cap 300→100 出价0.4→0.2 | I14: 按新出价打满cap
... A18: 10813123 | B18: com.amazon.mShop.android.shopping | C18: Bigo | D18: BR | E18: =SUMIFS('平台消耗统计'!I:I,'平台消耗统计'!A:A,$E$2,'平台消耗统计'!C:C,A18) -> 546.1175 | F18: =VLOOKUP(A18,'数据透视表'!J:N,5,FALSE) -> #N/A | G18: =IFERROR((E18-F18)/F18,0) -> 0 | H18: 目前每日都在更新素材，但表现不佳，曝光点击事件率都在降，量级目前只能维持在200左右 | I18: 持续更新素材
A19: 11892329 | B19: com.amazon.mShop.android.shopping | C19: MTG | D19: BR | E19: =SUMIFS('平台消耗统计'!I:I,'平台消耗统计'!A:A,$E$2,'平台消耗统计'!C:C,A19) -> 521.5 | F19: =IFERROR(VLOOKUP(A19,'数据透视表'!J:N,5,FALSE),0) -> 0 | G19: =IFERROR((E19-F19)/F19,0) -> 0 | H19: 9.2日开投，目前每日打满，且超跑
A20: 7872826 | B20: asrtum.ent.domovyata | C20: MTG | D20: RU | E20: =SUMIFS('平台消耗统计'!I:I,'平台消耗统计'!A:A,$E$2,'平台消耗统计'!C:C,A20) -> 490.654 | F20: =IFERROR(VLOOKUP(A20,'数据透视表'!J:N,5,FALSE),0) -> 0 | G20: =IFERROR((E20-F20)/F20,0) -> 0 | H20: 9.4日cap400降到200后，每日打不满，目前在调整 | I20: 持续更新素材
A21: 1745925 | B21: tech.jm | C21: MTG | D21: RU | E21: =SUMIFS('平台消耗统计'!I:I,'平台消耗统计'!A:A,$E$2,'平台消耗统计'!C:C,A21) -> 477.6 | F21: =IFERROR(VLOOKUP(A21,'数据透视表'!J:N,5,FALSE),0) -> 0 | G21: =IFERROR((E21-F21)/F21,0) -> 0 | H21: 每日基本打满500cap | I21: 继续保持打满cap
A22: 6395488 | B22: com.edadeal.android | C22: MTG | D22: RU | E22: =SUMIFS('平台消耗统计'!I:I,'平台消耗统计'!A:A,$E$2,'平台消耗统计'!C:C,A22) -> 420 | F22: =IFERROR(VLOOKUP(A22,'数据透视表'!J:N,5,FALSE),0) -> 0 | G22: =IFERROR((E22-F22)/F22,0) -> 0 | H22: 稳定订单，每日打满cap | I22: 继续保持打满cap
A23: 7202934 | B23: com.fxpro.direct.application | C23: MTG | D23: PK | E23: =SUMIFS('平台消耗统计'!I:I,'平台消耗统计'!A:A,$E$2,'平台消耗统计'!C:C,A23) -> 384.41 | F23: =IFERROR(VLOOKUP(A23,'数据透视表'!J:N,5,FALSE),0) -> 0 | G23: =IFERROR((E23-F23)/F23,0) -> 0 | H23: 9.3日出价从0.36降到0.35后，开始掉量，打不满，可能是加个降低后，重新对渠道继续了优先级的调整 | I23: 先继续观察，观察后打不满就进行提价
A24: 6060965 | B24: ru.aliexpress.buyer | C24: MTG | D24: RU | E24: =SUMIFS('平台消耗统计'!I:I,'平台消耗统计'!A:A,$E$2,'平台消耗统计'!C:C,A24) -> 365.54 | F24: =IFERROR(VLOOKUP(A24,'数据透视表'!J:N,5,FALSE),0) -> 0 | G24: =IFERROR((E24-F24)/F24,0) -> 0 | H24: 人群包订单，前面有点掉量优化了素材和子渠道量上来了。 | I24: 定期更新素材，优化子渠道，量保持稳住
A25: 8094753 | B25: ru.aliexpress.buyer | C25: Mediago | D25: RU | E25: =SUMIFS('平台消耗统计'!I:I,'平台消耗统计'!A:A,$E$2,'平台消耗统计'!C:C,A25) -> 354.55 | F25: =IFERROR(VLOOKUP(A25,'数据透视表'!J:N,5,FALSE),0) -> 0 | G25: =IFERROR((E25-F25)/F25,0) -> 0 | H25: 前面压价跑的利润有点超然后转化没打满现在回来了转化跑满。正常差值 | I25: 定期更新素材量保持稳住
A26: 6425889 | B26: com.amazon.mShop.android.shopping | C26: MTG | D26: ZA | E26: =SUMIFS('平台消耗统计'!I:I,'平台消耗统计'!A:A,$E$2,'平台消耗统计'!C:C,A26) -> 344.55 | F26: =IFERROR(VLOOKUP(A26,'数据透视表'!J:N,5,FALSE),0) -> 0 | G26: =IFERROR((E26-F26)/F26,0) -> 0 | H26: 9.4日转化降低后，在缓慢恢复，已经更新过新的素材和新的系列 | I26: 持续更新素材
A27: 7572369 | B27: com.amazon.mShop.android.shopping | C27: MTG | D27: AE | E27: =SUMIFS('平台消耗统计'!I:I,'平台消耗统计'!A:A,$E$2,'平台消耗统计'!C:C,A27) -> 342.75 | F27: =IFERROR(VLOOKUP(A27,'数据透视表'!J:N,5,FALSE),0) -> 0 | G27: =IFERROR((E27-F27)/F27,0) -> 0 | H27: 9.4日转化降低后，在缓慢恢复，已经更新过新的素材和新的系列 | I27: 持续更新素材
A28: 91467820 | B28: com.vitastudio.mahjong | C28: MTG | D28: ID | E28: =SUMIFS('平台消耗统计'!I:I,'平台消耗统计'!A:A,$E$2,'平台消耗统计'!C:C,A28) -> 323.1 | F28: =IFERROR(VLOOKUP(A28,'数据透视表'!J:N,5,FALSE),0) -> 0 | G28: =IFERROR((E28-F28)/F28,0) -> 0 | H28: 9.3cap从600降到500后9.4继续降到200，每天都能打满cap | I28: 继续保持打满
A29: 10599681 | B29: ru.kinopoisk | C29: MTG | D29: RU | E29: =SUMIFS('平台消耗统计'!I:I,'平台消耗统计'!A:A,$E$2,'平台消耗统计'!C:C,A29) -> 313.95 | F29: =IFERROR(VLOOKUP(A29,'数据透视表'!J:N,5,FALSE),0) -> 0 | G29: =IFERROR((E29-F29)/F29,0) -> 0 | H29: 人群包订单，优化了一下素材上量了现在每天打满 | I29: 定期更新素材，优化子渠道，量保持稳住
A30: 91399821 | B30: ru.kinopoisk | C30: Mediago | D30: RU | E30: =SUMIFS('平台消耗统计'!I:I,'平台消耗统计'!A:A,$E$2,'平台消耗统计'!C:C,A30) -> 295.82 | F30: =IFERROR(VLOOKUP(A30,'数据透视表'!J:N,5,FALSE),0) -> 0 | G30: =IFERROR((E30-F30)/F30,0) -> 0 | H30: 平台流量变化 | I30: 继续观察
A31: 9297014 | B31: tech.jm | C31: Mediago | D31: RU | E31: =SUMIFS('平台消耗统计'!I:I,'平台消耗统计'!A:A,$E$2,'平台消耗统计'!C:C,A31) -> 287.49 | F31: =IFERROR(VLOOKUP(A31,'数据透视表'!J:N,5,FALSE),0) -> 0 | G31: =IFERROR((E31-F31)/F31,0) -> 0 | H31: 8.31-9.3每天都能打满300cap但超成本后压价到0.18，后续成本降回正常但量少了很多 | I31: 保持订单稳定
... A41: 91551388 | B41: com.netease.newspike | C41: Bigo | D41: US | E41: =SUMIFS('平台消耗统计'!I:I,'平台消耗统计'!A:A,$E$2,'平台消耗统计'!C:C,A41) -> 174.816 | F41: =IFERROR(VLOOKUP(A41,'数据透视表'!J:N,5,FALSE),0) -> 0 | G41: =IFERROR((E41-F41)/F41,0) -> 0 | H41: 跑出价超了 | I41: 上些素材降价
A42: 7953512 | B42: ru.mobstudio.andgalaxy | C42: MTG | D42: RU | E42: =SUMIFS('平台消耗统计'!I:I,'平台消耗统计'!A:A,$E$2,'平台消耗统计'!C:C,A42) -> 171.82 | F42: =IFERROR(VLOOKUP(A42,'数据透视表'!J:N,5,FALSE),0) -> 0 | G42: =IFERROR((E42-F42)/F42,0) -> 0 | H42: 9/4暂停容易跑超事件不行。
A43: 11690182 | B43: astrum.ent.m2alyona | C43: Mediago | D43: RU | E43: =SUMIFS('平台消耗统计'!I:I,'平台消耗统计'!A:A,$E$2,'平台消耗统计'!C:C,A43) -> 151.06 | F43: =IFERROR(VLOOKUP(A43,'数据透视表'!J:N,5,FALSE),0) -> 0 | G43: =IFERROR((E43-F43)/F43,0) -> 0 | H43: 9.1爆了拒绝 成本也很高 am关停 | I43: 等待重启后压价
A44: 8819666 | B44: com.yandex.lavka | C44: Bigo | D44: RU | E44: =SUMIFS('平台消耗统计'!I:I,'平台消耗统计'!A:A,$E$2,'平台消耗统计'!C:C,A44) -> 138.0552 | F44: =IFERROR(VLOOKUP(A44,'数据透视表'!J:N,5,FALSE),0) -> 0 | G44: =IFERROR((E44-F44)/F44,0) -> 0 | H44: 稳定订单，每日打满cap | I44: 继续保持打满
A45: 91496147 | B45: com.vitastudio.mahjong | C45: MTG | D45: BR | E45: =SUMIFS('平台消耗统计'!I:I,'平台消耗统计'!A:A,$E$2,'平台消耗统计'!C:C,A45) -> 129.35 | F45: =IFERROR(VLOOKUP(A45,'数据透视表'!J:N,5,FALSE),0) -> 0 | G45: =IFERROR((E45-F45)/F45,0) -> 0 | H45: week35cap提到150大部分时间都能打满 其余时间每天就差十来个 | I45: 上新素材打满订单
A46: 6439005 | B46: com.amazon.mShop.android.shopping | C46: Eagllwin | D46: ZA | E46: =SUMIFS('平台消耗统计'!I:I,'平台消耗统计'!A:A,$E$2,'平台消耗统计'!C:C,A46) -> 128.5 | F46: =IFERROR(VLOOKUP(A46,'数据透视表'!J:N,5,FALSE),0) -> 0 | G46: =IFERROR((E46-F46)/F46,0) -> 0 | H46: 转化9。4日后有所提升，目前只能维持在100左右 | I46: 上新素材打满订单
A47: 91550293 | B47: net.peakgames.Yuzbir | C47: MTG | D47: TR | E47: =SUMIFS('平台消耗统计'!I:I,'平台消耗统计'!A:A,$E$2,'平台消耗统计'!C:C,A47) -> 126 | F47: =IFERROR(VLOOKUP(A47,'数据透视表'!J:N,5,FALSE),0) -> 0 | G47: =IFERROR((E47-F47)/F47,0) -> 0 | H47: 8/26开投 | I47: /
A48: 9686529 | B48: ru.ozon.app.android | C48: MTG | D48: KG | E48: =SUMIFS('平台消耗统计'!I:I,'平台消耗统计'!A:A,$E$2,'平台消耗统计'!C:C,A48) -> 125.5 | F48: =IFERROR(VLOOKUP(A48,'数据透视表'!J:N,5,FALSE),0) -> 0 | G48: =IFERROR((E48-F48)/F48,0) -> 0 | H48: 曝光点击量增多，对应的转化量增多，但是CVR依旧很低0.2%左右 | I48: 正常更新一组素材，看能否稳定当前的转化量
A49: 91548043 | B49: com.king.candycrushsaga | C49: MTG | D49: FR | E49: =SUMIFS('平台消耗统计'!I:I,'平台消耗统计'!A:A,$E$2,'平台消耗统计'!C:C,A49) -> 121.8 | F49: =IFERROR(VLOOKUP(A49,'数据透视表'!J:N,5,FALSE),0) -> 0 | G49: =IFERROR((E49-F49)/F49,0) -> 0 | H49: 9.4日转化降低后，在缓慢恢复，已经更新过新的素材 | I49: 保持观察，目前在恢复中
A50: 91467821 | B50: com.vitastudio.mahjong | C50: MTG | D50: TH | E50: =SUMIFS('平台消耗统计'!I:I,'平台消耗统计'!A:A,$E$2,'平台消耗统计'!C:C,A50) -> 117.81 | F50: =IFERROR(VLOOKUP(A50,'数据透视表'!J:N,5,FALSE),0) -> 0 | G50: =IFERROR((E50-F50)/F50,0) -> 0 | H50: 稳定订单只有一天差几个打满 | I50: 继续保持打满
A51: 9298539 | B51: com.gloriajeans.mobile | C51: MTG | D51: RU | E51: =SUMIFS('平台消耗统计'!I:I,'平台消耗统计'!A:A,$E$2,'平台消耗统计'!C:C,A51) -> 114 | F51: =IFERROR(VLOOKUP(A51,'数据透视表'!J:N,5,FALSE),0) -> 0 | G51: =IFERROR((E51-F51)/F51,0) -> 0 | H51: 9/4重启 | I51: /
A52: 91538334 | B52: cn.com.vtmarkets | C52: MTG | D52: DE | E52: =SUMIFS('平台消耗统计'!I:I,'平台消耗统计'!A:A,$E$2,'平台消耗统计'!C:C,A52) -> 103.2 | F52: =IFERROR(VLOOKUP(A52,'数据透视表'!J:N,5,FALSE),0) -> 0 | G52: =IFERROR((E52-F52)/F52,0) -> 0 | H52: 9/1加价到0.8 | I52: 继续观察
A53: 6951600 | B53: com.king.candycrushsodasaga | C53: MTG | D53: TH | E53: =SUMIFS('平台消耗统计'!I:I,'平台消耗统计'!A:A,$E$2,'平台消耗统计'!C:C,A53) -> 98.396 | F53: =IFERROR(VLOOKUP(A53,'数据透视表'!J:N,5,FALSE),0) -> 0 | G53: =IFERROR((E53-F53)/F53,0) -> 0 | H53: 基本每日打满
A54: 11078963 | B54: com.yandex.bank | C54: MTG | D54: RU | E54: =SUMIFS('平台消耗统计'!I:I,'平台消耗统计'!A:A,$E$2,'平台消耗统计'!C:C,A54) -> 96.4 | F54: =IFERROR(VLOOKUP(A54,'数据透视表'!J:N,5,FALSE),0) -> 0 | G54: =IFERROR((E54-F54)/F54,0) -> 0 | H54: 人群包订单，week36比week35出量增多，出量稳定在30左右 | I54: 继续跑
A55: 10210818 | B55: com.yandex.lavka | C55: Mediago | D55: RU | E55: =SUMIFS('平台消耗统计'!I:I,'平台消耗统计'!A:A,$E$2,'平台消耗统计'!C:C,A55) -> 95.23 | F55: =IFERROR(VLOOKUP(A55,'数据透视表'!J:N,5,FALSE),0) -> 0 | G55: =IFERROR((E55-F55)/F55,0) -> 0 | H55: mediago，转化不够稳定，转化量级在每日80左右 | I55: 上新素材 排除垃圾素材
A56: 5847496 | B56: com.amazon.mShop.android.shopping | C56: Bigo | D56: AE | E56: =SUMIFS('平台消耗统计'!I:I,'平台消耗统计'!A:A,$E$2,'平台消耗统计'!C:C,A56) -> 89.7474 | F56: =IFERROR(VLOOKUP(A56,'数据透视表'!J:N,5,FALSE),0) -> 0 | G56: =IFERROR((E56-F56)/F56,0) -> 0 | H56: 新素材表现不佳，考虑全部关闭后，重新新建系列 | I56: 上新素材，多尝试新的素材方向
A57: 10765365 | B57: ph.com.bdo.pay | C57: MTG | D57: PH | E57: =SUMIFS('平台消耗统计'!I:I,'平台消耗统计'!A:A,$E$2,'平台消耗统计'!C:C,A57) -> 88.98 | F57: =IFERROR(VLOOKUP(A57,'数据透视表'!J:N,5,FALSE),0) -> 0 | G57: =IFERROR((E57-F57)/F57,0) -> 0 | H57: 9.3cap从50涨到100但出价从0.2降到了0.19已经连续两天没能打满，转化量也比week35少一百多个 | I57: 上新素材 排除垃圾渠道
A58: 2937658 | B58: com.yandex.bank | C58: MTG | D58: RU | E58: =SUMIFS('平台消耗统计'!I:I,'平台消耗统计'!A:A,$E$2,'平台消耗统计'!C:C,A58) -> 86.162 | F58: =IFERROR(VLOOKUP(A58,'数据透视表'!J:N,5,FALSE),0) -> 0 | G58: =IFERROR((E58-F58)/F58,0) -> 0 | H58: 稳定订单，每日打满cap | I58: 继续保持打满cap
A59: 91534913 | B59: com.qookkagames.xczyw.gp.hk | C59: MTG | D59: HK | E59: =SUMIFS('平台消耗统计'!I:I,'平台消耗统计'!A:A,$E$2,'平台消耗统计'!C:C,A59) -> 80 | F59: =IFERROR(VLOOKUP(A59,'数据透视表'!J:N,5,FALSE),0) -> 0 | G59: =IFERROR((E59-F59)/F59,0) -> 0 | H59: 点击率上升 | I59: 继续观察
A60: 11729927 | B60: com.amazon.mShop.android.shopping | C60: MTG | D60: ZA | E60: =SUMIFS('平台消耗统计'!I:I,'平台消耗统计'!A:A,$E$2,'平台消耗统计'!C:C,A60) -> 74.125 | F60: =IFERROR(VLOOKUP(A60,'数据透视表'!J:N,5,FALSE),0) -> 0 | G60: =IFERROR((E60-F60)/F60,0) -> 0 | H60: 人群包订单，受人群包规模限制，不怎么有量
A61: 91532857 | B61: com.reefgames.fabletown | C61: Bigo | D61: RU | E61: =SUMIFS('平台消耗统计'!I:I,'平台消耗统计'!A:A,$E$2,'平台消耗统计'!C:C,A61) -> 72.7499 | F61: =IFERROR(VLOOKUP(A61,'数据透视表'!J:N,5,FALSE),0) -> 0 | G61: =IFERROR((E61-F61)/F61,0) -> 0 | H61: 8/30降价到0.16 | I61: /
A62: 91540124 | B62: com.puzzlegames.puzzlebrickslegend | C62: Bigo | D62: US | E62: =SUMIFS('平台消耗统计'!I:I,'平台消耗统计'!A:A,$E$2,'平台消耗统计'!C:C,A62) -> 72.5207 | F62: =IFERROR(VLOOKUP(A62,'数据透视表'!J:N,5,FALSE),0) -> 0 | G62: =IFERROR((E62-F62)/F62,0) -> 0 | H62: 目前转化稳定了，但是成本偏高，后续会持续更新素材，稳定成本 | I62: 正常更新素材
A63: 91555309 | B63: com.vuclip.viu | C63: MTG | D63: ID | E63: =SUMIFS('平台消耗统计'!I:I,'平台消耗统计'!A:A,$E$2,'平台消耗统计'!C:C,A63) -> 71.4 | F63: =IFERROR(VLOOKUP(A63,'数据透视表'!J:N,5,FALSE),0) -> 0 | G63: =IFERROR((E63-F63)/F63,0) -> 0 | H63: 8/31开投 | I63: /
A64: 11690183 | B64: com.uma.musicvk | C64: MTG | D64: RU | E64: =SUMIFS('平台消耗统计'!I:I,'平台消耗统计'!A:A,$E$2,'平台消耗统计'!C:C,A64) -> 70.5 | F64: =IFERROR(VLOOKUP(A64,'数据透视表'!J:N,5,FALSE),0) -> 0 | G64: =IFERROR((E64-F64)/F64,0) -> 0 | H64: 人群包订单，8/27开跑week35这周没什么量，本周量起来了。 | I64: 优化素材子渠道争取每天打满。
A65: 6706444 | B65: ru.ozon.app.android | C65: Bigo | D65: KZ | E65: =SUMIFS('平台消耗统计'!I:I,'平台消耗统计'!A:A,$E$2,'平台消耗统计'!C:C,A65) -> 69.2401 | F65: =IFERROR(VLOOKUP(A65,'数据透视表'!J:N,5,FALSE),0) -> 0 | G65: =IFERROR((E65-F65)/F65,0) -> 0 | H65: week36出量比week35多了一些 | I65: 正常更新一组素材
A66: 91548044 | B66: ru.banki.banki | C66: Bigo | D66: RU | E66: =SUMIFS('平台消耗统计'!I:I,'平台消耗统计'!A:A,$E$2,'平台消耗统计'!C:C,A66) -> 68.8089 | F66: =IFERROR(VLOOKUP(A66,'数据透视表'!J:N,5,FALSE),0) -> 0 | G66: =IFERROR((E66-F66)/F66,0) -> 0 | H66: 9.1日暂停
A67: 91545519 | B67: com.vuclip.viu | C67: MTG | D67: MY | E67: =SUMIFS('平台消耗统计'!I:I,'平台消耗统计'!A:A,$E$2,'平台消耗统计'!C:C,A67) -> 66.58 | F67: =IFERROR(VLOOKUP(A67,'数据透视表'!J:N,5,FALSE),0) -> 0 | G67: =IFERROR((E67-F67)/F67,0) -> 0 | H67: 8/21开投 | I67: 稳定打满
A68: 8566084 | B68: com.intellihealth.truemeds | C68: MTG | D68: IN | E68: =SUMIFS('平台消耗统计'!I:I,'平台消耗统计'!A:A,$E$2,'平台消耗统计'!C:C,A68) -> 64.56 | F68: =IFERROR(VLOOKUP(A68,'数据透视表'!J:N,5,FALSE),0) -> 0 | G68: =IFERROR((E68-F68)/F68,0) -> 0 | H68: 出量恢复正常，9/3 起可以连续打满cap | I68: 继续保持打满cap
A69: 91410799 | B69: com.king.candycrushsaga | C69: MTG | D69: IN | E69: =SUMIFS('平台消耗统计'!I:I,'平台消耗统计'!A:A,$E$2,'平台消耗统计'!C:C,A69) -> 64.38 | F69: =IFERROR(VLOOKUP(A69,'数据透视表'!J:N,5,FALSE),0) -> 0 | G69: =IFERROR((E69-F69)/F69,0) -> 0 | H69: 9.4日转化降低后，在缓慢恢复，已经更新过新的素材 | I69: 优化素材子渠道争取每天打满。
A70: 5623760 | B70: com.appteka.lapy | C70: MTG | D70: RU | E70: =SUMIFS('平台消耗统计'!I:I,'平台消耗统计'!A:A,$E$2,'平台消耗统计'!C:C,A70) -> 60.25 | F70: =IFERROR(VLOOKUP(A70,'数据透视表'!J:N,5,FALSE),0) -> 0 | G70: =IFERROR((E70-F70)/F70,0) -> 0 | H70: 每日打满cap，9/2 出价0.2→0.15 | I70: 按新出价保持打满cap
A71: 91551606 | B71: com.ddup.zombiewaves.zw | C71: MTG | D71: US | E71: =SUMIFS('平台消耗统计'!I:I,'平台消耗统计'!A:A,$E$2,'平台消耗统计'!C:C,A71) -> 58.6 | F71: =IFERROR(VLOOKUP(A71,'数据透视表'!J:N,5,FALSE),0) -> 0 | G71: =IFERROR((E71-F71)/F71,0) -> 0 | H71: 9/2暂停 | I71: /
A72: 91496145 | B72: com.vitastudio.mahjong | C72: MTG | D72: PH | E72: =SUMIFS('平台消耗统计'!I:I,'平台消耗统计'!A:A,$E$2,'平台消耗统计'!C:C,A72) -> 52.5 | F72: =IFERROR(VLOOKUP(A72,'数据透视表'!J:N,5,FALSE),0) -> 0 | G72: =IFERROR((E72-F72)/F72,0) -> 0 | H72: 稳定订单 | I72: 继续保持
A73: 91399437 | B73: com.transferwise.android | C73: MTG | D73: PH | E73: =SUMIFS('平台消耗统计'!I:I,'平台消耗统计'!A:A,$E$2,'平台消耗统计'!C:C,A73) -> 52.35 | F73: =IFERROR(VLOOKUP(A73,'数据透视表'!J:N,5,FALSE),0) -> 0 | G73: =IFERROR((E73-F73)/F73,0) -> 0 | H73: 稳定订单 | I73: 继续保持
A74: 5619156 | B74: com.amazon.mShop.android.shopping | C74: Bigo | D74: SA | E74: =SUMIFS('平台消耗统计'!I:I,'平台消耗统计'!A:A,$E$2,'平台消耗统计'!C:C,A74) -> 40.6533 | F74: =IFERROR(VLOOKUP(A74,'数据透视表'!J:N,5,FALSE),0) -> 0 | G74: =IFERROR((E74-F74)/F74,0) -> 0 | H74: 新素材表现不佳，考虑全部关闭后，重新新建系列 | I74: 上新素材，多尝试新的素材方向
A75: 9415350 | B75: com.notissimus.allinstruments.android | C75: Mediago | D75: RU | E75: =SUMIFS('平台消耗统计'!I:I,'平台消耗统计'!A:A,$E$2,'平台消耗统计'!C:C,A75) -> 38.25 | F75: =IFERROR(VLOOKUP(A75,'数据透视表'!J:N,5,FALSE),0) -> 0 | G75: =IFERROR((E75-F75)/F75,0) -> 0 | H75: 前面压价跑的利润有点超然后转化没打满现在回来了转化跑满。正常差值 | I75: 保持每天打满，定期优化素材
A76: 91407542 | B76: com.king.candycrushsaga | C76: MTG | D76: ID | E76: =SUMIFS('平台消耗统计'!I:I,'平台消耗统计'!A:A,$E$2,'平台消耗统计'!C:C,A76) -> 37.27 | F76: =IFERROR(VLOOKUP(A76,'数据透视表'!J:N,5,FALSE),0) -> 0 | G76: =IFERROR((E76-F76)/F76,0) -> 0 | H76: cap 1000>500，每天打满周末数据异常。现在已经正常。 | I76: 定期更新素材，优化子渠道，量保持稳住
A77: 8998645 | B77: com.king.candycrushsaga | C77: MTG | D77: TH | E77: =SUMIFS('平台消耗统计'!I:I,'平台消耗统计'!A:A,$E$2,'平台消耗统计'!C:C,A77) -> 33.768 | F77: =IFERROR(VLOOKUP(A77,'数据透视表'!J:N,5,FALSE),0) -> 0 | G77: =IFERROR((E77-F77)/F77,0) -> 0 | H77: CPE订单量忽高忽低不多，优化素材看看。
A78: 91552556 | B78: com.ddup.zombiewaves.zw | C78: Bigo | D78: US | E78: =SUMIFS('平台消耗统计'!I:I,'平台消耗统计'!A:A,$E$2,'平台消耗统计'!C:C,A78) -> 32.0482 | F78: =IFERROR(VLOOKUP(A78,'数据透视表'!J:N,5,FALSE),0) -> 0 | G78: =IFERROR((E78-F78)/F78,0) -> 0 | H78: 9/2暂停 | I78: /
A79: 9102719 | B79: com.tencent.ig | C79: MTG | D79: EG | E79: =SUMIFS('平台消耗统计'!I:I,'平台消耗统计'!A:A,$E$2,'平台消耗统计'!C:C,A79) -> 31.823 | F79: =IFERROR(VLOOKUP(A79,'数据透视表'!J:N,5,FALSE),0) -> 0 | G79: =IFERROR((E79-F79)/F79,0) -> 0 | H79: 9/4 暂停
A80: 10080665 | B80: ru.ozon.app.android | C80: MTG | D80: AM | E80: =SUMIFS('平台消耗统计'!I:I,'平台消耗统计'!A:A,$E$2,'平台消耗统计'!C:C,A80) -> 29.64 | F80: =IFERROR(VLOOKUP(A80,'数据透视表'!J:N,5,FALSE),0) -> 0 | G80: =IFERROR((E80-F80)/F80,0) -> 0 | H80: week36出量比week35少了一些，CVR略有降低 | I80: 正常更新一组素材
A81: 5365722 | B81: sports.caliente.mx.calientedeportes | C81: Bigo | D81: MX | E81: =SUMIFS('平台消耗统计'!I:I,'平台消耗统计'!A:A,$E$2,'平台消耗统计'!C:C,A81) -> 28.9722 | F81: =IFERROR(VLOOKUP(A81,'数据透视表'!J:N,5,FALSE),0) -> 0 | G81: =IFERROR((E81-F81)/F81,0) -> 0 | H81: 9/4 新开跑，对照组
A82: 5556054 | B82: com.krom.android | C82: MTG | D82: ID | E82: =SUMIFS('平台消耗统计'!I:I,'平台消耗统计'!A:A,$E$2,'平台消耗统计'!C:C,A82) -> 27.872 | F82: =IFERROR(VLOOKUP(A82,'数据透视表'!J:N,5,FALSE),0) -> 0 | G82: =IFERROR((E82-F82)/F82,0) -> 0 | H82: 每天几个转化，转化只少了一个 但是成本从1.5降到了1.1 | I82: 继续观察
A83: 91533906 | B83: com.sialiagames.xczyw.gp.tw | C83: MTG | D83: TW | E83: =SUMIFS('平台消耗统计'!I:I,'平台消耗统计'!A:A,$E$2,'平台消耗统计'!C:C,A83) -> 27 | F83: =IFERROR(VLOOKUP(A83,'数据透视表'!J:N,5,FALSE),0) -> 0 | G83: =IFERROR((E83-F83)/F83,0) -> 0 | H83: 9/1加价到0.8 | I83: 上新素材继续加价看看
A84: 8312006 | B84: ru.uteka.app | C84: MTG | D84: RU | E84: =SUMIFS('平台消耗统计'!I:I,'平台消耗统计'!A:A,$E$2,'平台消耗统计'!C:C,A84) -> 26.64 | F84: =IFERROR(VLOOKUP(A84,'数据透视表'!J:N,5,FALSE),0) -> 0 | G84: =IFERROR((E84-F84)/F84,0) -> 0 | H84: 曝光涨了但是cvr下滑很多 有五天都没打满 | I84: 排除垃圾渠道再上新素材
A85: 91399439 | B85: com.kotak811mobilebankingapp.instantsavingsupiscanandpayrecharge | C85: MTG | D85: IN | E85: =SUMIFS('平台消耗统计'!I:I,'平台消耗统计'!A:A,$E$2,'平台消耗统计'!C:C,A85) -> 23.6 | F85: =IFERROR(VLOOKUP(A85,'数据透视表'!J:N,5,FALSE),0) -> 0 | G85: =IFERROR((E85-F85)/F85,0) -> 0 | H85: 每天稳定的都是三十个左右转化 cvr跟之前都差不多 | I85: 持续排除无效渠道
A86: 9096620 | B86: in.startv.hotstar.dplus | C86: Mediago | D86: ID | E86: =SUMIFS('平台消耗统计'!I:I,'平台消耗统计'!A:A,$E$2,'平台消耗统计'!C:C,A86) -> 21.71 | F86: =IFERROR(VLOOKUP(A86,'数据透视表'!J:N,5,FALSE),0) -> 0 | G86: =IFERROR((E86-F86)/F86,0) -> 0 | H86: 9.1因预算暂停
A87: 91552653 | B87: platiza.ru | C87: Bigo | D87: RU | E87: =SUMIFS('平台消耗统计'!I:I,'平台消耗统计'!A:A,$E$2,'平台消耗统计'!C:C,A87) -> 21.6821 | F87: =IFERROR(VLOOKUP(A87,'数据透视表'!J:N,5,FALSE),0) -> 0 | G87: =IFERROR((E87-F87)/F87,0) -> 0 | H87: 9.1暂停
A88: 7203110 | B88: com.fxpro.direct.application | C88: MTG | D88: SY | E88: =SUMIFS('平台消耗统计'!I:I,'平台消耗统计'!A:A,$E$2,'平台消耗统计'!C:C,A88) -> 21.3 | F88: =IFERROR(VLOOKUP(A88,'数据透视表'!J:N,5,FALSE),0) -> 0 | G88: =IFERROR((E88-F88)/F88,0) -> 0 | H88: 出量靠随机，没有价格可以提升了 | I88: 继续观察
A89: 9311355 | B89: com.esprit.rpg.cntrctfft | C89: MTG | D89: RU | E89: =SUMIFS('平台消耗统计'!I:I,'平台消耗统计'!A:A,$E$2,'平台消耗统计'!C:C,A89) -> 21 | F89: =IFERROR(VLOOKUP(A89,'数据透视表'!J:N,5,FALSE),0) -> 0 | G89: =IFERROR((E89-F89)/F89,0) -> 0 | H89: 8.25cap降到20，出价降到0.15，每天跑满。 | I89: 继续观察
A90: 91554851 | B90: com.vuclip.viu | C90: Mediago | D90: ID | E90: =SUMIFS('平台消耗统计'!I:I,'平台消耗统计'!A:A,$E$2,'平台消耗统计'!C:C,A90) -> 20.43 | F90: =IFERROR(VLOOKUP(A90,'数据透视表'!J:N,5,FALSE),0) -> 0 | G90: =IFERROR((E90-F90)/F90,0) -> 0 | H90: 8/31暂停 | I90: /
A91: 9751142 | B91: com.alibaba.aliexpresshd | C91: Kwai | D91: BR | E91: =SUMIFS('平台消耗统计'!I:I,'平台消耗统计'!A:A,$E$2,'平台消耗统计'!C:C,A91) -> 17.89 | F91: =IFERROR(VLOOKUP(A91,'数据透视表'!J:N,5,FALSE),0) -> 0 | G91: =IFERROR((E91-F91)/F91,0) -> 0 | H91: 上新素材后曝光会上涨一些出点转化但是成本依旧很高压不下来了 感觉跑就是亏跟am沟通暂停回复先继续测试 | I91: 继续观察
A92: 91550294 | B92: com.okinc.okex.gp | C92: MTG | D92: US | E92: =SUMIFS('平台消耗统计'!I:I,'平台消耗统计'!A:A,$E$2,'平台消耗统计'!C:C,A92) -> 17.6 | F92: =IFERROR(VLOOKUP(A92,'数据透视表'!J:N,5,FALSE),0) -> 0 | G92: =IFERROR((E92-F92)/F92,0) -> 0 | H92: 8/26开投 | I92: /
A93: 11924259 | B93: blibli.mobile.commerce | C93: MTG | D93: ID | E93: =SUMIFS('平台消耗统计'!I:I,'平台消耗统计'!A:A,$E$2,'平台消耗统计'!C:C,A93) -> 16.44 | F93: =IFERROR(VLOOKUP(A93,'数据透视表'!J:N,5,FALSE),0) -> 0 | G93: =IFERROR((E93-F93)/F93,0) -> 0 | H93: 9.4新开订单 目前每天转化都在上涨 还没打满 | I93: 继续观察
A94: 91551415 | B94: com.ddup.zombiewaves.zw | C94: Eagllwin | D94: US | E94: =SUMIFS('平台消耗统计'!I:I,'平台消耗统计'!A:A,$E$2,'平台消耗统计'!C:C,A94) -> 16 | F94: =IFERROR(VLOOKUP(A94,'数据透视表'!J:N,5,FALSE),0) -> 0 | G94: =IFERROR((E94-F94)/F94,0) -> 0 | H94: 9/2暂停 | I94: /
A95: 8531973 | B95: com.king.candycrushsodasaga | C95: Mediago | D95: DE | E95: =SUMIFS('平台消耗统计'!I:I,'平台消耗统计'!A:A,$E$2,'平台消耗统计'!C:C,A95) -> 14.87 | F95: =IFERROR(VLOOKUP(A95,'数据透视表'!J:N,5,FALSE),0) -> 0 | G95: =IFERROR((E95-F95)/F95,0) -> 0 | H95: 已经提价到1块，但是还是没量 | I95: 继续更新素材和提价
A96: 8942077 | B96: com.wings.bene.ph | C96: MTG | D96: PH | E96: =SUMIFS('平台消耗统计'!I:I,'平台消耗统计'!A:A,$E$2,'平台消耗统计'!C:C,A96) -> 13.8 | F96: =IFERROR(VLOOKUP(A96,'数据透视表'!J:N,5,FALSE),0) -> 0 | G96: =IFERROR((E96-F96)/F96,0) -> 0 | H96: 9/4 已暂停
A97: 91556262 | B97: ru.dublgis.dgismobile | C97: MTG | D97: RU | E97: =SUMIFS('平台消耗统计'!I:I,'平台消耗统计'!A:A,$E$2,'平台消耗统计'!C:C,A97) -> 11.25 | F97: =IFERROR(VLOOKUP(A97,'数据透视表'!J:N,5,FALSE),0) -> 0 | G97: =IFERROR((E97-F97)/F97,0) -> 0 | H97: 9/4暂停 | I97: /
A98: 8670368 | B98: com.king.candycrushsodasaga | C98: Kwai | D98: BR | E98: =SUMIFS('平台消耗统计'!I:I,'平台消耗统计'!A:A,$E$2,'平台消耗统计'!C:C,A98) -> 8.89 | F98: =IFERROR(VLOOKUP(A98,'数据透视表'!J:N,5,FALSE),0) -> 0 | G98: =IFERROR((E98-F98)/F98,0) -> 0 | H98: 之前降价后量在缓慢上升到固定区间，这个价格没什么量 | I98: 继续观察
A99: 91554852 | B99: com.vuclip.viu | C99: Bigo | D99: ID | E99: =SUMIFS('平台消耗统计'!I:I,'平台消耗统计'!A:A,$E$2,'平台消耗统计'!C:C,A99) -> 8.5215 | F99: =IFERROR(VLOOKUP(A99,'数据透视表'!J:N,5,FALSE),0) -> 0 | G99: =IFERROR((E99-F99)/F99,0) -> 0 | H99: 8/31开投 | I99: /
A100: 10501490 | B100: tech.jm | C100: MTG | D100: RU | E100: =SUMIFS('平台消耗统计'!I:I,'平台消耗统计'!A:A,$E$2,'平台消耗统计'!C:C,A100) -> 8.06 | F100: =IFERROR(VLOOKUP(A100,'数据透视表'!J:N,5,FALSE),0) -> 0 | G100: =IFERROR((E100-F100)/F100,0) -> 0 | H100: 人群包订单，受人群包规模限制，不怎么有量
A101: 10815258 | B101: com.kubi.kucoin | C101: MTG | D101: RU | E101: =SUMIFS('平台消耗统计'!I:I,'平台消耗统计'!A:A,$E$2,'平台消耗统计'!C:C,A101) -> 7.917 | F101: =IFERROR(VLOOKUP(A101,'数据透视表'!J:N,5,FALSE),0) -> 0 | G101: =IFERROR((E101-F101)/F101,0) -> 0 | H101: 正常差值，提了子渠道的价格和优化的素材量起不来。持续观察看看
A102: 91538336 | B102: cn.com.vtmarkets | C102: MTG | D102: FR | E102: =SUMIFS('平台消耗统计'!I:I,'平台消耗统计'!A:A,$E$2,'平台消耗统计'!C:C,A102) -> 7.2 | F102: =IFERROR(VLOOKUP(A102,'数据透视表'!J:N,5,FALSE),0) -> 0 | G102: =IFERROR((E102-F102)/F102,0) -> 0 | H102: 9/1加价到0.8 | I102: 继续更新素材和提价
A103: 91557160 | B103: shorts.drama.video | C103: MTG | D103: BR | E103: =SUMIFS('平台消耗统计'!I:I,'平台消耗统计'!A:A,$E$2,'平台消耗统计'!C:C,A103) -> 7.2 | F103: =IFERROR(VLOOKUP(A103,'数据透视表'!J:N,5,FALSE),0) -> 0 | G103: =IFERROR((E103-F103)/F103,0) -> 0 | H103: 突然没量了 | I103: 问一下AM是否暂停
A104: 91554853 | B104: com.vuclip.viu | C104: Eagllwin | D104: ID | E104: =SUMIFS('平台消耗统计'!I:I,'平台消耗统计'!A:A,$E$2,'平台消耗统计'!C:C,A104) -> 6.902 | F104: =IFERROR(VLOOKUP(A104,'数据透视表'!J:N,5,FALSE),0) -> 0 | G104: =IFERROR((E104-F104)/F104,0) -> 0 | H104: 8/31暂停 | I104: /
A105: 91538301 | B105: com.vitastudio.mahjong | C105: MTG | D105: RU | E105: =SUMIFS('平台消耗统计'!I:I,'平台消耗统计'!A:A,$E$2,'平台消耗统计'!C:C,A105) -> 6.82 | F105: =IFERROR(VLOOKUP(A105,'数据透视表'!J:N,5,FALSE),0) -> 0 | G105: =IFERROR((E105-F105)/F105,0) -> 0 | H105: 人群包订单，受人群包规模限制，不怎么有量 | I105: 继续跑
A106: 91557333 | B106: ru.bkfon | C106: Bigo | D106: RU | E106: =SUMIFS('平台消耗统计'!I:I,'平台消耗统计'!A:A,$E$2,'平台消耗统计'!C:C,A106) -> 6.804 | F106: =IFERROR(VLOOKUP(A106,'数据透视表'!J:N,5,FALSE),0) -> 0 | G106: =IFERROR((E106-F106)/F106,0) -> 0 | H106: 09月03日开投，没有落地页，没有转化
A107: 6061077 | B107: ru.aliexpress.buyer | C107: MTG | D107: RU | E107: =SUMIFS('平台消耗统计'!I:I,'平台消耗统计'!A:A,$E$2,'平台消耗统计'!C:C,A107) -> 6.731 | F107: =IFERROR(VLOOKUP(A107,'数据透视表'!J:N,5,FALSE),0) -> 0 | G107: =IFERROR((E107-F107)/F107,0) -> 0 | H107: cpe订单，量降下来了前面成本超的有点多。 | I107: 上新的素材跑
A108: 91528810 | B108: daily.number.match.free.puzzle | C108: MTG | D108: RU | E108: =SUMIFS('平台消耗统计'!I:I,'平台消耗统计'!A:A,$E$2,'平台消耗统计'!C:C,A108) -> 6.2 | F108: =IFERROR(VLOOKUP(A108,'数据透视表'!J:N,5,FALSE),0) -> 0 | G108: =IFERROR((E108-F108)/F108,0) -> 0 | H108: 已经连续几天不出量了，9/7 已暂停
A109: 11924419 | B109: blibli.mobile.commerce | C109: Mediago | D109: ID | E109: =SUMIFS('平台消耗统计'!I:I,'平台消耗统计'!A:A,$E$2,'平台消耗统计'!C:C,A109) -> 6.16 | F109: =IFERROR(VLOOKUP(A109,'数据透视表'!J:N,5,FALSE),0) -> 0 | G109: =IFERROR((E109-F109)/F109,0) -> 0 | H109: 9.4新开订单 目前每天都只能转化三十个左右但成本很低 | I109: 先观察几天然后根据成本看能否提价拿多点量
A110: 91557161 | B110: ru.betboom.android | C110: Bigo | D110: RU | E110: =SUMIFS('平台消耗统计'!I:I,'平台消耗统计'!A:A,$E$2,'平台消耗统计'!C:C,A110) -> 5.7254 | F110: =IFERROR(VLOOKUP(A110,'数据透视表'!J:N,5,FALSE),0) -> 0 | G110: =IFERROR((E110-F110)/F110,0) -> 0 | H110: 09月03日开投，没有落地页，没有转化
A111: 11324493 | B111: com.king.candycrushsaga | C111: MTG | D111: TH | E111: =SUMIFS('平台消耗统计'!I:I,'平台消耗统计'!A:A,$E$2,'平台消耗统计'!C:C,A111) -> 5.18 | F111: =IFERROR(VLOOKUP(A111,'数据透视表'!J:N,5,FALSE),0) -> 0 | G111: =IFERROR((E111-F111)/F111,0) -> 0 | H111: 人群包订单，受人群包规模限制，不怎么有量 | I111: 优化子渠道和素材看看
A112: 91557162 | B112: com.olimpbk.app.bet | C112: Bigo | D112: RU | E112: =SUMIFS('平台消耗统计'!I:I,'平台消耗统计'!A:A,$E$2,'平台消耗统计'!C:C,A112) -> 5.0506 | F112: =IFERROR(VLOOKUP(A112,'数据透视表'!J:N,5,FALSE),0) -> 0 | G112: =IFERROR((E112-F112)/F112,0) -> 0 | H112: 09月03日开投，没有落地页，没有转化
...
